Workbook

Sheet Акт КС-2 8 граф
A1: =Source!B1 -> Smeta.RU (495) 974-1589
E2: Унифицированная форма № КС-2
E3: Утверждена постановлением Госкомстата России
E4: от 11.11.99. № 100
G6: Код
F7: Форма по ОКУД | G7: 0322005
G8: =IF(Source!AT15 <> "", Source!AT15, "")
A9: Инвестор | C9: =IF(Source!BA15 <> "", Source!BA15, IF(Source!AU15 <> "", Source!AU15, "")) | F9: по ОКПО
C10: организация, адрес, телефон, факс | G10: =IF(Source!AK15 <> "", Source!AK15, "") -> 39840615
A11: Заказчик | C11: =IF(Source!AX15<> "", Source!AX15, IF(Source!AJ15 <> "", Source!AJ15, "")) -> ООО "СЗ "Аркада" ИНН 5050115542 Юр. адрес: 141190, МО, г. Фрязино, ул. Вокзальная д.6а, офис 143 Тел/факс: 8(495) 995 59 06 | F11: по ОКПО | AE11: =IF(Source!AX15<> "", Source!AX15, IF(Source!AJ15 <> "", Source!AJ15, "")) -> ООО "СЗ "Аркада" ИНН 5050115542 Юр. адрес: 141190, МО, г. Фрязино, ул. Вокзальная д.6а, офис 143 Тел/факс: 8(495) 995 59 06
C12: организация, адрес, телефон, факс | G12: =IF(Source!AO15 <> "", Source!AO15, "")
A13: Подрядчик | C13: =IF(Source!AY15<> "", Source!AY15, IF(Source!AN15 <> "", Source!AN15, "")) -> ООО "Строительная компания", 141190, Московская область, г. Фрязино, ул. Вокзальная, д.6а, оф. 77 | F13: по ОКПО | AE13: =IF(Source!AY15<> "", Source!AY15, IF(Source!AN15 <> "", Source!AN15, "")) -> ООО "Строительная компания", 141190, Московская область, г. Фрязино, ул. Вокзальная, д.6а, оф. 77
C14: организация, адрес, телефон, факс | G14: =IF(Source!CO15 <> "", Source!CO15, "")
A15: Стройка | C15: "КЛЮКВЕННЫЙ" ДОГОВОР 4-КС-2019-КЛ от 18.03.2019 | AE15: "КЛЮКВЕННЫЙ" ДОГОВОР 4-КС-2019-КЛ от 18.03.2019
C16: наименование, адрес | G16: =IF(Source!CP15 <> "", Source!CP15, "")
A17: Объект | C17: =IF(Source!G12<>"Новый объект", Source!G12, "") -> "КЛЮКВЕННЫЙ" ДОГОВОР 4-КС-2019-КЛ от 18.03.2019 | AE17: =IF(Source!G12<>"Новый объект", Source!G12, "") -> "КЛЮКВЕННЫЙ" ДОГОВОР 4-КС-2019-КЛ от 18.03.2019
C18: наименование
D19: Вид деятельности по ОКДП | G19: =IF(Source!CQ15 <> "", Source!CQ15, "")
D20: Договор подряда | F20: номер | G20: =IF(Source!CR15 <> "", Source!CR15, "") -> 4/КС-2019/КЛ
F21: дата | G21: =IF(Source!CS15 <> 0, Source!CS15, "") -> 43542
F22: Вид операции | G22: =IF(Source!CT15 <> "", Source!CT15, "")
D24: Номер документа | E24: Дата составления | F24: Отчетный период
F25: с | G25: по
D26: =IF(Source!CN15 <> "", Source!CN15, "") | E26: =IF(Source!CX15 <> 0, Source!CX15, "") | F26: =IF(Source!CV15 <> 0, Source!CV15, "") -> 44013 | G26: =IF(Source!CW15 <> 0, Source!CW15, "") -> 44043
A28: AKT
A29: О ПРИЕМКЕ ВЫПОЛНЕННЫХ РАБОТ
A31: Сметная (договорная) стоимость в соответствии с договором подряда (субподряда) | F31: =(Source!P321/1000) -> 5228.5252 | H31: тыс.руб
A33: Номер | C33: Наименование работ | D33: Номер единичной расценки | E33: Единица измерения | F33: Выполнено работ
A34: по порядку | B34: поз. по смете | F34: Количество | G34: цена за единицу, руб | H34: стоимость, руб
A35: 1 | B35: 2 | C35: 3 | D35: 4 | E35: 5 | F35: 6 | G35: 7 | H35: 8
A37: =CONCATENATE("Локальная смета: ",IF(Source!G20<>"Новая локальная смета", Source!G20, "")) -> Локальная смета: локальная смета
A39: =CONCATENATE("Раздел: ",IF(Source!G24<>"Новый раздел", Source!G24, "")) -> Раздел: Раздел 1. Подготовка территории строительства и содержание строительной площадки | AF39: =CONCATENATE("Раздел: ",IF(Source!G24<>"Новый раздел", Source!G24, "")) -> Раздел: Раздел 1. Подготовка территории строительства и содержание строительной площадки
A40: 1 | B40: =Source!E31 -> 2 | C40: =Source!G31 -> Охрана объекта (24 месяца*45000руб.) | D40: =Source!F31 -> 1.2 | E40: =Source!H31 -> КОМПЛ | F40: =Source!I31 -> 0.0417 | G40: =Source!AB31 -> 1080000 | H40: =Source!O31 -> 45036 | T40: =Source!O31 -> 45036 | U40: =Source!P31 -> 0 | V40: =Source!S31 -> 45036 | W40: =Source!Q31 -> 0 | X40: =Source!R31 -> 0 | Y40: =Source!U31 -> 0 | Z40: =Source!V31 -> 0 | AA40: =Source!X31 -> 0 | AB40: =Source!Y31 -> 0
C42: =CONCATENATE("Итого по разделу: ",IF(Source!G35<>"Новый раздел", Source!G35, "")) -> Итого по разделу: Раздел 1. Подготовка территории строительства и содержание строительной площадки | H42: =IF(SUM(T39:T41)=0, "-", SUM(T39:T41)) -> 45036 | AG42: =CONCATENATE("Итого по разделу: ",IF(Source!G35<>"Новый раздел", Source!G35, "")) -> Итого по разделу: Раздел 1. Подготовка территории строительства и содержание строительной площадки
A46: =CONCATENATE("Раздел: ",IF(Source!G65<>"Новый раздел", Source!G65, "")) -> Раздел: Раздел 2. Основные объекты строительства
C48: =Source!G71 -> Конструктивные элементы ниже отм.0.000 | AC48: =Source!G71 -> Конструктивные элементы ниже отм.0.000
C50: =Source!G88 -> Конструктивные элементы выше отм.0.000 | AC50: =Source!G88 -> Конструктивные элементы выше отм.0.000
A51: 2 | B51: =Source!E96 -> 16 | C51: =Source!G96 -> Шахты монолитные (Ш1.2,Ш2.2,Ш1.3,Ш1.4) | D51: =Source!F96 -> 2.13 | E51: =Source!H96 -> КОМПЛ | F51: =Source!I96 -> 0.17 | G51: =Source!AB96 -> 11129971 | H51: =Source!O96 -> 1892095.1 | T51: =Source!O96 -> 1892095.1 | U51: =Source!P96 -> 0 | V51: =Source!S96 -> 1892095.1 | W51: =Source!Q96 -> 0 | X51: =Source!R96 -> 0 | Y51: =Source!U96 -> 0 | Z51: =Source!V96 -> 0 | AA51: =Source!X96 -> 0 | AB51: =Source!Y96 -> 0
A52: 3 | B52: =Source!E98 -> 17 | C52: =Source!G98 -> Лестницы межэтажные | D52: =Source!F98 -> 2.14 | E52: =Source!H98 -> КОМПЛ | F52: =Source!I98 -> 0.12 | G52: =Source!AB98 -> 6374296.6 | H52: =Source!O98 -> 764915.6 | T52: =Source!O98 -> 764915.6 | U52: =Source!P98 -> 0 | V52: =Source!S98 -> 764915.6 | W52: =Source!Q98 -> 0 | X52: =Source!R98 -> 0 | Y52: =Source!U98 -> 0 | Z52: =Source!V98 -> 0 | AA52: =Source!X98 -> 0 | AB52: =Source!Y98 -> 0
C54: =Source!G99 -> Наружные, внутренние стены и перегородки | AC54: =Source!G99 -> Наружные, внутренние стены и перегородки
A55: 4 | B55: =Source!E101 -> 18 | C55: =Source!G101 -> Стены наружные | D55: =Source!F101 -> 2.15 | E55: =Source!H101 -> КОМПЛ | F55: =Source!I101 -> 0.032 | G55: =Source!AB101 -> 77743545 | H55: =Source!O101 -> 2487793.4 | J55: откуда берется 77 743 544,52 когда в смете ДРУГАЯ ЦИФРА!!!!!!!!!! Это берется из смета РУ 73 213 655,21 | T55: =Source!O101 -> 2487793.4 | U55: =Source!P101 -> 0 | V55: =Source!S101 -> 2487793.4 | W55: =Source!Q101 -> 0 | X55: =Source!R101 -> 0 | Y55: =Source!U101 -> 0 | Z55: =Source!V101 -> 0 | AA55: =Source!X101 -> 0 | AB55: =Source!Y101 -> 0
A56: 5 | B56: =Source!E105 -> 20 | C56: =Source!G105 -> Перемычки | D56: =Source!F105 -> 2.17 | E56: =Source!H105 -> КОМПЛ | F56: =Source!I105 -> 0.01 | G56: =Source!AB105 -> 3868510.5 | H56: =Source!O105 -> 38685.1 | T56: =Source!O105 -> 38685.1 | U56: =Source!P105 -> 0 | V56: =Source!S105 -> 38685.1 | W56: =Source!Q105 -> 0 | X56: =Source!R105 -> 0 | Y56: =Source!U105 -> 0 | Z56: =Source!V105 -> 0 | AA56: =Source!X105 -> 0 | AB56: =Source!Y105 -> 0
C58: =Source!G108 -> Кровля | AC58: =Source!G108 -> Кровля
C60: =Source!G115 -> Проемы. | AC60: =Source!G115 -> Проемы.
C62: =Source!G122 -> Фасад | AC62: =Source!G122 -> Фасад
C64: =Source!G127
C66: =CONCATENATE("Итого по разделу: ",IF(Source!G151<>"Новый раздел", Source!G151, "")) -> Итого по разделу: Раздел 2. Основные объекты строительства | H66: =IF(SUM(T46:T65)=0, "-", SUM(T46:T65)) -> 5183489.2 | AG66: =CONCATENATE("Итого по разделу: ",IF(Source!G151<>"Новый раздел", Source!G151, "")) -> Итого по разделу: Раздел 2. Основные объекты строительства
A70: =CONCATENATE("Раздел: ",IF(Source!G181<>"Новый раздел", Source!G181, "")) -> Раздел: Раздел 3. Наружные сети и сооружения
C72: =CONCATENATE("Итого по разделу: ",IF(Source!G196<>"Новый раздел", Source!G196, "")) -> Итого по разделу: Раздел 3. Наружные сети и сооружения | H72: =IF(SUM(T70:T71)=0, "-", SUM(T70:T71)) -> - | AG72: =CONCATENATE("Итого по разделу: ",IF(Source!G196<>"Новый раздел", Source!G196, "")) -> Итого по разделу: Раздел 3. Наружные сети и сооружения
A76: =CONCATENATE("Раздел: ",IF(Source!G226<>"Новый раздел", Source!G226, "")) -> Раздел: Раздел 4. Объекты транспортного хозяйства и благоустройство
C78: =CONCATENATE("Итого по разделу: ",IF(Source!G233<>"Новый раздел", Source!G233, "")) -> Итого по разделу: Раздел 4. Объекты транспортного хозяйства и благоустройство | H78: =IF(SUM(T76:T77)=0, "-", SUM(T76:T77)) -> - | AG78: =CONCATENATE("Итого по разделу: ",IF(Source!G233<>"Новый раздел", Source!G233, "")) -> Итого по разделу: Раздел 4. Объекты транспортного хозяйства и благоустройство
C82: =CONCATENATE("Итого по локальной смете: ",IF(Source!G263<>"Новая локальная смета", Source!G263, "")) -> Итого по локальной смете: локальная смета | H82: =IF(SUM(T37:T81)=0, "-", SUM(T37:T81)) -> 5228525.2
C86: =CONCATENATE("Итого по акту: ",IF(Source!G293<>"Новый объект", Source!G293, "")) -> Итого по акту: "КЛЮКВЕННЫЙ" ДОГОВОР 4-КС-2019-КЛ от 18.03.2019 | H86: =IF(SUM(T1:T85)=0, "-", SUM(T1:T85)) -> 5228525.2 | AG86: =CONCATENATE("Итого по акту: ",IF(Source!G293<>"Новый объект", Source!G293, "")) -> Итого по акту: "КЛЮКВЕННЫЙ" ДОГОВОР 4-КС-2019-КЛ от 18.03.2019
C88: =Source!H323 -> Итого: | G88: =IF(Source!P323=0, "", Source!P323) -> 5228525.2
C89: =Source!H324 -> в т.ч. НДС 20% | G89: =IF(Source!P324=0, "", Source!P324) -> 871420.86
A92: Сдал | C92: =IF(Source!AC15<>"", Source!AC15," ") -> Зам. генерального директора | G92: =IF(Source!AB15<>"", Source!AB15," ") -> Г. Ж. Мурадян
C93: должность | E93: подпись | G93: расшифровка подпись
C95: М.П.
A97: Принял | C97: =IF(Source!AG15<>"", Source!AG15," ") -> Генеральный директор | G97: =IF(Source!AF15<>"", Source!AF15," ") -> Г.В. Агекян
C98: должность | E98: подпись | G98: расшифровка подпись
C100: М.П.

Sheet Source
A1: 0 | B1: Smeta.RU (495) 974-1589 | D1: _PS_ | F1: 0 | G1: 0 | H1: 0 | I1: Smeta.RU | K1: 0 | L1: 23404 | M1: 10 | N1: 11 | O1: 0 | P1: 1 | Q1: 6
A12: 1 | B12: 329 | C12: 0 | D12: =ROW(A293) -> 293 | E12: 0 | F12: Новый объект | G12: "КЛЮКВЕННЫЙ" ДОГОВОР 4-КС-2019-КЛ от 18.03.2019 | I12: 0 | K12: 0 | O12: 0 | P12: 0 | Q12: 0 | R12: 0 | S12: 0 | V12: 0 | AB12: Вороненко А. В. | AC12: Начальник СДО | AH12: Г.В. Агекян | AI12: Генеральный директор | AJ12: ООО "СЗ "Аркада" ИНН 5050115542 Юр. адрес: 141190, МО, г. Фрязино, ул. Вокзальная д.6а, офис 143 Тел/факс: 8(495) 995 59 06 | AL12: Г. Ж. Мурадян | AM12: Зам. генерального директора | AN12: ООО "Строительная компания", 141190, Московская область, г. Фрязино, ул. Вокзальная, д.6а, оф. 77 | AX12: ООО "СЗ "Аркада" ИНН 5050115542 Юр. адрес: 141190, МО, г. Фрязино, ул. Вокзальная д.6а, офис 143 Тел/факс: 8(495) 995 59 06 | AY12: ООО "Строительная компания", ИНН 5050117620. 141190, Московская область, г. Фрязино, ул. Вокзальная, д.6а, оф. 77 | BH12: Сметные нормы списания | BI12: Коды ценников | BJ12: 0 | BK12: 1 | BL12: 0 | BM12: 0 | BN12: 0 | BO12: 0 | BP12: 2 | BQ12: 2 | BR12: 0 | BS12: 0 | BT12: 0 | BU12: 0 | BV12: 0 | BW12: 0 | BX12: 0 | BZ12: Версия 5. Типовой расчёт (0,94) для норм 2001 года промышл без параметров | CF12: 0 | CG12: 0 | CH12: 8 | CK12: 0 | EC12: 0
A15: 61300291 | B15: 1 | C15: 2020 | D15: 7 | F15: Июль, 2020 г. | G15: КС-2 №9 Июль 2020 г | Q15: 0 | AB15: Г. Ж. Мурадян | AC15: Зам. генерального директора | AF15: Г.В. Агекян | AG15: Генеральный директор | AH15: Г.В. Агекян | AI15: Генеральный директор | AJ15: ООО "СЗ "Аркада" ИНН 5050115542 Юр. адрес: 141190, МО, г. Фрязино, ул. Вокзальная д.6а, офис 143 Тел/факс: 8(495) 995 59 06 | AK15: 39840615 | AL15: Г. Ж. Мурадян | AM15: Зам. генерального директора | AN15: ООО "Строительная компания", 141190, Московская область, г. Фрязино, ул. Вокзальная, д.6а, оф. 77 | AP15: Г. Ж. Мурадян | AQ15: Зам. генерального директора | AR15: ООО "Строительная компания", 141190, Московская область, г. Фрязино, ул. Вокзальная, д.6а, оф. 77 | AX15: ООО "СЗ "Аркада" ИНН 5050115542 Юр. адрес: 141190, МО, г. Фрязино, ул. Вокзальная д.6а, офис 143 Тел/факс: 8(495) 995 59 06 | AZ15: ООО "Строительная компания", ИНН 5050117620. 141190, Московская область, г. Фрязино, ул. Вокзальная, д.6а, оф. 77 | BH15: Сметные нормы списания | BI15: Сметные нормы списания | BJ15: 0 | BK15: 1 | BL15: 0 | BM15: 0 | BN15: 0 | BO15: 0 | BP15: 2 | BQ15: 2 | BR15: 0 | BS15: 0 | BT15: 0 | BU15: 0 | BV15: 0 | BW15: 0 | BX15: 0 | BZ15: Версия 5. Типовой расчёт (0,94) для норм 2001 года промышл без параметров | CF15: 0 | CH15: 8 | CK15: 0 | CL15: 0 | CM15: 0 | CR15: 4/КС-2019/КЛ | CS15: 43542 | CU15: 0 | CV15: 44013 | CW15: 44043 | CX15: 0 | EC15: 0
A18: 52 | B18: =B293 -> 329 | C18: =C293 -> 1 | D18: =D293 -> 12 | E18: =E293 -> 0 | F18: =F293 -> Новый объект | G18: =G293 -> "КЛЮКВЕННЫЙ" ДОГОВОР 4-КС-2019-КЛ от 18.03.2019 | O18: =O293 -> 5083568.7 | P18: =P293 -> 0 | Q18: =Q293 -> 0 | R18: =R293 -> 0 | S18: =S293 -> 5083568.7 | T18: =T293 -> 0 | U18: =U293 -> 0 | V18: =V293 -> 0 | ... GX18: =GX293 -> 0
A20: 3 | B20: 1 | D20: =ROW(A263) -> 263 | F20: Новая локальная смета | G20: локальная смета | I20: 0 | K20: -1 | V20: 0 | BX20: 0 | CF20: 0 | CG20: 0
A22: 52 | B22: =B263 -> 1 | C22: =C263 -> 3 | D22: =D263 -> 20 | E22: =E263 -> 0 | F22: =F263 -> Новая локальная смета | G22: =G263 -> локальная смета | O22: =O263 -> 5083568.7 | P22: =P263 -> 0 | Q22: =Q263 -> 0 | R22: =R263 -> 0 | S22: =S263 -> 5083568.7 | T22: =T263 -> 0 | U22: =U263 -> 0 | V22: =V263 -> 0 | ... GX22: =GX263 -> 0
A24: 4 | B24: 1 | D24: =ROW(A35) -> 35 | F24: Новый раздел | G24: Раздел 1. Подготовка территории строительства и содержание строительной площадки | I24: 0 | K24: 0 | V24: 0 | BX24: 0 | CJ24: 0
A26: 52 | B26: =B35 -> 1 | C26: =C35 -> 4 | D26: =D35 -> 24 | E26: =E35 -> 0 | F26: =F35 -> Новый раздел | G26: =G35 -> Раздел 1. Подготовка территории строительства и содержание строительной площадки | O26: =O35 -> 45036 | P26: =P35 -> 0 | Q26: =Q35 -> 0 | R26: =R35 -> 0 | S26: =S35 -> 45036 | T26: =T35 -> 0 | U26: =U35 -> 0 | V26: =V35 -> 0 | ... GX26: =GX35 -> 0
A28: 17 | B28: 1 | E28: 1 | F28: 1.1. | G28: Временные здания, перебазировка крана | H28: КОМПЛ | I28: 0 | J28: 0 | L28: 1 | M28: 1 | N28: =ROUND(L28-M28,4) -> 0 | O28: =ROUND(CP28,2) -> 0 | P28: =ROUND(CQ28*I28,2) -> 0 | Q28: =ROUND(CR28*I28,2) -> 0 | R28: =ROUND(CS28*I28,2) -> 0 | S28: =ROUND(CT28*I28,2) -> 0 | T28: =ROUND(CU28*I28,2) -> 0 | U28: =CV28*I28 -> 0 | V28: =CW28*I28 -> 0 | W28: =ROUND(CX28*I28,2) -> 0 | X28: =ROUND(CY28,2) -> 0 | Y28: =ROUND(CZ28,2) -> 0 | AA28: 58262852 | AB28: =ROUND((AC28+AD28+AF28),2) -> 2186825.4 | AC28: =ROUND((ES28),2) -> 0 | AD28: =ROUND((ET28),2) -> 0 | AE28: =ROUND((EU28),2) -> 0 | AF28: =ROUND((EV28),2) -> 2186825.4 | AG28: =ROUND((AP28),2) -> 0 | AH28: =(EW28) -> 0 | AI28: =(EX28) -> 0 | AJ28: =(AS28) -> 0 | AK28: 2186825.4 | AL28: 0 | AM28: 0 | AN28: 0 | AO28: 2186825.4 | AP28: 0 | AQ28: 0 | AR28: 0 | AS28: 0 | AT28: 0 | AU28: 0 | AV28: 1 | AW28: 1 | AZ28: 1 | BA28: 1 | BB28: 1 | BC28: 1 | BH28: 0 | BI28: 1 | BM28: 1211 | BN28: 0 | BP28: 0 | BQ28: 8 | BR28: 0 | BS28: 1 | BT28: 1 | BU28: 1 | BV28: 1 | BW28: 1 | BX28: 1 | BZ28: 0 | CA28: 0 | CE28: 0 | CF28: 0 | CG28: 0 | CH28: 1 | CI28: 0 | CJ28: 0 | CK28: 0 | CL28: 0 | CM28: 0 | CO28: 0 | CP28: =(P28+Q28+S28) -> 0 | CQ28: =AC28*BC28 -> 0 | CR28: =((AD28*BB28-(EU28)*BS28)+AE28*BS28) -> 0 | CS28: =AE28*BS28 -> 0 | CT28: =AF28*BA28 -> 2186825.4 | CU28: =AG28 -> 0 | CV28: =AH28 -> 0 | CW28: =AI28 -> 0 | CX28: =AJ28 -> 0 | CY28: =(((S28+R28)*FX28)/100) -> 0 | CZ28: =(((S28+R28)*CA28)/100) -> 0 | DN28: 0 | DO28: 0 | DP28: 1 | DQ28: 1 | DU28: 1013 | DV28: КОМПЛ | DW28: КОМПЛ | DX28: 1 | EE28: 58262974 | EF28: 8 | EG28: Материалы | EH28: 0 | EJ28: 1 | EK28: 1211 | EL28: Материал по прайсу | EM28: материалы | EQ28: 0 | ER28: 2186825.4 | ES28: 0 | ET28: 0 | EU28: 0 | EV28: 2186825.4 | EW28: 0 | EX28: 0 | EY28: 0 | FQ28: 0 | FR28: =ROUND(IF(AND(BH28=3,BI28=3),P28,0),2) -> 0 | FS28: 0 | FT28: *0,94 | FX28: 0 | FY28: 0 | GD28: 1 | GF28: 964743395 | GG28: 2 | GH28: 2 | GI28: 0 | GJ28: 0 | GK28: 0 | GL28: =ROUND(IF(AND(BH28=3,BI28=3,FS28<>0),P28,0),2) -> 0 | GM28: =ROUND(O28+X28+Y28,2)+GX28 -> 0 | GN28: =IF(OR(BI28=0,BI28=1),ROUND(O28+X28+Y28,2),0) -> 0 | GO28: =IF(BI28=2,ROUND(O28+X28+Y28,2),0) -> 0 | GP28: =IF(BI28=4,ROUND(O28+X28+Y28,2)+GX28,0) -> 0 | GR28: 0 | GS28: 4 | GT28: 0 | GV28: =ROUND((GT28),2) -> 0 | GW28: 1 | GX28: =ROUND(HC28*I28,2) -> 0 | HA28: 0 | HB28: 0 | HC28: =GV28*GW28 -> 0 | IK28: 0
A29: 17 | B29: 1 | E29: 1 | F29: 1.1. | G29: Временные здания, перебазировка крана | H29: КОМПЛ | I29: 0 | J29: 0 | L29: 1 | M29: 1 | N29: =ROUND(L29-M29,4) -> 0 | O29: =ROUND(CP29,2) -> 0 | P29: =ROUND(CQ29*I29,2) -> 0 | Q29: =ROUND(CR29*I29,2) -> 0 | R29: =ROUND(CS29*I29,2) -> 0 | S29: =ROUND(CT29*I29,2) -> 0 | T29: =ROUND(CU29*I29,2) -> 0 | U29: =CV29*I29 -> 0 | V29: =CW29*I29 -> 0 | W29: =ROUND(CX29*I29,2) -> 0 | X29: =ROUND(CY29,2) -> 0 | Y29: =ROUND(CZ29,2) -> 0 | AA29: 58262851 | AB29: =ROUND((AC29+AD29+AF29),2) -> 2186825.4 | AC29: =ROUND((ES29),2) -> 0 | AD29: =ROUND((ET29),2) -> 0 | AE29: =ROUND((EU29),2) -> 0 | AF29: =ROUND((EV29),2) -> 2186825.4 | AG29: =ROUND((AP29),2) -> 0 | AH29: =(EW29) -> 0 | AI29: =(EX29) -> 0 | AJ29: =(AS29) -> 0 | AK29: 2186825.4 | AL29: 0 | AM29: 0 | AN29: 0 | AO29: 2186825.4 | AP29: 0 | AQ29: 0 | AR29: 0 | AS29: 0 | AT29: 0 | AU29: 0 | AV29: 1 | AW29: 1 | AZ29: 1 | BA29: 1 | BB29: 1 | BC29: 1 | BH29: 0 | BI29: 1 | BM29: 1211 | BN29: 0 | BP29: 0 | BQ29: 8 | BR29: 0 | BS29: 1 | BT29: 1 | BU29: 1 | BV29: 1 | BW29: 1 | BX29: 1 | BZ29: 0 | CA29: 0 | CE29: 0 | CF29: 0 | CG29: 0 | CH29: 1 | CI29: 0 | CJ29: 0 | CK29: 0 | CL29: 0 | CM29: 0 | CO29: 0 | CP29: =(P29+Q29+S29) -> 0 | CQ29: =AC29*BC29 -> 0 | CR29: =((AD29*BB29-(EU29)*BS29)+AE29*BS29) -> 0 | CS29: =AE29*BS29 -> 0 | CT29: =AF29*BA29 -> 2186825.4 | CU29: =AG29 -> 0 | CV29: =AH29 -> 0 | CW29: =AI29 -> 0 | CX29: =AJ29 -> 0 | CY29: =(((S29+R29)*FX29)/100) -> 0 | CZ29: =(((S29+R29)*CA29)/100) -> 0 | DN29: 0 | DO29: 0 | DP29: 1 | DQ29: 1 | DU29: 1013 | DV29: КОМПЛ | DW29: КОМПЛ | DX29: 1 | EE29: 58262974 | EF29: 8 | EG29: Материалы | EH29: 0 | EJ29: 1 | EK29: 1211 | EL29: Материал по прайсу | EM29: материалы | EQ29: 0 | ER29: 2186825.4 | ES29: 0 | ET29: 0 | EU29: 0 | EV29: 2186825.4 | EW29: 0 | EX29: 0 | EY29: 0 | FQ29: 0 | FR29: =ROUND(IF(AND(BH29=3,BI29=3),P29,0),2) -> 0 | FS29: 0 | FT29: *0,94 | FX29: 0 | FY29: 0 | GD29: 1 | GF29: 964743395 | GG29: 2 | GH29: 2 | GI29: 0 | GJ29: 0 | GK29: 0 | GL29: =ROUND(IF(AND(BH29=3,BI29=3,FS29<>0),P29,0),2) -> 0 | GM29: =ROUND(O29+X29+Y29,2)+GX29 -> 0 | GN29: =IF(OR(BI29=0,BI29=1),ROUND(O29+X29+Y29,2),0) -> 0 | GO29: =IF(BI29=2,ROUND(O29+X29+Y29,2),0) -> 0 | GP29: =IF(BI29=4,ROUND(O29+X29+Y29,2)+GX29,0) -> 0 | GR29: 0 | GS29: 4 | GT29: 0 | GV29: =ROUND((GT29),2) -> 0 | GW29: 1 | GX29: =ROUND(HC29*I29,2) -> 0 | HA29: 0 | HB29: 0 | HC29: =GV29*GW29 -> 0 | IK29: 0
A30: 17 | B30: 1 | E30: 2 | F30: 1.2 | G30: Охрана объекта (24 месяца*45000руб.) | H30: КОМПЛ | I30: 0.0417 | J30: 0 | L30: 1 | M30: 0.58339967 | N30: =ROUND(L30-M30,4) -> 0.4166 | O30: =ROUND(CP30,2) -> 45036 | P30: =ROUND(CQ30*I30,2) -> 0 | Q30: =ROUND(CR30*I30,2) -> 0 | R30: =ROUND(CS30*I30,2) -> 0 | S30: =ROUND(CT30*I30,2) -> 45036 | T30: =ROUND(CU30*I30,2) -> 0 | U30: =CV30*I30 -> 0 | V30: =CW30*I30 -> 0 | W30: =ROUND(CX30*I30,2) -> 0 | X30: =ROUND(CY30,2) -> 0 | Y30: =ROUND(CZ30,2) -> 0 | AA30: 58262852 | AB30: =ROUND((AC30+AD30+AF30),2) -> 1080000 | AC30: =ROUND((ES30),2) -> 0 | AD30: =ROUND((ET30),2) -> 0 | AE30: =ROUND((EU30),2) -> 0 | AF30: =ROUND((EV30),2) -> 1080000 | AG30: =ROUND((AP30),2) -> 0 | AH30: =(EW30) -> 0 | AI30: =(EX30) -> 0 | AJ30: =(AS30) -> 0 | AK30: 1080000 | AL30: 0 | AM30: 0 | AN30: 0 | AO30: 1080000 | AP30: 0 | AQ30: 0 | AR30: 0 | AS30: 0 | AT30: 0 | AU30: 0 | AV30: 1 | AW30: 1 | AZ30: 1 | BA30: 1 | BB30: 1 | BC30: 1 | BH30: 0 | BI30: 1 | BM30: 1211 | BN30: 0 | BP30: 0 | BQ30: 8 | BR30: 0 | BS30: 1 | BT30: 1 | BU30: 1 | BV30: 1 | BW30: 1 | BX30: 1 | BZ30: 0 | CA30: 0 | CE30: 0 | CF30: 0 | CG30: 0 | CH30: 2 | CI30: 0 | CJ30: 0 | CK30: 0 | CL30: 0 | CM30: 0 | CO30: 0 | CP30: =(P30+Q30+S30) -> 45036 | CQ30: =AC30*BC30 -> 0 | CR30: =((AD30*BB30-(EU30)*BS30)+AE30*BS30) -> 0 | CS30: =AE30*BS30 -> 0 | CT30: =AF30*BA30 -> 1080000 | CU30: =AG30 -> 0 | CV30: =AH30 -> 0 | CW30: =AI30 -> 0 | CX30: =AJ30 -> 0 | CY30: =(((S30+R30)*FX30)/100) -> 0 | CZ30: =(((S30+R30)*CA30)/100) -> 0 | DN30: 0 | DO30: 0 | DP30: 1 | DQ30: 1 | DU30: 1013 | DV30: КОМПЛ | DW30: КОМПЛ | DX30: 1 | EE30: 58262974 | EF30: 8 | EG30: Материалы | EH30: 0 | EJ30: 1 | EK30: 1211 | EL30: Материал по прайсу | EM30: материалы | EQ30: 0 | ER30: 1080000 | ES30: 0 | ET30: 0 | EU30: 0 | EV30: 1080000 | EW30: 0 | EX30: 0 | EY30: 0 | FQ30: 0 | FR30: =ROUND(IF(AND(BH30=3,BI30=3),P30,0),2) -> 0 | FS30: 0 | FT30: *0,94 | FX30: 0 | FY30: 0 | GD30: 1 | GF30: 1628738907 | GG30: 2 | GH30: 2 | GI30: 0 | GJ30: 0 | GK30: 0 | GL30: =ROUND(IF(AND(BH30=3,BI30=3,FS30<>0),P30,0),2) -> 0 | GM30: =ROUND(O30+X30+Y30,2)+GX30 -> 45036 | GN30: =IF(OR(BI30=0,BI30=1),ROUND(O30+X30+Y30,2),0) -> 45036 | GO30: =IF(BI30=2,ROUND(O30+X30+Y30,2),0) -> 0 | GP30: =IF(BI30=4,ROUND(O30+X30+Y30,2)+GX30,0) -> 0 | GR30: 0 | GS30: 4 | GT30: 0 | GV30: =ROUND((GT30),2) -> 0 | GW30: 1 | GX30: =ROUND(HC30*I30,2) -> 0 | HA30: 0 | HB30: 0 | HC30: =GV30*GW30 -> 0 | IK30: 0
A31: 17 | B31: 1 | E31: 2 | F31: 1.2 | G31: Охрана объекта (24 месяца*45000руб.) | H31: КОМПЛ | I31: 0.0417 | J31: 0 | L31: 1 | M31: 0.58339967 | N31: =ROUND(L31-M31,4) -> 0.4166 | O31: =ROUND(CP31,2) -> 45036 | P31: =ROUND(CQ31*I31,2) -> 0 | Q31: =ROUND(CR31*I31,2) -> 0 | R31: =ROUND(CS31*I31,2) -> 0 | S31: =ROUND(CT31*I31,2) -> 45036 | T31: =ROUND(CU31*I31,2) -> 0 | U31: =CV31*I31 -> 0 | V31: =CW31*I31 -> 0 | W31: =ROUND(CX31*I31,2) -> 0 | X31: =ROUND(CY31,2) -> 0 | Y31: =ROUND(CZ31,2) -> 0 | AA31: 58262851 | AB31: =ROUND((AC31+AD31+AF31),2) -> 1080000 | AC31: =ROUND((ES31),2) -> 0 | AD31: =ROUND((ET31),2) -> 0 | AE31: =ROUND((EU31),2) -> 0 | AF31: =ROUND((EV31),2) -> 1080000 | AG31: =ROUND((AP31),2) -> 0 | AH31: =(EW31) -> 0 | AI31: =(EX31) -> 0 | AJ31: =(AS31) -> 0 | AK31: 1080000 | AL31: 0 | AM31: 0 | AN31: 0 | AO31: 1080000 | AP31: 0 | AQ31: 0 | AR31: 0 | AS31: 0 | AT31: 0 | AU31: 0 | AV31: 1 | AW31: 1 | AZ31: 1 | BA31: 1 | BB31: 1 | BC31: 1 | BH31: 0 | BI31: 1 | BM31: 1211 | BN31: 0 | BP31: 0 | BQ31: 8 | BR31: 0 | BS31: 1 | BT31: 1 | BU31: 1 | BV31: 1 | BW31: 1 | BX31: 1 | BZ31: 0 | CA31: 0 | CE31: 0 | CF31: 0 | CG31: 0 | CH31: 2 | CI31: 0 | CJ31: 0 | CK31: 0 | CL31: 0 | CM31: 0 | CO31: 0 | CP31: =(P31+Q31+S31) -> 45036 | CQ31: =AC31*BC31 -> 0 | CR31: =((AD31*BB31-(EU31)*BS31)+AE31*BS31) -> 0 | CS31: =AE31*BS31 -> 0 | CT31: =AF31*BA31 -> 1080000 | CU31: =AG31 -> 0 | CV31: =AH31 -> 0 | CW31: =AI31 -> 0 | CX31: =AJ31 -> 0 | CY31: =(((S31+R31)*FX31)/100) -> 0 | CZ31: =(((S31+R31)*CA31)/100) -> 0 | DN31: 0 | DO31: 0 | DP31: 1 | DQ31: 1 | DU31: 1013 | DV31: КОМПЛ | DW31: КОМПЛ | DX31: 1 | EE31: 58262974 | EF31: 8 | EG31: Материалы | EH31: 0 | EJ31: 1 | EK31: 1211 | EL31: Материал по прайсу | EM31: материалы | EQ31: 0 | ER31: 1080000 | ES31: 0 | ET31: 0 | EU31: 0 | EV31: 1080000 | EW31: 0 | EX31: 0 | EY31: 0 | FQ31: 0 | FR31: =ROUND(IF(AND(BH31=3,BI31=3),P31,0),2) -> 0 | FS31: 0 | FT31: *0,94 | FX31: 0 | FY31: 0 | GD31: 1 | GF31: 1628738907 | GG31: 2 | GH31: 2 | GI31: 0 | GJ31: 0 | GK31: 0 | GL31: =ROUND(IF(AND(BH31=3,BI31=3,FS31<>0),P31,0),2) -> 0 | GM31: =ROUND(O31+X31+Y31,2)+GX31 -> 45036 | GN31: =IF(OR(BI31=0,BI31=1),ROUND(O31+X31+Y31,2),0) -> 45036 | GO31: =IF(BI31=2,ROUND(O31+X31+Y31,2),0) -> 0 | GP31: =IF(BI31=4,ROUND(O31+X31+Y31,2)+GX31,0) -> 0 | GR31: 0 | GS31: 4 | GT31: 0 | GV31: =ROUND((GT31),2) -> 0 | GW31: 1 | GX31: =ROUND(HC31*I31,2) -> 0 | HA31: 0 | HB31: 0 | HC31: =GV31*GW31 -> 0 | IK31: 0
A32: 17 | B32: 1 | E32: 3 | F32: 1.3 | G32: - геодезические и гидрогеологические работы, разбивка осей здания и т. п., вынос коммуникаций из пятна застройки, вырубка деревьев | H32: КОМПЛ | I32: 0 | J32: 0 | L32: 1 | M32: 1 | N32: =ROUND(L32-M32,4) -> 0 | O32: =ROUND(CP32,2) -> 0 | P32: =ROUND(CQ32*I32,2) -> 0 | Q32: =ROUND(CR32*I32,2) -> 0 | R32: =ROUND(CS32*I32,2) -> 0 | S32: =ROUND(CT32*I32,2) -> 0 | T32: =ROUND(CU32*I32,2) -> 0 | U32: =CV32*I32 -> 0 | V32: =CW32*I32 -> 0 | W32: =ROUND(CX32*I32,2) -> 0 | X32: =ROUND(CY32,2) -> 0 | Y32: =ROUND(CZ32,2) -> 0 | AA32: 58262852 | AB32: =ROUND((AC32+AD32+AF32),2) -> 450000 | AC32: =ROUND((ES32),2) -> 0 | AD32: =ROUND((ET32),2) -> 0 | AE32: =ROUND((EU32),2) -> 0 | AF32: =ROUND((EV32),2) -> 450000 | AG32: =ROUND((AP32),2) -> 0 | AH32: =(EW32) -> 0 | AI32: =(EX32) -> 0 | AJ32: =(AS32) -> 0 | AK32: 450000 | AL32: 0 | AM32: 0 | AN32: 0 | AO32: 450000 | AP32: 0 | AQ32: 0 | AR32: 0 | AS32: 0 | AT32: 0 | AU32: 0 | AV32: 1 | AW32: 1 | AZ32: 1 | BA32: 1 | BB32: 1 | BC32: 1 | BH32: 0 | BI32: 1 | BM32: 1211 | BN32: 0 | BP32: 0 | BQ32: 8 | BR32: 0 | BS32: 1 | BT32: 1 | BU32: 1 | BV32: 1 | BW32: 1 | BX32: 1 | BZ32: 0 | CA32: 0 | CE32: 0 | CF32: 0 | CG32: 0 | CH32: 3 | CI32: 0 | CJ32: 0 | CK32: 0 | CL32: 0 | CM32: 0 | CO32: 0 | CP32: =(P32+Q32+S32) -> 0 | CQ32: =AC32*BC32 -> 0 | CR32: =((AD32*BB32-(EU32)*BS32)+AE32*BS32) -> 0 | CS32: =AE32*BS32 -> 0 | CT32: =AF32*BA32 -> 450000 | CU32: =AG32 -> 0 | CV32: =AH32 -> 0 | CW32: =AI32 -> 0 | CX32: =AJ32 -> 0 | CY32: =(((S32+R32)*FX32)/100) -> 0 | CZ32: =(((S32+R32)*CA32)/100) -> 0 | DN32: 0 | DO32: 0 | DP32: 1 | DQ32: 1 | DU32: 1013 | DV32: КОМПЛ | DW32: КОМПЛ | DX32: 1 | EE32: 58262974 | EF32: 8 | EG32: Материалы | EH32: 0 | EJ32: 1 | EK32: 1211 | EL32: Материал по прайсу | EM32: материалы | EQ32: 0 | ER32: 450000 | ES32: 0 | ET32: 0 | EU32: 0 | EV32: 450000 | EW32: 0 | EX32: 0 | EY32: 0 | FQ32: 0 | FR32: =ROUND(IF(AND(BH32=3,BI32=3),P32,0),2) -> 0 | FS32: 0 | FT32: *0,94 | FX32: 0 | FY32: 0 | GD32: 1 | GF32: 1450843093 | GG32: 2 | GH32: 2 | GI32: 0 | GJ32: 0 | GK32: 0 | GL32: =ROUND(IF(AND(BH32=3,BI32=3,FS32<>0),P32,0),2) -> 0 | GM32: =ROUND(O32+X32+Y32,2)+GX32 -> 0 | GN32: =IF(OR(BI32=0,BI32=1),ROUND(O32+X32+Y32,2),0) -> 0 | GO32: =IF(BI32=2,ROUND(O32+X32+Y32,2),0) -> 0 | GP32: =IF(BI32=4,ROUND(O32+X32+Y32,2)+GX32,0) -> 0 | GR32: 0 | GS32: 4 | GT32: 0 | GV32: =ROUND((GT32),2) -> 0 | GW32: 1 | GX32: =ROUND(HC32*I32,2) -> 0 | HA32: 0 | HB32: 0 | HC32: =GV32*GW32 -> 0 | IK32: 0
A33: 17 | B33: 1 | E33: 3 | F33: 1.3 | G33: - геодезические и гидрогеологические работы, разбивка осей здания и т. п., вынос коммуникаций из пятна застройки, вырубка деревьев | H33: КОМПЛ | I33: 0 | J33: 0 | L33: 1 | M33: 1 | N33: =ROUND(L33-M33,4) -> 0 | O33: =ROUND(CP33,2) -> 0 | P33: =ROUND(CQ33*I33,2) -> 0 | Q33: =ROUND(CR33*I33,2) -> 0 | R33: =ROUND(CS33*I33,2) -> 0 | S33: =ROUND(CT33*I33,2) -> 0 | T33: =ROUND(CU33*I33,2) -> 0 | U33: =CV33*I33 -> 0 | V33: =CW33*I33 -> 0 | W33: =ROUND(CX33*I33,2) -> 0 | X33: =ROUND(CY33,2) -> 0 | Y33: =ROUND(CZ33,2) -> 0 | AA33: 58262851 | AB33: =ROUND((AC33+AD33+AF33),2) -> 450000 | AC33: =ROUND((ES33),2) -> 0 | AD33: =ROUND((ET33),2) -> 0 | AE33: =ROUND((EU33),2) -> 0 | AF33: =ROUND((EV33),2) -> 450000 | AG33: =ROUND((AP33),2) -> 0 | AH33: =(EW33) -> 0 | AI33: =(EX33) -> 0 | AJ33: =(AS33) -> 0 | AK33: 450000 | AL33: 0 | AM33: 0 | AN33: 0 | AO33: 450000 | AP33: 0 | AQ33: 0 | AR33: 0 | AS33: 0 | AT33: 0 | AU33: 0 | AV33: 1 | AW33: 1 | AZ33: 1 | BA33: 1 | BB33: 1 | BC33: 1 | BH33: 0 | BI33: 1 | BM33: 1211 | BN33: 0 | BP33: 0 | BQ33: 8 | BR33: 0 | BS33: 1 | BT33: 1 | BU33: 1 | BV33: 1 | BW33: 1 | BX33: 1 | BZ33: 0 | CA33: 0 | CE33: 0 | CF33: 0 | CG33: 0 | CH33: 3 | CI33: 0 | CJ33: 0 | CK33: 0 | CL33: 0 | CM33: 0 | CO33: 0 | CP33: =(P33+Q33+S33) -> 0 | CQ33: =AC33*BC33 -> 0 | CR33: =((AD33*BB33-(EU33)*BS33)+AE33*BS33) -> 0 | CS33: =AE33*BS33 -> 0 | CT33: =AF33*BA33 -> 450000 | CU33: =AG33 -> 0 | CV33: =AH33 -> 0 | CW33: =AI33 -> 0 | CX33: =AJ33 -> 0 | CY33: =(((S33+R33)*FX33)/100) -> 0 | CZ33: =(((S33+R33)*CA33)/100) -> 0 | DN33: 0 | DO33: 0 | DP33: 1 | DQ33: 1 | DU33: 1013 | DV33: КОМПЛ | DW33: КОМПЛ | DX33: 1 | EE33: 58262974 | EF33: 8 | EG33: Материалы | EH33: 0 | EJ33: 1 | EK33: 1211 | EL33: Материал по прайсу | EM33: материалы | EQ33: 0 | ER33: 450000 | ES33: 0 | ET33: 0 | EU33: 0 | EV33: 450000 | EW33: 0 | EX33: 0 | EY33: 0 | FQ33: 0 | FR33: =ROUND(IF(AND(BH33=3,BI33=3),P33,0),2) -> 0 | FS33: 0 | FT33: *0,94 | FX33: 0 | FY33: 0 | GD33: 1 | GF33: 1450843093 | GG33: 2 | GH33: 2 | GI33: 0 | GJ33: 0 | GK33: 0 | GL33: =ROUND(IF(AND(BH33=3,BI33=3,FS33<>0),P33,0),2) -> 0 | GM33: =ROUND(O33+X33+Y33,2)+GX33 -> 0 | GN33: =IF(OR(BI33=0,BI33=1),ROUND(O33+X33+Y33,2),0) -> 0 | GO33: =IF(BI33=2,ROUND(O33+X33+Y33,2),0) -> 0 | GP33: =IF(BI33=4,ROUND(O33+X33+Y33,2)+GX33,0) -> 0 | GR33: 0 | GS33: 4 | GT33: 0 | GV33: =ROUND((GT33),2) -> 0 | GW33: 1 | GX33: =ROUND(HC33*I33,2) -> 0 | HA33: 0 | HB33: 0 | HC33: =GV33*GW33 -> 0 | IK33: 0
A35: 51 | B35: =B24 -> 1 | C35: =A24 -> 4 | D35: =ROW(A24) -> 24 | F35: =IF(F24<>"",F24,"") -> Новый раздел | G35: =IF(G24<>"",G24,"") -> Раздел 1. Подготовка территории строительства и содержание строительной площадки | H35: 0 | O35: =ROUND(AB35,2) -> 45036 | P35: =ROUND(AC35,2) -> 0 | Q35: =ROUND(AD35,2) -> 0 | R35: =ROUND(AE35,2) -> 0 | S35: =ROUND(AF35,2) -> 45036 | T35: =ROUND(AG35,2) -> 0 | U35: =AH35 -> 0 | V35: =AI35 -> 0 | W35: =ROUND(AJ35,2) -> 0 | X35: =ROUND(AK35,2) -> 0 | Y35: =ROUND(AL35,2) -> 0 | AB35: =ROUND(SUMIF(AA28:AA33,"=58262852",O28:O33),2) -> 45036 | AC35: =ROUND(SUMIF(AA28:AA33,"=58262852",P28:P33),2) -> 0 | AD35: =ROUND(SUMIF(AA28:AA33,"=58262852",Q28:Q33),2) -> 0 | AE35: =ROUND(SUMIF(AA28:AA33,"=58262852",R28:R33),2) -> 0 | AF35: =ROUND(SUMIF(AA28:AA33,"=58262852",S28:S33),2) -> 45036 | AG35: =ROUND(SUMIF(AA28:AA33,"=58262852",T28:T33),2) -> 0 | AH35: =SUMIF(AA28:AA33,"=58262852",U28:U33) -> 0 | AI35: =SUMIF(AA28:AA33,"=58262852",V28:V33) -> 0 | AJ35: =ROUND(SUMIF(AA28:AA33,"=58262852",W28:W33),2) -> 0 | AK35: =ROUND(SUMIF(AA28:AA33,"=58262852",X28:X33),2) -> 0 | AL35: =ROUND(SUMIF(AA28:AA33,"=58262852",Y28:Y33),2) -> 0 | AO35: =ROUND(BX35,2) -> 0 | AP35: =ROUND(BY35,2) -> 0 | AQ35: =ROUND(BZ35,2) -> 0 | AR35: =ROUND(CA35,2) -> 45036 | AS35: =ROUND(CB35,2) -> 45036 | AT35: =ROUND(CC35,2) -> 0 | AU35: =ROUND(CD35,2) -> 0 | AV35: =ROUND(CE35,2) -> 0 | ... BD35: =ROUND(CM35,2) -> 0 | BX35: =ROUND(SUMIF(AA28:AA33,"=58262852",FQ28:FQ33),2) -> 0 | BY35: =ROUND(SUMIF(AA28:AA33,"=58262852",FR28:FR33),2) -> 0 | BZ35: =ROUND(SUMIF(AA28:AA33,"=58262852",GL28:GL33),2) -> 0 | CA35: =ROUND(SUMIF(AA28:AA33,"=58262852",GM28:GM33),2) -> 45036 | CB35: =ROUND(SUMIF(AA28:AA33,"=58262852",GN28:GN33),2) -> 45036 | CC35: =ROUND(SUMIF(AA28:AA33,"=58262852",GO28:GO33),2) -> 0 | CD35: =ROUND(SUMIF(AA28:AA33,"=58262852",GP28:GP33),2) -> 0 | CE35: =AC35-BX35 -> 0 | CF35: =AC35-BY35 -> 0 | CG35: =BX35-BZ35 -> 0 | CH35: =AC35-BX35-BY35+BZ35 -> 0 | CI35: =BY35-BZ35 -> 0 | CJ35: =ROUND(SUMIF(AA28:AA33,"=58262852",GX28:GX33),2) -> 0 | CK35: =ROUND(SUMIF(AA28:AA33,"=58262852",GY28:GY33),2) -> 0 | CL35: =ROUND(SUMIF(AA28:AA33,"=58262852",GZ28:GZ33),2) -> 0 | CM35: =ROUND(SUMIF(AA28:AA33,"=58262852",HD28:HD33),2) -> 0 | DG35: =ROUND(DT35,2) -> 45036 | DH35: =ROUND(DU35,2) -> 0 | DI35: =ROUND(DV35,2) -> 0 | DJ35: =ROUND(DW35,2) -> 0 | DK35: =ROUND(DX35,2) -> 45036 | DL35: =ROUND(DY35,2) -> 0 | DM35: =DZ35 -> 0 | DN35: =EA35 -> 0 | DO35: =ROUND(EB35,2) -> 0 | DP35: =ROUND(EC35,2) -> 0 | DQ35: =ROUND(ED35,2) -> 0 | DT35: =ROUND(SUMIF(AA28:AA33,"=58262851",O28:O33),2) -> 45036 | DU35: =ROUND(SUMIF(AA28:AA33,"=58262851",P28:P33),2) -> 0 | DV35: =ROUND(SUMIF(AA28:AA33,"=58262851",Q28:Q33),2) -> 0 | DW35: =ROUND(SUMIF(AA28:AA33,"=58262851",R28:R33),2) -> 0 | DX35: =ROUND(SUMIF(AA28:AA33,"=58262851",S28:S33),2) -> 45036 | DY35: =ROUND(SUMIF(AA28:AA33,"=58262851",T28:T33),2) -> 0 | DZ35: =SUMIF(AA28:AA33,"=58262851",U28:U33) -> 0 | EA35: =SUMIF(AA28:AA33,"=58262851",V28:V33) -> 0 | EB35: =ROUND(SUMIF(AA28:AA33,"=58262851",W28:W33),2) -> 0 | EC35: =ROUND(SUMIF(AA28:AA33,"=58262851",X28:X33),2) -> 0 | ED35: =ROUND(SUMIF(AA28:AA33,"=58262851",Y28:Y33),2) -> 0 | EG35: =ROUND(FP35,2) -> 0 | EH35: =ROUND(FQ35,2) -> 0 | EI35: =ROUND(FR35,2) -> 0 | EJ35: =ROUND(FS35,2) -> 45036 | EK35: =ROUND(FT35,2) -> 45036 | EL35: =ROUND(FU35,2) -> 0 | EM35: =ROUND(FV35,2) -> 0 | EN35: =ROUND(FW35,2) -> 0 | ... EV35: =ROUND(GE35,2) -> 0 | FP35: =ROUND(SUMIF(AA28:AA33,"=58262851",FQ28:FQ33),2) -> 0 | FQ35: =ROUND(SUMIF(AA28:AA33,"=58262851",FR28:FR33),2) -> 0 | FR35: =ROUND(SUMIF(AA28:AA33,"=58262851",GL28:GL33),2) -> 0 | FS35: =ROUND(SUMIF(AA28:AA33,"=58262851",GM28:GM33),2) -> 45036 | FT35: =ROUND(SUMIF(AA28:AA33,"=58262851",GN28:GN33),2) -> 45036 | FU35: =ROUND(SUMIF(AA28:AA33,"=58262851",GO28:GO33),2) -> 0 | FV35: =ROUND(SUMIF(AA28:AA33,"=58262851",GP28:GP33),2) -> 0 | FW35: =DU35-FP35 -> 0 | FX35: =DU35-FQ35 -> 0 | FY35: =FP35-FR35 -> 0 | FZ35: =DU35-FP35-FQ35+FR35 -> 0 | GA35: =FQ35-FR35 -> 0 | GB35: =ROUND(SUMIF(AA28:AA33,"=58262851",GX28:GX33),2) -> 0 | GC35: =ROUND(SUMIF(AA28:AA33,"=58262851",GY28:GY33),2) -> 0 | GD35: =ROUND(SUMIF(AA28:AA33,"=58262851",GZ28:GZ33),2) -> 0 | GE35: =ROUND(SUMIF(AA28:AA33,"=58262851",HD28:HD33),2) -> 0 | GX35: 0
A37: 50 | B37: 0 | C37: 0 | D37: 1 | E37: 201 | F37: =ROUND(Source!O35,O37) -> 45036 | G37: ПЗ | H37: Прямые затраты | K37: -201 | L37: 1 | M37: 3 | O37: 2 | P37: =ROUND(Source!DG35,O37) -> 45036
A38: 50 | B38: 0 | C38: 0 | D38: 1 | E38: 202 | F38: =ROUND(Source!P35,O38) -> 0 | G38: СтМатОб | H38: Стоимость материальных ресурсов (всего) | K38: -202 | L38: 2 | M38: 3 | O38: 2 | P38: =ROUND(Source!DH35,O38) -> 0
A39: 50 | B39: 0 | C39: 0 | D39: 1 | E39: 222 | F39: =ROUND(Source!AO35,O39) -> 0 | G39: СтМатОбЗак | H39: Стоимость материалов и оборудования заказчика | K39: -222 | L39: 3 | M39: 3 | O39: 2 | P39: =ROUND(Source!EG35,O39) -> 0
A40: 50 | B40: 0 | C40: 0 | D40: 1 | E40: 225 | F40: =ROUND(Source!AV35,O40) -> 0 | G40: СтМатОбПод | H40: Стоимость материалов и оборудования подрядчика | K40: -225 | L40: 4 | M40: 3 | O40: 2 | P40: =ROUND(Source!EN35,O40) -> 0
A41: 50 | B41: 0 | C41: 0 | D41: 1 | E41: 226 | F41: =ROUND(Source!AW35,O41) -> 0 | G41: СтМат | H41: Стоимость материалов (всего) | K41: -226 | L41: 5 | M41: 3 | O41: 2 | P41: =ROUND(Source!EO35,O41) -> 0
A42: 50 | B42: 0 | C42: 0 | D42: 1 | E42: 227 | F42: =ROUND(Source!AX35,O42) -> 0 | G42: СтМатЗак | H42: Стоимость материалов заказчика | K42: -227 | L42: 6 | M42: 3 | O42: 2 | P42: =ROUND(Source!EP35,O42) -> 0
A43: 50 | B43: 0 | C43: 0 | D43: 1 | E43: 228 | F43: =ROUND(Source!AY35,O43) -> 0 | G43: СтМатПод | H43: Стоимость материалов подрядчика | K43: -228 | L43: 7 | M43: 3 | O43: 2 | P43: =ROUND(Source!EQ35,O43) -> 0
A44: 50 | B44: 0 | C44: 0 | D44: 1 | E44: 216 | F44: =ROUND(Source!AP35,O44) -> 0 | G44: Оборуд | H44: Стоимость оборудования (всего) | K44: -216 | L44: 8 | M44: 3 | O44: 2 | P44: =ROUND(Source!EH35,O44) -> 0
A45: 50 | B45: 0 | C45: 0 | D45: 1 | E45: 223 | F45: =ROUND(Source!AQ35,O45) -> 0 | G45: ОборудЗак | H45: Стоимость оборудования заказчика | K45: -223 | L45: 9 | M45: 3 | O45: 2 | P45: =ROUND(Source!EI35,O45) -> 0
A46: 50 | B46: 0 | C46: 0 | D46: 1 | E46: 229 | F46: =ROUND(Source!AZ35,O46) -> 0 | G46: ОборудПод | H46: Стоимость оборудования подрядчика | K46: -229 | L46: 10 | M46: 3 | O46: 2 | P46: =ROUND(Source!ER35,O46) -> 0
A47: 50 | B47: 0 | C47: 0 | D47: 1 | E47: 203 | F47: =ROUND(Source!Q35,O47) -> 0 | G47: ЭММ | H47: Эксплуатация машин | K47: -203 | L47: 11 | M47: 3 | O47: 2 | P47: =ROUND(Source!DI35,O47) -> 0
A48: 50 | B48: 0 | C48: 0 | D48: 1 | E48: 231 | F48: =ROUND(Source!BB35,O48) -> 0 | G48: ЭММсНРиСП | H48: Эксплуатация машин по ТСН-2001.16 | K48: -231 | L48: 12 | M48: 3 | O48: 2 | P48: =ROUND(Source!ET35,O48) -> 0
A49: 50 | B49: 0 | C49: 0 | D49: 1 | E49: 204 | F49: =ROUND(Source!R35,O49) -> 0 | G49: ЗПМ | H49: ЗП машинистов | K49: -204 | L49: 13 | M49: 3 | O49: 2 | P49: =ROUND(Source!DJ35,O49) -> 0
A50: 50 | B50: 0 | C50: 0 | D50: 1 | E50: 205 | F50: =ROUND(Source!S35,O50) -> 45036 | G50: ОЗП | H50: Основная ЗП рабочих | K50: -205 | L50: 14 | M50: 3 | O50: 2 | P50: =ROUND(Source!DK35,O50) -> 45036
A51: 50 | B51: 0 | C51: 0 | D51: 1 | E51: 232 | F51: =ROUND(Source!BC35,O51) -> 0 | G51: ОЗПсНРиСП | H51: Основная ЗП рабочих по ТСН-2001.16 | K51: -232 | L51: 15 | M51: 3 | O51: 2 | P51: =ROUND(Source!EU35,O51) -> 0
A52: 50 | B52: 0 | C52: 0 | D52: 1 | E52: 214 | F52: =ROUND(Source!AS35,O52) -> 45036 | G52: Строит | H52: Строительные работы с НР и СП | K52: -214 | L52: 16 | M52: 3 | O52: 2 | P52: =ROUND(Source!EK35,O52) -> 45036
A53: 50 | B53: 0 | C53: 0 | D53: 1 | E53: 215 | F53: =ROUND(Source!AT35,O53) -> 0 | G53: Монтаж | H53: Монтажные работы с НР и СП | K53: -215 | L53: 17 | M53: 3 | O53: 2 | P53: =ROUND(Source!EL35,O53) -> 0
A54: 50 | B54: 0 | C54: 0 | D54: 1 | E54: 217 | F54: =ROUND(Source!AU35,O54) -> 0 | G54: Прочие | H54: Прочие работы с НР и СП | K54: -217 | L54: 18 | M54: 3 | O54: 2 | P54: =ROUND(Source!EM35,O54) -> 0
A55: 50 | B55: 0 | C55: 0 | D55: 1 | E55: 230 | F55: =ROUND(Source!BA35,O55) -> 0 | G55: ПрочиеЗатр | H55: Прочие затраты по ТСН-2001.16 | K55: -230 | L55: 19 | M55: 3 | O55: 2 | P55: =ROUND(Source!ES35,O55) -> 0
A56: 50 | B56: 0 | C56: 0 | D56: 1 | E56: 206 | F56: =ROUND(Source!T35,O56) -> 0 | G56: ВозврМат | H56: Возврат материалов | K56: -206 | L56: 20 | M56: 3 | O56: 2 | P56: =ROUND(Source!DL35,O56) -> 0
A57: 50 | B57: 0 | C57: 0 | D57: 1 | E57: 207 | F57: =Source!U35 -> 0 | G57: ТрудСтр | H57: Трудозатраты строителей | K57: -207 | L57: 21 | M57: 3 | O57: -1 | P57: =Source!DM35 -> 0
A58: 50 | B58: 0 | C58: 0 | D58: 1 | E58: 208 | F58: =Source!V35 -> 0 | G58: ТрудМаш | H58: Трудозатраты машинистов | K58: -208 | L58: 22 | M58: 3 | O58: -1 | P58: =Source!DN35 -> 0
A59: 50 | B59: 0 | C59: 0 | D59: 1 | E59: 209 | F59: =ROUND(Source!W35,O59) -> 0 | G59: ТранспМат | H59: Транспорт материалов | K59: -209 | L59: 23 | M59: 3 | O59: 2 | P59: =ROUND(Source!DO35,O59) -> 0
A60: 50 | B60: 0 | C60: 0 | D60: 1 | E60: 233 | F60: =ROUND(Source!BD35,O60) -> 0 | G60: Перевозка | H60: Перевозка грузов | K60: -233 | L60: 24 | M60: 3 | O60: 2 | P60: =ROUND(Source!EV35,O60) -> 0
A61: 50 | B61: 0 | C61: 0 | D61: 1 | E61: 210 | F61: =ROUND(Source!X35,O61) -> 0 | G61: НР | H61: Накладные расходы | K61: -210 | L61: 25 | M61: 3 | O61: 2 | P61: =ROUND(Source!DP35,O61) -> 0
A62: 50 | B62: 0 | C62: 0 | D62: 1 | E62: 211 | F62: =ROUND(Source!Y35,O62) -> 0 | G62: СмПриб | H62: Сметная прибыль | K62: -211 | L62: 26 | M62: 3 | O62: 2 | P62: =ROUND(Source!DQ35,O62) -> 0
A63: 50 | B63: 0 | C63: 0 | D63: 1 | E63: 224 | F63: =ROUND(Source!AR35,O63) -> 45036 | G63: Всего | H63: Всего с НР и СП | K63: -224 | L63: 27 | M63: 3 | O63: 2 | P63: =ROUND(Source!EJ35,O63) -> 45036
A65: 4 | B65: 1 | D65: =ROW(A151) -> 151 | F65: Новый раздел | G65: Раздел 2. Основные объекты строительства | I65: 0 | K65: 0 | V65: 0 | BX65: 0 | CJ65: 0
A67: 52 | B67: =B151 -> 1 | C67: =C151 -> 4 | D67: =D151 -> 65 | E67: =E151 -> 0 | F67: =F151 -> Новый раздел | G67: =G151 -> Раздел 2. Основные объекты строительства | O67: =O151 -> 5038532.7 | P67: =P151 -> 0 | Q67: =Q151 -> 0 | R67: =R151 -> 0 | S67: =S151 -> 5038532.7 | T67: =T151 -> 0 | U67: =U151 -> 0 | V67: =V151 -> 0 | ... GX67: =GX151 -> 0
A69: 17 | B69: 1 | E69: 4 | F69: 2.1 | G69: Земляные работы | H69: КОМПЛ | I69: 0 | J69: 0 | L69: 1 | M69: 0.82 | N69: =ROUND(L69-M69,4) -> 0.18 | O69: =ROUND(CP69,2) -> 0 | P69: =ROUND(CQ69*I69,2) -> 0 | Q69: =ROUND(CR69*I69,2) -> 0 | R69: =ROUND(CS69*I69,2) -> 0 | S69: =ROUND(CT69*I69,2) -> 0 | T69: =ROUND(CU69*I69,2) -> 0 | U69: =CV69*I69 -> 0 | V69: =CW69*I69 -> 0 | W69: =ROUND(CX69*I69,2) -> 0 | X69: =ROUND(CY69,2) -> 0 | Y69: =ROUND(CZ69,2) -> 0 | AA69: 58262852 | AB69: =ROUND((AC69+AD69+AF69),2) -> 4183300 | AC69: =ROUND((ES69),2) -> 0 | AD69: =ROUND((ET69),2) -> 0 | AE69: =ROUND((EU69),2) -> 0 | AF69: =ROUND((EV69),2) -> 4183300 | AG69: =ROUND((AP69),2) -> 0 | AH69: =(EW69) -> 0 | AI69: =(EX69) -> 0 | AJ69: =(AS69) -> 0 | AK69: 4183300 | AL69: 0 | AM69: 0 | AN69: 0 | AO69: 4183300 | AP69: 0 | AQ69: 0 | AR69: 0 | AS69: 0 | AT69: 0 | AU69: 0 | AV69: 1 | AW69: 1 | AZ69: 1 | BA69: 1 | BB69: 1 | BC69: 1 | BH69: 0 | BI69: 1 | BM69: 1211 | BN69: 0 | BP69: 0 | BQ69: 8 | BR69: 0 | BS69: 1 | BT69: 1 | BU69: 1 | BV69: 1 | BW69: 1 | BX69: 1 | BZ69: 0 | CA69: 0 | CE69: 0 | CF69: 0 | CG69: 0 | CH69: 4 | CI69: 0 | CJ69: 0 | CK69: 0 | CL69: 0 | CM69: 0 | CO69: 0 | CP69: =(P69+Q69+S69) -> 0 | CQ69: =AC69*BC69 -> 0 | CR69: =((AD69*BB69-(EU69)*BS69)+AE69*BS69) -> 0 | CS69: =AE69*BS69 -> 0 | CT69: =AF69*BA69 -> 4183300 | CU69: =AG69 -> 0 | CV69: =AH69 -> 0 | CW69: =AI69 -> 0 | CX69: =AJ69 -> 0 | CY69: =(((S69+R69)*FX69)/100) -> 0 | CZ69: =(((S69+R69)*CA69)/100) -> 0 | DN69: 0 | DO69: 0 | DP69: 1 | DQ69: 1 | DU69: 1013 | DV69: КОМПЛ | DW69: КОМПЛ | DX69: 1 | EE69: 58262974 | EF69: 8 | EG69: Материалы | EH69: 0 | EJ69: 1 | EK69: 1211 | EL69: Материал по прайсу | EM69: материалы | EQ69: 0 | ER69: 4183300 | ES69: 0 | ET69: 0 | EU69: 0 | EV69: 4183300 | EW69: 0 | EX69: 0 | EY69: 0 | FQ69: 0 | FR69: =ROUND(IF(AND(BH69=3,BI69=3),P69,0),2) -> 0 | FS69: 0 | FT69: *0,94 | FX69: 0 | FY69: 0 | GD69: 1 | GF69: -664535006 | GG69: 2 | GH69: 2 | GI69: 0 | GJ69: 0 | GK69: 0 | GL69: =ROUND(IF(AND(BH69=3,BI69=3,FS69<>0),P69,0),2) -> 0 | GM69: =ROUND(O69+X69+Y69,2)+GX69 -> 0 | GN69: =IF(OR(BI69=0,BI69=1),ROUND(O69+X69+Y69,2),0) -> 0 | GO69: =IF(BI69=2,ROUND(O69+X69+Y69,2),0) -> 0 | GP69: =IF(BI69=4,ROUND(O69+X69+Y69,2)+GX69,0) -> 0 | GR69: 0 | GS69: 4 | GT69: 0 | GV69: =ROUND((GT69),2) -> 0 | GW69: 1 | GX69: =ROUND(HC69*I69,2) -> 0 | HA69: 0 | HB69: 0 | HC69: =GV69*GW69 -> 0 | IK69: 0
A70: 17 | B70: 1 | E70: 4 | F70: 2.1 | G70: Земляные работы | H70: КОМПЛ | I70: 0 | J70: 0 | L70: 1 | M70: 0.82 | N70: =ROUND(L70-M70,4) -> 0.18 | O70: =ROUND(CP70,2) -> 0 | P70: =ROUND(CQ70*I70,2) -> 0 | Q70: =ROUND(CR70*I70,2) -> 0 | R70: =ROUND(CS70*I70,2) -> 0 | S70: =ROUND(CT70*I70,2) -> 0 | T70: =ROUND(CU70*I70,2) -> 0 | U70: =CV70*I70 -> 0 | V70: =CW70*I70 -> 0 | W70: =ROUND(CX70*I70,2) -> 0 | X70: =ROUND(CY70,2) -> 0 | Y70: =ROUND(CZ70,2) -> 0 | AA70: 58262851 | AB70: =ROUND((AC70+AD70+AF70),2) -> 4183300 | AC70: =ROUND((ES70),2) -> 0 | AD70: =ROUND((ET70),2) -> 0 | AE70: =ROUND((EU70),2) -> 0 | AF70: =ROUND((EV70),2) -> 4183300 | AG70: =ROUND((AP70),2) -> 0 | AH70: =(EW70) -> 0 | AI70: =(EX70) -> 0 | AJ70: =(AS70) -> 0 | AK70: 4183300 | AL70: 0 | AM70: 0 | AN70: 0 | AO70: 4183300 | AP70: 0 | AQ70: 0 | AR70: 0 | AS70: 0 | AT70: 0 | AU70: 0 | AV70: 1 | AW70: 1 | AZ70: 1 | BA70: 1 | BB70: 1 | BC70: 1 | BH70: 0 | BI70: 1 | BM70: 1211 | BN70: 0 | BP70: 0 | BQ70: 8 | BR70: 0 | BS70: 1 | BT70: 1 | BU70: 1 | BV70: 1 | BW70: 1 | BX70: 1 | BZ70: 0 | CA70: 0 | CE70: 0 | CF70: 0 | CG70: 0 | CH70: 4 | CI70: 0 | CJ70: 0 | CK70: 0 | CL70: 0 | CM70: 0 | CO70: 0 | CP70: =(P70+Q70+S70) -> 0 | CQ70: =AC70*BC70 -> 0 | CR70: =((AD70*BB70-(EU70)*BS70)+AE70*BS70) -> 0 | CS70: =AE70*BS70 -> 0 | CT70: =AF70*BA70 -> 4183300 | CU70: =AG70 -> 0 | CV70: =AH70 -> 0 | CW70: =AI70 -> 0 | CX70: =AJ70 -> 0 | CY70: =(((S70+R70)*FX70)/100) -> 0 | CZ70: =(((S70+R70)*CA70)/100) -> 0 | DN70: 0 | DO70: 0 | DP70: 1 | DQ70: 1 | DU70: 1013 | DV70: КОМПЛ | DW70: КОМПЛ | DX70: 1 | EE70: 58262974 | EF70: 8 | EG70: Материалы | EH70: 0 | EJ70: 1 | EK70: 1211 | EL70: Материал по прайсу | EM70: материалы | EQ70: 0 | ER70: 4183300 | ES70: 0 | ET70: 0 | EU70: 0 | EV70: 4183300 | EW70: 0 | EX70: 0 | EY70: 0 | FQ70: 0 | FR70: =ROUND(IF(AND(BH70=3,BI70=3),P70,0),2) -> 0 | FS70: 0 | FT70: *0,94 | FX70: 0 | FY70: 0 | GD70: 1 | GF70: -664535006 | GG70: 2 | GH70: 2 | GI70: 0 | GJ70: 0 | GK70: 0 | GL70: =ROUND(IF(AND(BH70=3,BI70=3,FS70<>0),P70,0),2) -> 0 | GM70: =ROUND(O70+X70+Y70,2)+GX70 -> 0 | GN70: =IF(OR(BI70=0,BI70=1),ROUND(O70+X70+Y70,2),0) -> 0 | GO70: =IF(BI70=2,ROUND(O70+X70+Y70,2),0) -> 0 | GP70: =IF(BI70=4,ROUND(O70+X70+Y70,2)+GX70,0) -> 0 | GR70: 0 | GS70: 4 | GT70: 0 | GV70: =ROUND((GT70),2) -> 0 | GW70: 1 | GX70: =ROUND(HC70*I70,2) -> 0 | HA70: 0 | HB70: 0 | HC70: =GV70*GW70 -> 0 | IK70: 0
A71: 19 | B71: 1 | G71: Конструктивные элементы ниже отм.0.000 | AA71: 1 | IK71: 0
A72: 17 | B72: 1 | E72: 5 | F72: 2.2 | G72: Фундаментная плита Фп1, Фп2 | H72: КОМПЛ | I72: 0 | J72: 0 | L72: 1 | M72: 1 | N72: =ROUND(L72-M72,4) -> 0 | O72: =ROUND(CP72,2) -> 0 | P72: =ROUND(CQ72*I72,2) -> 0 | Q72: =ROUND(CR72*I72,2) -> 0 | R72: =ROUND(CS72*I72,2) -> 0 | S72: =ROUND(CT72*I72,2) -> 0 | T72: =ROUND(CU72*I72,2) -> 0 | U72: =CV72*I72 -> 0 | V72: =CW72*I72 -> 0 | W72: =ROUND(CX72*I72,2) -> 0 | X72: =ROUND(CY72,2) -> 0 | Y72: =ROUND(CZ72,2) -> 0 | AA72: 58262852 | AB72: =ROUND((AC72+AD72+AF72),2) -> 31961656 | AC72: =ROUND((ES72),2) -> 0 | AD72: =ROUND((ET72),2) -> 0 | AE72: =ROUND((EU72),2) -> 0 | AF72: =ROUND((EV72),2) -> 31961656 | AG72: =ROUND((AP72),2) -> 0 | AH72: =(EW72) -> 0 | AI72: =(EX72) -> 0 | AJ72: =(AS72) -> 0 | AK72: 31961656 | AL72: 0 | AM72: 0 | AN72: 0 | AO72: 31961656 | AP72: 0 | AQ72: 0 | AR72: 0 | AS72: 0 | AT72: 0 | AU72: 0 | AV72: 1 | AW72: 1 | AZ72: 1 | BA72: 1 | BB72: 1 | BC72: 1 | BH72: 0 | BI72: 1 | BM72: 1211 | BN72: 0 | BP72: 0 | BQ72: 8 | BR72: 0 | BS72: 1 | BT72: 1 | BU72: 1 | BV72: 1 | BW72: 1 | BX72: 1 | BZ72: 0 | CA72: 0 | CE72: 0 | CF72: 0 | CG72: 0 | CH72: 5 | CI72: 0 | CJ72: 0 | CK72: 0 | CL72: 0 | CM72: 0 | CO72: 0 | CP72: =(P72+Q72+S72) -> 0 | CQ72: =AC72*BC72 -> 0 | CR72: =((AD72*BB72-(EU72)*BS72)+AE72*BS72) -> 0 | CS72: =AE72*BS72 -> 0 | CT72: =AF72*BA72 -> 31961656 | CU72: =AG72 -> 0 | CV72: =AH72 -> 0 | CW72: =AI72 -> 0 | CX72: =AJ72 -> 0 | CY72: =(((S72+R72)*FX72)/100) -> 0 | CZ72: =(((S72+R72)*CA72)/100) -> 0 | DN72: 0 | DO72: 0 | DP72: 1 | DQ72: 1 | DU72: 1013 | DV72: КОМПЛ | DW72: КОМПЛ | DX72: 1 | EE72: 58262974 | EF72: 8 | EG72: Материалы | EH72: 0 | EJ72: 1 | EK72: 1211 | EL72: Материал по прайсу | EM72: материалы | EQ72: 0 | ER72: 31961656 | ES72: 0 | ET72: 0 | EU72: 0 | EV72: 31961656 | EW72: 0 | EX72: 0 | EY72: 0 | FQ72: 0 | FR72: =ROUND(IF(AND(BH72=3,BI72=3),P72,0),2) -> 0 | FS72: 0 | FT72: *0,94 | FX72: 0 | FY72: 0 | GD72: 1 | GF72: -1570154922 | GG72: 2 | GH72: 2 | GI72: 0 | GJ72: 0 | GK72: 0 | GL72: =ROUND(IF(AND(BH72=3,BI72=3,FS72<>0),P72,0),2) -> 0 | GM72: =ROUND(O72+X72+Y72,2)+GX72 -> 0 | GN72: =IF(OR(BI72=0,BI72=1),ROUND(O72+X72+Y72,2),0) -> 0 | GO72: =IF(BI72=2,ROUND(O72+X72+Y72,2),0) -> 0 | GP72: =IF(BI72=4,ROUND(O72+X72+Y72,2)+GX72,0) -> 0 | GR72: 0 | GS72: 4 | GT72: 0 | GV72: =ROUND((GT72),2) -> 0 | GW72: 1 | GX72: =ROUND(HC72*I72,2) -> 0 | HA72: 0 | HB72: 0 | HC72: =GV72*GW72 -> 0 | IK72: 0
A73: 17 | B73: 1 | E73: 5 | F73: 2.2 | G73: Фундаментная плита Фп1, Фп2 | H73: КОМПЛ | I73: 0 | J73: 0 | L73: 1 | M73: 1 | N73: =ROUND(L73-M73,4) -> 0 | O73: =ROUND(CP73,2) -> 0 | P73: =ROUND(CQ73*I73,2) -> 0 | Q73: =ROUND(CR73*I73,2) -> 0 | R73: =ROUND(CS73*I73,2) -> 0 | S73: =ROUND(CT73*I73,2) -> 0 | T73: =ROUND(CU73*I73,2) -> 0 | U73: =CV73*I73 -> 0 | V73: =CW73*I73 -> 0 | W73: =ROUND(CX73*I73,2) -> 0 | X73: =ROUND(CY73,2) -> 0 | Y73: =ROUND(CZ73,2) -> 0 | AA73: 58262851 | AB73: =ROUND((AC73+AD73+AF73),2) -> 31961656 | AC73: =ROUND((ES73),2) -> 0 | AD73: =ROUND((ET73),2) -> 0 | AE73: =ROUND((EU73),2) -> 0 | AF73: =ROUND((EV73),2) -> 31961656 | AG73: =ROUND((AP73),2) -> 0 | AH73: =(EW73) -> 0 | AI73: =(EX73) -> 0 | AJ73: =(AS73) -> 0 | AK73: 31961656 | AL73: 0 | AM73: 0 | AN73: 0 | AO73: 31961656 | AP73: 0 | AQ73: 0 | AR73: 0 | AS73: 0 | AT73: 0 | AU73: 0 | AV73: 1 | AW73: 1 | AZ73: 1 | BA73: 1 | BB73: 1 | BC73: 1 | BH73: 0 | BI73: 1 | BM73: 1211 | BN73: 0 | BP73: 0 | BQ73: 8 | BR73: 0 | BS73: 1 | BT73: 1 | BU73: 1 | BV73: 1 | BW73: 1 | BX73: 1 | BZ73: 0 | CA73: 0 | CE73: 0 | CF73: 0 | CG73: 0 | CH73: 5 | CI73: 0 | CJ73: 0 | CK73: 0 | CL73: 0 | CM73: 0 | CO73: 0 | CP73: =(P73+Q73+S73) -> 0 | CQ73: =AC73*BC73 -> 0 | CR73: =((AD73*BB73-(EU73)*BS73)+AE73*BS73) -> 0 | CS73: =AE73*BS73 -> 0 | CT73: =AF73*BA73 -> 31961656 | CU73: =AG73 -> 0 | CV73: =AH73 -> 0 | CW73: =AI73 -> 0 | CX73: =AJ73 -> 0 | CY73: =(((S73+R73)*FX73)/100) -> 0 | CZ73: =(((S73+R73)*CA73)/100) -> 0 | DN73: 0 | DO73: 0 | DP73: 1 | DQ73: 1 | DU73: 1013 | DV73: КОМПЛ | DW73: КОМПЛ | DX73: 1 | EE73: 58262974 | EF73: 8 | EG73: Материалы | EH73: 0 | EJ73: 1 | EK73: 1211 | EL73: Материал по прайсу | EM73: материалы | EQ73: 0 | ER73: 31961656 | ES73: 0 | ET73: 0 | EU73: 0 | EV73: 31961656 | EW73: 0 | EX73: 0 | EY73: 0 | FQ73: 0 | FR73: =ROUND(IF(AND(BH73=3,BI73=3),P73,0),2) -> 0 | FS73: 0 | FT73: *0,94 | FX73: 0 | FY73: 0 | GD73: 1 | GF73: -1570154922 | GG73: 2 | GH73: 2 | GI73: 0 | GJ73: 0 | GK73: 0 | GL73: =ROUND(IF(AND(BH73=3,BI73=3,FS73<>0),P73,0),2) -> 0 | GM73: =ROUND(O73+X73+Y73,2)+GX73 -> 0 | GN73: =IF(OR(BI73=0,BI73=1),ROUND(O73+X73+Y73,2),0) -> 0 | GO73: =IF(BI73=2,ROUND(O73+X73+Y73,2),0) -> 0 | GP73: =IF(BI73=4,ROUND(O73+X73+Y73,2)+GX73,0) -> 0 | GR73: 0 | GS73: 4 | GT73: 0 | GV73: =ROUND((GT73),2) -> 0 | GW73: 1 | GX73: =ROUND(HC73*I73,2) -> 0 | HA73: 0 | HB73: 0 | HC73: =GV73*GW73 -> 0 | IK73: 0
A74: 17 | B74: 1 | E74: 6 | F74: 2.3 | G74: Колонны монолитные | H74: КОМПЛ | I74: 0 | J74: 0 | L74: 1 | M74: 0.99 | N74: =ROUND(L74-M74,4) -> 0.01 | O74: =ROUND(CP74,2) -> 0 | P74: =ROUND(CQ74*I74,2) -> 0 | Q74: =ROUND(CR74*I74,2) -> 0 | R74: =ROUND(CS74*I74,2) -> 0 | S74: =ROUND(CT74*I74,2) -> 0 | T74: =ROUND(CU74*I74,2) -> 0 | U74: =CV74*I74 -> 0 | V74: =CW74*I74 -> 0 | W74: =ROUND(CX74*I74,2) -> 0 | X74: =ROUND(CY74,2) -> 0 | Y74: =ROUND(CZ74,2) -> 0 | AA74: 58262852 | AB74: =ROUND((AC74+AD74+AF74),2) -> 3041275.5 | AC74: =ROUND((ES74),2) -> 0 | AD74: =ROUND((ET74),2) -> 0 | AE74: =ROUND((EU74),2) -> 0 | AF74: =ROUND((EV74),2) -> 3041275.5 | AG74: =ROUND((AP74),2) -> 0 | AH74: =(EW74) -> 0 | AI74: =(EX74) -> 0 | AJ74: =(AS74) -> 0 | AK74: 3041275.5 | AL74: 0 | AM74: 0 | AN74: 0 | AO74: 3041275.5 | AP74: 0 | AQ74: 0 | AR74: 0 | AS74: 0 | AT74: 0 | AU74: 0 | AV74: 1 | AW74: 1 | AZ74: 1 | BA74: 1 | BB74: 1 | BC74: 1 | BH74: 0 | BI74: 1 | BM74: 1211 | BN74: 0 | BP74: 0 | BQ74: 8 | BR74: 0 | BS74: 1 | BT74: 1 | BU74: 1 | BV74: 1 | BW74: 1 | BX74: 1 | BZ74: 0 | CA74: 0 | CE74: 0 | CF74: 0 | CG74: 0 | CH74: 6 | CI74: 0 | CJ74: 0 | CK74: 0 | CL74: 0 | CM74: 0 | CO74: 0 | CP74: =(P74+Q74+S74) -> 0 | CQ74: =AC74*BC74 -> 0 | CR74: =((AD74*BB74-(EU74)*BS74)+AE74*BS74) -> 0 | CS74: =AE74*BS74 -> 0 | CT74: =AF74*BA74 -> 3041275.5 | CU74: =AG74 -> 0 | CV74: =AH74 -> 0 | CW74: =AI74 -> 0 | CX74: =AJ74 -> 0 | CY74: =(((S74+R74)*FX74)/100) -> 0 | CZ74: =(((S74+R74)*CA74)/100) -> 0 | DN74: 0 | DO74: 0 | DP74: 1 | DQ74: 1 | DU74: 1013 | DV74: КОМПЛ | DW74: КОМПЛ | DX74: 1 | EE74: 58262974 | EF74: 8 | EG74: Материалы | EH74: 0 | EJ74: 1 | EK74: 1211 | EL74: Материал по прайсу | EM74: материалы | EQ74: 0 | ER74: 3041275.5 | ES74: 0 | ET74: 0 | EU74: 0 | EV74: 3041275.5 | EW74: 0 | EX74: 0 | EY74: 0 | FQ74: 0 | FR74: =ROUND(IF(AND(BH74=3,BI74=3),P74,0),2) -> 0 | FS74: 0 | FT74: *0,94 | FX74: 0 | FY74: 0 | GD74: 1 | GF74: 1255111155 | GG74: 2 | GH74: 2 | GI74: 0 | GJ74: 0 | GK74: 0 | GL74: =ROUND(IF(AND(BH74=3,BI74=3,FS74<>0),P74,0),2) -> 0 | GM74: =ROUND(O74+X74+Y74,2)+GX74 -> 0 | GN74: =IF(OR(BI74=0,BI74=1),ROUND(O74+X74+Y74,2),0) -> 0 | GO74: =IF(BI74=2,ROUND(O74+X74+Y74,2),0) -> 0 | GP74: =IF(BI74=4,ROUND(O74+X74+Y74,2)+GX74,0) -> 0 | GR74: 0 | GS74: 4 | GT74: 0 | GV74: =ROUND((GT74),2) -> 0 | GW74: 1 | GX74: =ROUND(HC74*I74,2) -> 0 | HA74: 0 | HB74: 0 | HC74: =GV74*GW74 -> 0 | IK74: 0
A75: 17 | B75: 1 | E75: 6 | F75: 2.3 | G75: Колонны монолитные | H75: КОМПЛ | I75: 0 | J75: 0 | L75: 1 | M75: 0.99 | N75: =ROUND(L75-M75,4) -> 0.01 | O75: =ROUND(CP75,2) -> 0 | P75: =ROUND(CQ75*I75,2) -> 0 | Q75: =ROUND(CR75*I75,2) -> 0 | R75: =ROUND(CS75*I75,2) -> 0 | S75: =ROUND(CT75*I75,2) -> 0 | T75: =ROUND(CU75*I75,2) -> 0 | U75: =CV75*I75 -> 0 | V75: =CW75*I75 -> 0 | W75: =ROUND(CX75*I75,2) -> 0 | X75: =ROUND(CY75,2) -> 0 | Y75: =ROUND(CZ75,2) -> 0 | AA75: 58262851 | AB75: =ROUND((AC75+AD75+AF75),2) -> 3041275.5 | AC75: =ROUND((ES75),2) -> 0 | AD75: =ROUND((ET75),2) -> 0 | AE75: =ROUND((EU75),2) -> 0 | AF75: =ROUND((EV75),2) -> 3041275.5 | AG75: =ROUND((AP75),2) -> 0 | AH75: =(EW75) -> 0 | AI75: =(EX75) -> 0 | AJ75: =(AS75) -> 0 | AK75: 3041275.5 | AL75: 0 | AM75: 0 | AN75: 0 | AO75: 3041275.5 | AP75: 0 | AQ75: 0 | AR75: 0 | AS75: 0 | AT75: 0 | AU75: 0 | AV75: 1 | AW75: 1 | AZ75: 1 | BA75: 1 | BB75: 1 | BC75: 1 | BH75: 0 | BI75: 1 | BM75: 1211 | BN75: 0 | BP75: 0 | BQ75: 8 | BR75: 0 | BS75: 1 | BT75: 1 | BU75: 1 | BV75: 1 | BW75: 1 | BX75: 1 | BZ75: 0 | CA75: 0 | CE75: 0 | CF75: 0 | CG75: 0 | CH75: 6 | CI75: 0 | CJ75: 0 | CK75: 0 | CL75: 0 | CM75: 0 | CO75: 0 | CP75: =(P75+Q75+S75) -> 0 | CQ75: =AC75*BC75 -> 0 | CR75: =((AD75*BB75-(EU75)*BS75)+AE75*BS75) -> 0 | CS75: =AE75*BS75 -> 0 | CT75: =AF75*BA75 -> 3041275.5 | CU75: =AG75 -> 0 | CV75: =AH75 -> 0 | CW75: =AI75 -> 0 | CX75: =AJ75 -> 0 | CY75: =(((S75+R75)*FX75)/100) -> 0 | CZ75: =(((S75+R75)*CA75)/100) -> 0 | DN75: 0 | DO75: 0 | DP75: 1 | DQ75: 1 | DU75: 1013 | DV75: КОМПЛ | DW75: КОМПЛ | DX75: 1 | EE75: 58262974 | EF75: 8 | EG75: Материалы | EH75: 0 | EJ75: 1 | EK75: 1211 | EL75: Материал по прайсу | EM75: материалы | EQ75: 0 | ER75: 3041275.5 | ES75: 0 | ET75: 0 | EU75: 0 | EV75: 3041275.5 | EW75: 0 | EX75: 0 | EY75: 0 | FQ75: 0 | FR75: =ROUND(IF(AND(BH75=3,BI75=3),P75,0),2) -> 0 | FS75: 0 | FT75: *0,94 | FX75: 0 | FY75: 0 | GD75: 1 | GF75: 1255111155 | GG75: 2 | GH75: 2 | GI75: 0 | GJ75: 0 | GK75: 0 | GL75: =ROUND(IF(AND(BH75=3,BI75=3,FS75<>0),P75,0),2) -> 0 | GM75: =ROUND(O75+X75+Y75,2)+GX75 -> 0 | GN75: =IF(OR(BI75=0,BI75=1),ROUND(O75+X75+Y75,2),0) -> 0 | GO75: =IF(BI75=2,ROUND(O75+X75+Y75,2),0) -> 0 | GP75: =IF(BI75=4,ROUND(O75+X75+Y75,2)+GX75,0) -> 0 | GR75: 0 | GS75: 4 | GT75: 0 | GV75: =ROUND((GT75),2) -> 0 | GW75: 1 | GX75: =ROUND(HC75*I75,2) -> 0 | HA75: 0 | HB75: 0 | HC75: =GV75*GW75 -> 0 | IK75: 0
A76: 17 | B76: 1 | E76: 7 | F76: 2.4 | G76: Стены монолитные | H76: КОМПЛ | I76: 0 | J76: 0 | L76: 1 | M76: 0.99 | N76: =ROUND(L76-M76,4) -> 0.01 | O76: =ROUND(CP76,2) -> 0 | P76: =ROUND(CQ76*I76,2) -> 0 | Q76: =ROUND(CR76*I76,2) -> 0 | R76: =ROUND(CS76*I76,2) -> 0 | S76: =ROUND(CT76*I76,2) -> 0 | T76: =ROUND(CU76*I76,2) -> 0 | U76: =CV76*I76 -> 0 | V76: =CW76*I76 -> 0 | W76: =ROUND(CX76*I76,2) -> 0 | X76: =ROUND(CY76,2) -> 0 | Y76: =ROUND(CZ76,2) -> 0 | AA76: 58262852 | AB76: =ROUND((AC76+AD76+AF76),2) -> 8942583 | AC76: =ROUND((ES76),2) -> 0 | AD76: =ROUND((ET76),2) -> 0 | AE76: =ROUND((EU76),2) -> 0 | AF76: =ROUND((EV76),2) -> 8942583 | AG76: =ROUND((AP76),2) -> 0 | AH76: =(EW76) -> 0 | AI76: =(EX76) -> 0 | AJ76: =(AS76) -> 0 | AK76: 8942583 | AL76: 0 | AM76: 0 | AN76: 0 | AO76: 8942583 | AP76: 0 | AQ76: 0 | AR76: 0 | AS76: 0 | AT76: 0 | AU76: 0 | AV76: 1 | AW76: 1 | AZ76: 1 | BA76: 1 | BB76: 1 | BC76: 1 | BH76: 0 | BI76: 1 | BM76: 1211 | BN76: 0 | BP76: 0 | BQ76: 8 | BR76: 0 | BS76: 1 | BT76: 1 | BU76: 1 | BV76: 1 | BW76: 1 | BX76: 1 | BZ76: 0 | CA76: 0 | CE76: 0 | CF76: 0 | CG76: 0 | CH76: 7 | CI76: 0 | CJ76: 0 | CK76: 0 | CL76: 0 | CM76: 0 | CO76: 0 | CP76: =(P76+Q76+S76) -> 0 | CQ76: =AC76*BC76 -> 0 | CR76: =((AD76*BB76-(EU76)*BS76)+AE76*BS76) -> 0 | CS76: =AE76*BS76 -> 0 | CT76: =AF76*BA76 -> 8942583 | CU76: =AG76 -> 0 | CV76: =AH76 -> 0 | CW76: =AI76 -> 0 | CX76: =AJ76 -> 0 | CY76: =(((S76+R76)*FX76)/100) -> 0 | CZ76: =(((S76+R76)*CA76)/100) -> 0 | DN76: 0 | DO76: 0 | DP76: 1 | DQ76: 1 | DU76: 1013 | DV76: КОМПЛ | DW76: КОМПЛ | DX76: 1 | EE76: 58262974 | EF76: 8 | EG76: Материалы | EH76: 0 | EJ76: 1 | EK76: 1211 | EL76: Материал по прайсу | EM76: материалы | EQ76: 0 | ER76: 8942583 | ES76: 0 | ET76: 0 | EU76: 0 | EV76: 8942583 | EW76: 0 | EX76: 0 | EY76: 0 | FQ76: 0 | FR76: =ROUND(IF(AND(BH76=3,BI76=3),P76,0),2) -> 0 | FS76: 0 | FT76: *0,94 | FX76: 0 | FY76: 0 | GD76: 1 | GF76: -1825102233 | GG76: 2 | GH76: 2 | GI76: 0 | GJ76: 0 | GK76: 0 | GL76: =ROUND(IF(AND(BH76=3,BI76=3,FS76<>0),P76,0),2) -> 0 | GM76: =ROUND(O76+X76+Y76,2)+GX76 -> 0 | GN76: =IF(OR(BI76=0,BI76=1),ROUND(O76+X76+Y76,2),0) -> 0 | GO76: =IF(BI76=2,ROUND(O76+X76+Y76,2),0) -> 0 | GP76: =IF(BI76=4,ROUND(O76+X76+Y76,2)+GX76,0) -> 0 | GR76: 0 | GS76: 4 | GT76: 0 | GV76: =ROUND((GT76),2) -> 0 | GW76: 1 | GX76: =ROUND(HC76*I76,2) -> 0 | HA76: 0 | HB76: 0 | HC76: =GV76*GW76 -> 0 | IK76: 0
A77: 17 | B77: 1 | E77: 7 | F77: 2.4 | G77: Стены монолитные | H77: КОМПЛ | I77: 0 | J77: 0 | L77: 1 | M77: 0.99 | N77: =ROUND(L77-M77,4) -> 0.01 | O77: =ROUND(CP77,2) -> 0 | P77: =ROUND(CQ77*I77,2) -> 0 | Q77: =ROUND(CR77*I77,2) -> 0 | R77: =ROUND(CS77*I77,2) -> 0 | S77: =ROUND(CT77*I77,2) -> 0 | T77: =ROUND(CU77*I77,2) -> 0 | U77: =CV77*I77 -> 0 | V77: =CW77*I77 -> 0 | W77: =ROUND(CX77*I77,2) -> 0 | X77: =ROUND(CY77,2) -> 0 | Y77: =ROUND(CZ77,2) -> 0 | AA77: 58262851 | AB77: =ROUND((AC77+AD77+AF77),2) -> 8942583 | AC77: =ROUND((ES77),2) -> 0 | AD77: =ROUND((ET77),2) -> 0 | AE77: =ROUND((EU77),2) -> 0 | AF77: =ROUND((EV77),2) -> 8942583 | AG77: =ROUND((AP77),2) -> 0 | AH77: =(EW77) -> 0 | AI77: =(EX77) -> 0 | AJ77: =(AS77) -> 0 | AK77: 8942583 | AL77: 0 | AM77: 0 | AN77: 0 | AO77: 8942583 | AP77: 0 | AQ77: 0 | AR77: 0 | AS77: 0 | AT77: 0 | AU77: 0 | AV77: 1 | AW77: 1 | AZ77: 1 | BA77: 1 | BB77: 1 | BC77: 1 | BH77: 0 | BI77: 1 | BM77: 1211 | BN77: 0 | BP77: 0 | BQ77: 8 | BR77: 0 | BS77: 1 | BT77: 1 | BU77: 1 | BV77: 1 | BW77: 1 | BX77: 1 | BZ77: 0 | CA77: 0 | CE77: 0 | CF77: 0 | CG77: 0 | CH77: 7 | CI77: 0 | CJ77: 0 | CK77: 0 | CL77: 0 | CM77: 0 | CO77: 0 | CP77: =(P77+Q77+S77) -> 0 | CQ77: =AC77*BC77 -> 0 | CR77: =((AD77*BB77-(EU77)*BS77)+AE77*BS77) -> 0 | CS77: =AE77*BS77 -> 0 | CT77: =AF77*BA77 -> 8942583 | CU77: =AG77 -> 0 | CV77: =AH77 -> 0 | CW77: =AI77 -> 0 | CX77: =AJ77 -> 0 | CY77: =(((S77+R77)*FX77)/100) -> 0 | CZ77: =(((S77+R77)*CA77)/100) -> 0 | DN77: 0 | DO77: 0 | DP77: 1 | DQ77: 1 | DU77: 1013 | DV77: КОМПЛ | DW77: КОМПЛ | DX77: 1 | EE77: 58262974 | EF77: 8 | EG77: Материалы | EH77: 0 | EJ77: 1 | EK77: 1211 | EL77: Материал по прайсу | EM77: материалы | EQ77: 0 | ER77: 8942583 | ES77: 0 | ET77: 0 | EU77: 0 | EV77: 8942583 | EW77: 0 | EX77: 0 | EY77: 0 | FQ77: 0 | FR77: =ROUND(IF(AND(BH77=3,BI77=3),P77,0),2) -> 0 | FS77: 0 | FT77: *0,94 | FX77: 0 | FY77: 0 | GD77: 1 | GF77: -1825102233 | GG77: 2 | GH77: 2 | GI77: 0 | GJ77: 0 | GK77: 0 | GL77: =ROUND(IF(AND(BH77=3,BI77=3,FS77<>0),P77,0),2) -> 0 | GM77: =ROUND(O77+X77+Y77,2)+GX77 -> 0 | GN77: =IF(OR(BI77=0,BI77=1),ROUND(O77+X77+Y77,2),0) -> 0 | GO77: =IF(BI77=2,ROUND(O77+X77+Y77,2),0) -> 0 | GP77: =IF(BI77=4,ROUND(O77+X77+Y77,2)+GX77,0) -> 0 | GR77: 0 | GS77: 4 | GT77: 0 | GV77: =ROUND((GT77),2) -> 0 | GW77: 1 | GX77: =ROUND(HC77*I77,2) -> 0 | HA77: 0 | HB77: 0 | HC77: =GV77*GW77 -> 0 | IK77: 0
A78: 17 | B78: 1 | E78: 8 | F78: 2.5 | G78: Шахты и приямки (лифты) | H78: КОМПЛ | I78: 0 | J78: 0 | L78: 1 | M78: 0.93 | N78: =ROUND(L78-M78,4) -> 0.07 | O78: =ROUND(CP78,2) -> 0 | P78: =ROUND(CQ78*I78,2) -> 0 | Q78: =ROUND(CR78*I78,2) -> 0 | R78: =ROUND(CS78*I78,2) -> 0 | S78: =ROUND(CT78*I78,2) -> 0 | T78: =ROUND(CU78*I78,2) -> 0 | U78: =CV78*I78 -> 0 | V78: =CW78*I78 -> 0 | W78: =ROUND(CX78*I78,2) -> 0 | X78: =ROUND(CY78,2) -> 0 | Y78: =ROUND(CZ78,2) -> 0 | AA78: 58262852 | AB78: =ROUND((AC78+AD78+AF78),2) -> 1532843.1 | AC78: =ROUND((ES78),2) -> 0 | AD78: =ROUND((ET78),2) -> 0 | AE78: =ROUND((EU78),2) -> 0 | AF78: =ROUND((EV78),2) -> 1532843.1 | AG78: =ROUND((AP78),2) -> 0 | AH78: =(EW78) -> 0 | AI78: =(EX78) -> 0 | AJ78: =(AS78) -> 0 | AK78: 1532843.1 | AL78: 0 | AM78: 0 | AN78: 0 | AO78: 1532843.1 | AP78: 0 | AQ78: 0 | AR78: 0 | AS78: 0 | AT78: 0 | AU78: 0 | AV78: 1 | AW78: 1 | AZ78: 1 | BA78: 1 | BB78: 1 | BC78: 1 | BH78: 0 | BI78: 1 | BM78: 1211 | BN78: 0 | BP78: 0 | BQ78: 8 | BR78: 0 | BS78: 1 | BT78: 1 | BU78: 1 | BV78: 1 | BW78: 1 | BX78: 1 | BZ78: 0 | CA78: 0 | CE78: 0 | CF78: 0 | CG78: 0 | CH78: 8 | CI78: 0 | CJ78: 0 | CK78: 0 | CL78: 0 | CM78: 0 | CO78: 0 | CP78: =(P78+Q78+S78) -> 0 | CQ78: =AC78*BC78 -> 0 | CR78: =((AD78*BB78-(EU78)*BS78)+AE78*BS78) -> 0 | CS78: =AE78*BS78 -> 0 | CT78: =AF78*BA78 -> 1532843.1 | CU78: =AG78 -> 0 | CV78: =AH78 -> 0 | CW78: =AI78 -> 0 | CX78: =AJ78 -> 0 | CY78: =(((S78+R78)*FX78)/100) -> 0 | CZ78: =(((S78+R78)*CA78)/100) -> 0 | DN78: 0 | DO78: 0 | DP78: 1 | DQ78: 1 | DU78: 1013 | DV78: КОМПЛ | DW78: КОМПЛ | DX78: 1 | EE78: 58262974 | EF78: 8 | EG78: Материалы | EH78: 0 | EJ78: 1 | EK78: 1211 | EL78: Материал по прайсу | EM78: материалы | EQ78: 0 | ER78: 1532843.1 | ES78: 0 | ET78: 0 | EU78: 0 | EV78: 1532843.1 | EW78: 0 | EX78: 0 | EY78: 0 | FQ78: 0 | FR78: =ROUND(IF(AND(BH78=3,BI78=3),P78,0),2) -> 0 | FS78: 0 | FT78: *0,94 | FX78: 0 | FY78: 0 | GD78: 1 | GF78: -412744176 | GG78: 2 | GH78: 2 | GI78: 0 | GJ78: 0 | GK78: 0 | GL78: =ROUND(IF(AND(BH78=3,BI78=3,FS78<>0),P78,0),2) -> 0 | GM78: =ROUND(O78+X78+Y78,2)+GX78 -> 0 | GN78: =IF(OR(BI78=0,BI78=1),ROUND(O78+X78+Y78,2),0) -> 0 | GO78: =IF(BI78=2,ROUND(O78+X78+Y78,2),0) -> 0 | GP78: =IF(BI78=4,ROUND(O78+X78+Y78,2)+GX78,0) -> 0 | GR78: 0 | GS78: 4 | GT78: 0 | GV78: =ROUND((GT78),2) -> 0 | GW78: 1 | GX78: =ROUND(HC78*I78,2) -> 0 | HA78: 0 | HB78: 0 | HC78: =GV78*GW78 -> 0 | IK78: 0
A79: 17 | B79: 1 | E79: 8 | F79: 2.5 | G79: Шахты и приямки (лифты) | H79: КОМПЛ | I79: 0 | J79: 0 | L79: 1 | M79: 0.93 | N79: =ROUND(L79-M79,4) -> 0.07 | O79: =ROUND(CP79,2) -> 0 | P79: =ROUND(CQ79*I79,2) -> 0 | Q79: =ROUND(CR79*I79,2) -> 0 | R79: =ROUND(CS79*I79,2) -> 0 | S79: =ROUND(CT79*I79,2) -> 0 | T79: =ROUND(CU79*I79,2) -> 0 | U79: =CV79*I79 -> 0 | V79: =CW79*I79 -> 0 | W79: =ROUND(CX79*I79,2) -> 0 | X79: =ROUND(CY79,2) -> 0 | Y79: =ROUND(CZ79,2) -> 0 | AA79: 58262851 | AB79: =ROUND((AC79+AD79+AF79),2) -> 1532843.1 | AC79: =ROUND((ES79),2) -> 0 | AD79: =ROUND((ET79),2) -> 0 | AE79: =ROUND((EU79),2) -> 0 | AF79: =ROUND((EV79),2) -> 1532843.1 | AG79: =ROUND((AP79),2) -> 0 | AH79: =(EW79) -> 0 | AI79: =(EX79) -> 0 | AJ79: =(AS79) -> 0 | AK79: 1532843.1 | AL79: 0 | AM79: 0 | AN79: 0 | AO79: 1532843.1 | AP79: 0 | AQ79: 0 | AR79: 0 | AS79: 0 | AT79: 0 | AU79: 0 | AV79: 1 | AW79: 1 | AZ79: 1 | BA79: 1 | BB79: 1 | BC79: 1 | BH79: 0 | BI79: 1 | BM79: 1211 | BN79: 0 | BP79: 0 | BQ79: 8 | BR79: 0 | BS79: 1 | BT79: 1 | BU79: 1 | BV79: 1 | BW79: 1 | BX79: 1 | BZ79: 0 | CA79: 0 | CE79: 0 | CF79: 0 | CG79: 0 | CH79: 8 | CI79: 0 | CJ79: 0 | CK79: 0 | CL79: 0 | CM79: 0 | CO79: 0 | CP79: =(P79+Q79+S79) -> 0 | CQ79: =AC79*BC79 -> 0 | CR79: =((AD79*BB79-(EU79)*BS79)+AE79*BS79) -> 0 | CS79: =AE79*BS79 -> 0 | CT79: =AF79*BA79 -> 1532843.1 | CU79: =AG79 -> 0 | CV79: =AH79 -> 0 | CW79: =AI79 -> 0 | CX79: =AJ79 -> 0 | CY79: =(((S79+R79)*FX79)/100) -> 0 | CZ79: =(((S79+R79)*CA79)/100) -> 0 | DN79: 0 | DO79: 0 | DP79: 1 | DQ79: 1 | DU79: 1013 | DV79: КОМПЛ | DW79: КОМПЛ | DX79: 1 | EE79: 58262974 | EF79: 8 | EG79: Материалы | EH79: 0 | EJ79: 1 | EK79: 1211 | EL79: Материал по прайсу | EM79: материалы | EQ79: 0 | ER79: 1532843.1 | ES79: 0 | ET79: 0 | EU79: 0 | EV79: 1532843.1 | EW79: 0 | EX79: 0 | EY79: 0 | FQ79: 0 | FR79: =ROUND(IF(AND(BH79=3,BI79=3),P79,0),2) -> 0 | FS79: 0 | FT79: *0,94 | FX79: 0 | FY79: 0 | GD79: 1 | GF79: -412744176 | GG79: 2 | GH79: 2 | GI79: 0 | GJ79: 0 | GK79: 0 | GL79: =ROUND(IF(AND(BH79=3,BI79=3,FS79<>0),P79,0),2) -> 0 | GM79: =ROUND(O79+X79+Y79,2)+GX79 -> 0 | GN79: =IF(OR(BI79=0,BI79=1),ROUND(O79+X79+Y79,2),0) -> 0 | GO79: =IF(BI79=2,ROUND(O79+X79+Y79,2),0) -> 0 | GP79: =IF(BI79=4,ROUND(O79+X79+Y79,2)+GX79,0) -> 0 | GR79: 0 | GS79: 4 | GT79: 0 | GV79: =ROUND((GT79),2) -> 0 | GW79: 1 | GX79: =ROUND(HC79*I79,2) -> 0 | HA79: 0 | HB79: 0 | HC79: =GV79*GW79 -> 0 | IK79: 0
A80: 17 | B80: 1 | E80: 9 | F80: 2.6 | G80: Лестницы (подвал) | H80: КОМПЛ | I80: 0 | J80: 0 | L80: 1 | M80: 0.91 | N80: =ROUND(L80-M80,4) -> 0.09 | O80: =ROUND(CP80,2) -> 0 | P80: =ROUND(CQ80*I80,2) -> 0 | Q80: =ROUND(CR80*I80,2) -> 0 | R80: =ROUND(CS80*I80,2) -> 0 | S80: =ROUND(CT80*I80,2) -> 0 | T80: =ROUND(CU80*I80,2) -> 0 | U80: =CV80*I80 -> 0 | V80: =CW80*I80 -> 0 | W80: =ROUND(CX80*I80,2) -> 0 | X80: =ROUND(CY80,2) -> 0 | Y80: =ROUND(CZ80,2) -> 0 | AA80: 58262852 | AB80: =ROUND((AC80+AD80+AF80),2) -> 219677.75 | AC80: =ROUND((ES80),2) -> 0 | AD80: =ROUND((ET80),2) -> 0 | AE80: =ROUND((EU80),2) -> 0 | AF80: =ROUND((EV80),2) -> 219677.75 | AG80: =ROUND((AP80),2) -> 0 | AH80: =(EW80) -> 0 | AI80: =(EX80) -> 0 | AJ80: =(AS80) -> 0 | AK80: 219677.75 | AL80: 0 | AM80: 0 | AN80: 0 | AO80: 219677.75 | AP80: 0 | AQ80: 0 | AR80: 0 | AS80: 0 | AT80: 0 | AU80: 0 | AV80: 1 | AW80: 1 | AZ80: 1 | BA80: 1 | BB80: 1 | BC80: 1 | BH80: 0 | BI80: 1 | BM80: 1211 | BN80: 0 | BP80: 0 | BQ80: 8 | BR80: 0 | BS80: 1 | BT80: 1 | BU80: 1 | BV80: 1 | BW80: 1 | BX80: 1 | BZ80: 0 | CA80: 0 | CE80: 0 | CF80: 0 | CG80: 0 | CH80: 9 | CI80: 0 | CJ80: 0 | CK80: 0 | CL80: 0 | CM80: 0 | CO80: 0 | CP80: =(P80+Q80+S80) -> 0 | CQ80: =AC80*BC80 -> 0 | CR80: =((AD80*BB80-(EU80)*BS80)+AE80*BS80) -> 0 | CS80: =AE80*BS80 -> 0 | CT80: =AF80*BA80 -> 219677.75 | CU80: =AG80 -> 0 | CV80: =AH80 -> 0 | CW80: =AI80 -> 0 | CX80: =AJ80 -> 0 | CY80: =(((S80+R80)*FX80)/100) -> 0 | CZ80: =(((S80+R80)*CA80)/100) -> 0 | DN80: 0 | DO80: 0 | DP80: 1 | DQ80: 1 | DU80: 1013 | DV80: КОМПЛ | DW80: КОМПЛ | DX80: 1 | EE80: 58262974 | EF80: 8 | EG80: Материалы | EH80: 0 | EJ80: 1 | EK80: 1211 | EL80: Материал по прайсу | EM80: материалы | EQ80: 0 | ER80: 219677.75 | ES80: 0 | ET80: 0 | EU80: 0 | EV80: 219677.75 | EW80: 0 | EX80: 0 | EY80: 0 | FQ80: 0 | FR80: =ROUND(IF(AND(BH80=3,BI80=3),P80,0),2) -> 0 | FS80: 0 | FT80: *0,94 | FX80: 0 | FY80: 0 | GD80: 1 | GF80: -1737872442 | GG80: 2 | GH80: 2 | GI80: 0 | GJ80: 0 | GK80: 0 | GL80: =ROUND(IF(AND(BH80=3,BI80=3,FS80<>0),P80,0),2) -> 0 | GM80: =ROUND(O80+X80+Y80,2)+GX80 -> 0 | GN80: =IF(OR(BI80=0,BI80=1),ROUND(O80+X80+Y80,2),0) -> 0 | GO80: =IF(BI80=2,ROUND(O80+X80+Y80,2),0) -> 0 | GP80: =IF(BI80=4,ROUND(O80+X80+Y80,2)+GX80,0) -> 0 | GR80: 0 | GS80: 4 | GT80: 0 | GV80: =ROUND((GT80),2) -> 0 | GW80: 1 | GX80: =ROUND(HC80*I80,2) -> 0 | HA80: 0 | HB80: 0 | HC80: =GV80*GW80 -> 0 | IK80: 0
A81: 17 | B81: 1 | E81: 9 | F81: 2.6 | G81: Лестницы (подвал) | H81: КОМПЛ | I81: 0 | J81: 0 | L81: 1 | M81: 0.91 | N81: =ROUND(L81-M81,4) -> 0.09 | O81: =ROUND(CP81,2) -> 0 | P81: =ROUND(CQ81*I81,2) -> 0 | Q81: =ROUND(CR81*I81,2) -> 0 | R81: =ROUND(CS81*I81,2) -> 0 | S81: =ROUND(CT81*I81,2) -> 0 | T81: =ROUND(CU81*I81,2) -> 0 | U81: =CV81*I81 -> 0 | V81: =CW81*I81 -> 0 | W81: =ROUND(CX81*I81,2) -> 0 | X81: =ROUND(CY81,2) -> 0 | Y81: =ROUND(CZ81,2) -> 0 | AA81: 58262851 | AB81: =ROUND((AC81+AD81+AF81),2) -> 219677.75 | AC81: =ROUND((ES81),2) -> 0 | AD81: =ROUND((ET81),2) -> 0 | AE81: =ROUND((EU81),2) -> 0 | AF81: =ROUND((EV81),2) -> 219677.75 | AG81: =ROUND((AP81),2) -> 0 | AH81: =(EW81) -> 0 | AI81: =(EX81) -> 0 | AJ81: =(AS81) -> 0 | AK81: 219677.75 | AL81: 0 | AM81: 0 | AN81: 0 | AO81: 219677.75 | AP81: 0 | AQ81: 0 | AR81: 0 | AS81: 0 | AT81: 0 | AU81: 0 | AV81: 1 | AW81: 1 | AZ81: 1 | BA81: 1 | BB81: 1 | BC81: 1 | BH81: 0 | BI81: 1 | BM81: 1211 | BN81: 0 | BP81: 0 | BQ81: 8 | BR81: 0 | BS81: 1 | BT81: 1 | BU81: 1 | BV81: 1 | BW81: 1 | BX81: 1 | BZ81: 0 | CA81: 0 | CE81: 0 | CF81: 0 | CG81: 0 | CH81: 9 | CI81: 0 | CJ81: 0 | CK81: 0 | CL81: 0 | CM81: 0 | CO81: 0 | CP81: =(P81+Q81+S81) -> 0 | CQ81: =AC81*BC81 -> 0 | CR81: =((AD81*BB81-(EU81)*BS81)+AE81*BS81) -> 0 | CS81: =AE81*BS81 -> 0 | CT81: =AF81*BA81 -> 219677.75 | CU81: =AG81 -> 0 | CV81: =AH81 -> 0 | CW81: =AI81 -> 0 | CX81: =AJ81 -> 0 | CY81: =(((S81+R81)*FX81)/100) -> 0 | CZ81: =(((S81+R81)*CA81)/100) -> 0 | DN81: 0 | DO81: 0 | DP81: 1 | DQ81: 1 | DU81: 1013 | DV81: КОМПЛ | DW81: КОМПЛ | DX81: 1 | EE81: 58262974 | EF81: 8 | EG81: Материалы | EH81: 0 | EJ81: 1 | EK81: 1211 | EL81: Материал по прайсу | EM81: материалы | EQ81: 0 | ER81: 219677.75 | ES81: 0 | ET81: 0 | EU81: 0 | EV81: 219677.75 | EW81: 0 | EX81: 0 | EY81: 0 | FQ81: 0 | FR81: =ROUND(IF(AND(BH81=3,BI81=3),P81,0),2) -> 0 | FS81: 0 | FT81: *0,94 | FX81: 0 | FY81: 0 | GD81: 1 | GF81: -1737872442 | GG81: 2 | GH81: 2 | GI81: 0 | GJ81: 0 | GK81: 0 | GL81: =ROUND(IF(AND(BH81=3,BI81=3,FS81<>0),P81,0),2) -> 0 | GM81: =ROUND(O81+X81+Y81,2)+GX81 -> 0 | GN81: =IF(OR(BI81=0,BI81=1),ROUND(O81+X81+Y81,2),0) -> 0 | GO81: =IF(BI81=2,ROUND(O81+X81+Y81,2),0) -> 0 | GP81: =IF(BI81=4,ROUND(O81+X81+Y81,2)+GX81,0) -> 0 | GR81: 0 | GS81: 4 | GT81: 0 | GV81: =ROUND((GT81),2) -> 0 | GW81: 1 | GX81: =ROUND(HC81*I81,2) -> 0 | HA81: 0 | HB81: 0 | HC81: =GV81*GW81 -> 0 | IK81: 0
A82: 17 | B82: 1 | E82: 10 | F82: 2.7 | G82: Плита перекрытия | H82: КОМПЛ | I82: 0 | J82: 0 | L82: 1 | M82: 0.7 | N82: =ROUND(L82-M82,4) -> 0.3 | O82: =ROUND(CP82,2) -> 0 | P82: =ROUND(CQ82*I82,2) -> 0 | Q82: =ROUND(CR82*I82,2) -> 0 | R82: =ROUND(CS82*I82,2) -> 0 | S82: =ROUND(CT82*I82,2) -> 0 | T82: =ROUND(CU82*I82,2) -> 0 | U82: =CV82*I82 -> 0 | V82: =CW82*I82 -> 0 | W82: =ROUND(CX82*I82,2) -> 0 | X82: =ROUND(CY82,2) -> 0 | Y82: =ROUND(CZ82,2) -> 0 | AA82: 58262852 | AB82: =ROUND((AC82+AD82+AF82),2) -> 8289589.6 | AC82: =ROUND((ES82),2) -> 0 | AD82: =ROUND((ET82),2) -> 0 | AE82: =ROUND((EU82),2) -> 0 | AF82: =ROUND((EV82),2) -> 8289589.6 | AG82: =ROUND((AP82),2) -> 0 | AH82: =(EW82) -> 0 | AI82: =(EX82) -> 0 | AJ82: =(AS82) -> 0 | AK82: 8289589.6 | AL82: 0 | AM82: 0 | AN82: 0 | AO82: 8289589.6 | AP82: 0 | AQ82: 0 | AR82: 0 | AS82: 0 | AT82: 0 | AU82: 0 | AV82: 1 | AW82: 1 | AZ82: 1 | BA82: 1 | BB82: 1 | BC82: 1 | BH82: 0 | BI82: 1 | BM82: 1211 | BN82: 0 | BP82: 0 | BQ82: 8 | BR82: 0 | BS82: 1 | BT82: 1 | BU82: 1 | BV82: 1 | BW82: 1 | BX82: 1 | BZ82: 0 | CA82: 0 | CE82: 0 | CF82: 0 | CG82: 0 | CH82: 10 | CI82: 0 | CJ82: 0 | CK82: 0 | CL82: 0 | CM82: 0 | CO82: 0 | CP82: =(P82+Q82+S82) -> 0 | CQ82: =AC82*BC82 -> 0 | CR82: =((AD82*BB82-(EU82)*BS82)+AE82*BS82) -> 0 | CS82: =AE82*BS82 -> 0 | CT82: =AF82*BA82 -> 8289589.6 | CU82: =AG82 -> 0 | CV82: =AH82 -> 0 | CW82: =AI82 -> 0 | CX82: =AJ82 -> 0 | CY82: =(((S82+R82)*FX82)/100) -> 0 | CZ82: =(((S82+R82)*CA82)/100) -> 0 | DN82: 0 | DO82: 0 | DP82: 1 | DQ82: 1 | DU82: 1013 | DV82: КОМПЛ | DW82: КОМПЛ | DX82: 1 | EE82: 58262974 | EF82: 8 | EG82: Материалы | EH82: 0 | EJ82: 1 | EK82: 1211 | EL82: Материал по прайсу | EM82: материалы | EQ82: 0 | ER82: 8289589.6 | ES82: 0 | ET82: 0 | EU82: 0 | EV82: 8289589.6 | EW82: 0 | EX82: 0 | EY82: 0 | FQ82: 0 | FR82: =ROUND(IF(AND(BH82=3,BI82=3),P82,0),2) -> 0 | FS82: 0 | FT82: *0,94 | FX82: 0 | FY82: 0 | GD82: 1 | GF82: -2064584183 | GG82: 2 | GH82: 2 | GI82: 0 | GJ82: 0 | GK82: 0 | GL82: =ROUND(IF(AND(BH82=3,BI82=3,FS82<>0),P82,0),2) -> 0 | GM82: =ROUND(O82+X82+Y82,2)+GX82 -> 0 | GN82: =IF(OR(BI82=0,BI82=1),ROUND(O82+X82+Y82,2),0) -> 0 | GO82: =IF(BI82=2,ROUND(O82+X82+Y82,2),0) -> 0 | GP82: =IF(BI82=4,ROUND(O82+X82+Y82,2)+GX82,0) -> 0 | GR82: 0 | GS82: 4 | GT82: 0 | GV82: =ROUND((GT82),2) -> 0 | GW82: 1 | GX82: =ROUND(HC82*I82,2) -> 0 | HA82: 0 | HB82: 0 | HC82: =GV82*GW82 -> 0 | IK82: 0
A83: 17 | B83: 1 | E83: 10 | F83: 2.7 | G83: Плита перекрытия | H83: КОМПЛ | I83: 0 | J83: 0 | L83: 1 | M83: 0.7 | N83: =ROUND(L83-M83,4) -> 0.3 | O83: =ROUND(CP83,2) -> 0 | P83: =ROUND(CQ83*I83,2) -> 0 | Q83: =ROUND(CR83*I83,2) -> 0 | R83: =ROUND(CS83*I83,2) -> 0 | S83: =ROUND(CT83*I83,2) -> 0 | T83: =ROUND(CU83*I83,2) -> 0 | U83: =CV83*I83 -> 0 | V83: =CW83*I83 -> 0 | W83: =ROUND(CX83*I83,2) -> 0 | X83: =ROUND(CY83,2) -> 0 | Y83: =ROUND(CZ83,2) -> 0 | AA83: 58262851 | AB83: =ROUND((AC83+AD83+AF83),2) -> 8289589.6 | AC83: =ROUND((ES83),2) -> 0 | AD83: =ROUND((ET83),2) -> 0 | AE83: =ROUND((EU83),2) -> 0 | AF83: =ROUND((EV83),2) -> 8289589.6 | AG83: =ROUND((AP83),2) -> 0 | AH83: =(EW83) -> 0 | AI83: =(EX83) -> 0 | AJ83: =(AS83) -> 0 | AK83: 8289589.6 | AL83: 0 | AM83: 0 | AN83: 0 | AO83: 8289589.6 | AP83: 0 | AQ83: 0 | AR83: 0 | AS83: 0 | AT83: 0 | AU83: 0 | AV83: 1 | AW83: 1 | AZ83: 1 | BA83: 1 | BB83: 1 | BC83: 1 | BH83: 0 | BI83: 1 | BM83: 1211 | BN83: 0 | BP83: 0 | BQ83: 8 | BR83: 0 | BS83: 1 | BT83: 1 | BU83: 1 | BV83: 1 | BW83: 1 | BX83: 1 | BZ83: 0 | CA83: 0 | CE83: 0 | CF83: 0 | CG83: 0 | CH83: 10 | CI83: 0 | CJ83: 0 | CK83: 0 | CL83: 0 | CM83: 0 | CO83: 0 | CP83: =(P83+Q83+S83) -> 0 | CQ83: =AC83*BC83 -> 0 | CR83: =((AD83*BB83-(EU83)*BS83)+AE83*BS83) -> 0 | CS83: =AE83*BS83 -> 0 | CT83: =AF83*BA83 -> 8289589.6 | CU83: =AG83 -> 0 | CV83: =AH83 -> 0 | CW83: =AI83 -> 0 | CX83: =AJ83 -> 0 | CY83: =(((S83+R83)*FX83)/100) -> 0 | CZ83: =(((S83+R83)*CA83)/100) -> 0 | DN83: 0 | DO83: 0 | DP83: 1 | DQ83: 1 | DU83: 1013 | DV83: КОМПЛ | DW83: КОМПЛ | DX83: 1 | EE83: 58262974 | EF83: 8 | EG83: Материалы | EH83: 0 | EJ83: 1 | EK83: 1211 | EL83: Материал по прайсу | EM83: материалы | EQ83: 0 | ER83: 8289589.6 | ES83: 0 | ET83: 0 | EU83: 0 | EV83: 8289589.6 | EW83: 0 | EX83: 0 | EY83: 0 | FQ83: 0 | FR83: =ROUND(IF(AND(BH83=3,BI83=3),P83,0),2) -> 0 | FS83: 0 | FT83: *0,94 | FX83: 0 | FY83: 0 | GD83: 1 | GF83: -2064584183 | GG83: 2 | GH83: 2 | GI83: 0 | GJ83: 0 | GK83: 0 | GL83: =ROUND(IF(AND(BH83=3,BI83=3,FS83<>0),P83,0),2) -> 0 | GM83: =ROUND(O83+X83+Y83,2)+GX83 -> 0 | GN83: =IF(OR(BI83=0,BI83=1),ROUND(O83+X83+Y83,2),0) -> 0 | GO83: =IF(BI83=2,ROUND(O83+X83+Y83,2),0) -> 0 | GP83: =IF(BI83=4,ROUND(O83+X83+Y83,2)+GX83,0) -> 0 | GR83: 0 | GS83: 4 | GT83: 0 | GV83: =ROUND((GT83),2) -> 0 | GW83: 1 | GX83: =ROUND(HC83*I83,2) -> 0 | HA83: 0 | HB83: 0 | HC83: =GV83*GW83 -> 0 | IK83: 0
... A87: 17 | B87: 1 | E87: 12 | F87: 2.9 | G87: Входные группы | H87: КОМПЛ | I87: 0 | J87: 0 | L87: 1 | M87: 0 | N87: =ROUND(L87-M87,4) -> 1 | O87: =ROUND(CP87,2) -> 0 | P87: =ROUND(CQ87*I87,2) -> 0 | Q87: =ROUND(CR87*I87,2) -> 0 | R87: =ROUND(CS87*I87,2) -> 0 | S87: =ROUND(CT87*I87,2) -> 0 | T87: =ROUND(CU87*I87,2) -> 0 | U87: =CV87*I87 -> 0 | V87: =CW87*I87 -> 0 | W87: =ROUND(CX87*I87,2) -> 0 | X87: =ROUND(CY87,2) -> 0 | Y87: =ROUND(CZ87,2) -> 0 | AA87: 58262851 | AB87: =ROUND((AC87+AD87+AF87),2) -> 2077517.7 | AC87: =ROUND((ES87),2) -> 0 | AD87: =ROUND((ET87),2) -> 0 | AE87: =ROUND((EU87),2) -> 0 | AF87: =ROUND((EV87),2) -> 2077517.7 | AG87: =ROUND((AP87),2) -> 0 | AH87: =(EW87) -> 0 | AI87: =(EX87) -> 0 | AJ87: =(AS87) -> 0 | AK87: 2077517.7 | AL87: 0 | AM87: 0 | AN87: 0 | AO87: 2077517.7 | AP87: 0 | AQ87: 0 | AR87: 0 | AS87: 0 | AT87: 0 | AU87: 0 | AV87: 1 | AW87: 1 | AZ87: 1 | BA87: 1 | BB87: 1 | BC87: 1 | BH87: 0 | BI87: 1 | BM87: 1211 | BN87: 0 | BP87: 0 | BQ87: 8 | BR87: 0 | BS87: 1 | BT87: 1 | BU87: 1 | BV87: 1 | BW87: 1 | BX87: 1 | BZ87: 0 | CA87: 0 | CE87: 0 | CF87: 0 | CG87: 0 | CH87: 12 | CI87: 0 | CJ87: 0 | CK87: 0 | CL87: 0 | CM87: 0 | CO87: 0 | CP87: =(P87+Q87+S87) -> 0 | CQ87: =AC87*BC87 -> 0 | CR87: =((AD87*BB87-(EU87)*BS87)+AE87*BS87) -> 0 | CS87: =AE87*BS87 -> 0 | CT87: =AF87*BA87 -> 2077517.7 | CU87: =AG87 -> 0 | CV87: =AH87 -> 0 | CW87: =AI87 -> 0 | CX87: =AJ87 -> 0 | CY87: =(((S87+R87)*FX87)/100) -> 0 | CZ87: =(((S87+R87)*CA87)/100) -> 0 | DN87: 0 | DO87: 0 | DP87: 1 | DQ87: 1 | DU87: 1013 | DV87: КОМПЛ | DW87: КОМПЛ | DX87: 1 | EE87: 58262974 | EF87: 8 | EG87: Материалы | EH87: 0 | EJ87: 1 | EK87: 1211 | EL87: Материал по прайсу | EM87: материалы | EQ87: 0 | ER87: 2077517.7 | ES87: 0 | ET87: 0 | EU87: 0 | EV87: 2077517.7 | EW87: 0 | EX87: 0 | EY87: 0 | FQ87: 0 | FR87: =ROUND(IF(AND(BH87=3,BI87=3),P87,0),2) -> 0 | FS87: 0 | FT87: *0,94 | FX87: 0 | FY87: 0 | GD87: 1 | GF87: -414371177 | GG87: 2 | GH87: 2 | GI87: 0 | GJ87: 0 | GK87: 0 | GL87: =ROUND(IF(AND(BH87=3,BI87=3,FS87<>0),P87,0),2) -> 0 | GM87: =ROUND(O87+X87+Y87,2)+GX87 -> 0 | GN87: =IF(OR(BI87=0,BI87=1),ROUND(O87+X87+Y87,2),0) -> 0 | GO87: =IF(BI87=2,ROUND(O87+X87+Y87,2),0) -> 0 | GP87: =IF(BI87=4,ROUND(O87+X87+Y87,2)+GX87,0) -> 0 | GR87: 0 | GS87: 4 | GT87: 0 | GV87: =ROUND((GT87),2) -> 0 | GW87: 1 | GX87: =ROUND(HC87*I87,2) -> 0 | HA87: 0 | HB87: 0 | HC87: =GV87*GW87 -> 0 | IK87: 0
A88: 19 | B88: 1 | G88: Конструктивные элементы выше отм.0.000 | AA88: 1 | IK88: 0
A89: 17 | B89: 1 | E89: 13 | F89: 2.10 | G89: Колонны монолитные | H89: КОМПЛ | I89: 0 | J89: 0 | L89: 1 | M89: 0.47 | N89: =ROUND(L89-M89,4) -> 0.53 | O89: =ROUND(CP89,2) -> 0 | P89: =ROUND(CQ89*I89,2) -> 0 | Q89: =ROUND(CR89*I89,2) -> 0 | R89: =ROUND(CS89*I89,2) -> 0 | S89: =ROUND(CT89*I89,2) -> 0 | T89: =ROUND(CU89*I89,2) -> 0 | U89: =CV89*I89 -> 0 | V89: =CW89*I89 -> 0 | W89: =ROUND(CX89*I89,2) -> 0 | X89: =ROUND(CY89,2) -> 0 | Y89: =ROUND(CZ89,2) -> 0 | AA89: 58262852 | AB89: =ROUND((AC89+AD89+AF89),2) -> 14888069 | AC89: =ROUND((ES89),2) -> 0 | AD89: =ROUND((ET89),2) -> 0 | AE89: =ROUND((EU89),2) -> 0 | AF89: =ROUND((EV89),2) -> 14888069 | AG89: =ROUND((AP89),2) -> 0 | AH89: =(EW89) -> 0 | AI89: =(EX89) -> 0 | AJ89: =(AS89) -> 0 | AK89: 14888069 | AL89: 0 | AM89: 0 | AN89: 0 | AO89: 14888069 | AP89: 0 | AQ89: 0 | AR89: 0 | AS89: 0 | AT89: 0 | AU89: 0 | AV89: 1 | AW89: 1 | AZ89: 1 | BA89: 1 | BB89: 1 | BC89: 1 | BH89: 0 | BI89: 1 | BM89: 1211 | BN89: 0 | BP89: 0 | BQ89: 8 | BR89: 0 | BS89: 1 | BT89: 1 | BU89: 1 | BV89: 1 | BW89: 1 | BX89: 1 | BZ89: 0 | CA89: 0 | CE89: 0 | CF89: 0 | CG89: 0 | CH89: 13 | CI89: 0 | CJ89: 0 | CK89: 0 | CL89: 0 | CM89: 0 | CO89: 0 | CP89: =(P89+Q89+S89) -> 0 | CQ89: =AC89*BC89 -> 0 | CR89: =((AD89*BB89-(EU89)*BS89)+AE89*BS89) -> 0 | CS89: =AE89*BS89 -> 0 | CT89: =AF89*BA89 -> 14888069 | CU89: =AG89 -> 0 | CV89: =AH89 -> 0 | CW89: =AI89 -> 0 | CX89: =AJ89 -> 0 | CY89: =(((S89+R89)*FX89)/100) -> 0 | CZ89: =(((S89+R89)*CA89)/100) -> 0 | DN89: 0 | DO89: 0 | DP89: 1 | DQ89: 1 | DU89: 1013 | DV89: КОМПЛ | DW89: КОМПЛ | DX89: 1 | EE89: 58262974 | EF89: 8 | EG89: Материалы | EH89: 0 | EJ89: 1 | EK89: 1211 | EL89: Материал по прайсу | EM89: материалы | EQ89: 0 | ER89: 14888069 | ES89: 0 | ET89: 0 | EU89: 0 | EV89: 14888069 | EW89: 0 | EX89: 0 | EY89: 0 | FQ89: 0 | FR89: =ROUND(IF(AND(BH89=3,BI89=3),P89,0),2) -> 0 | FS89: 0 | FT89: *0,94 | FX89: 0 | FY89: 0 | GD89: 1 | GF89: -281387498 | GG89: 2 | GH89: 2 | GI89: 0 | GJ89: 0 | GK89: 0 | GL89: =ROUND(IF(AND(BH89=3,BI89=3,FS89<>0),P89,0),2) -> 0 | GM89: =ROUND(O89+X89+Y89,2)+GX89 -> 0 | GN89: =IF(OR(BI89=0,BI89=1),ROUND(O89+X89+Y89,2),0) -> 0 | GO89: =IF(BI89=2,ROUND(O89+X89+Y89,2),0) -> 0 | GP89: =IF(BI89=4,ROUND(O89+X89+Y89,2)+GX89,0) -> 0 | GR89: 0 | GS89: 4 | GT89: 0 | GV89: =ROUND((GT89),2) -> 0 | GW89: 1 | GX89: =ROUND(HC89*I89,2) -> 0 | HA89: 0 | HB89: 0 | HC89: =GV89*GW89 -> 0 | IK89: 0
A90: 17 | B90: 1 | E90: 13 | F90: 2.10 | G90: Колонны монолитные | H90: КОМПЛ | I90: 0 | J90: 0 | L90: 1 | M90: 0.47 | N90: =ROUND(L90-M90,4) -> 0.53 | O90: =ROUND(CP90,2) -> 0 | P90: =ROUND(CQ90*I90,2) -> 0 | Q90: =ROUND(CR90*I90,2) -> 0 | R90: =ROUND(CS90*I90,2) -> 0 | S90: =ROUND(CT90*I90,2) -> 0 | T90: =ROUND(CU90*I90,2) -> 0 | U90: =CV90*I90 -> 0 | V90: =CW90*I90 -> 0 | W90: =ROUND(CX90*I90,2) -> 0 | X90: =ROUND(CY90,2) -> 0 | Y90: =ROUND(CZ90,2) -> 0 | AA90: 58262851 | AB90: =ROUND((AC90+AD90+AF90),2) -> 14888069 | AC90: =ROUND((ES90),2) -> 0 | AD90: =ROUND((ET90),2) -> 0 | AE90: =ROUND((EU90),2) -> 0 | AF90: =ROUND((EV90),2) -> 14888069 | AG90: =ROUND((AP90),2) -> 0 | AH90: =(EW90) -> 0 | AI90: =(EX90) -> 0 | AJ90: =(AS90) -> 0 | AK90: 14888069 | AL90: 0 | AM90: 0 | AN90: 0 | AO90: 14888069 | AP90: 0 | AQ90: 0 | AR90: 0 | AS90: 0 | AT90: 0 | AU90: 0 | AV90: 1 | AW90: 1 | AZ90: 1 | BA90: 1 | BB90: 1 | BC90: 1 | BH90: 0 | BI90: 1 | BM90: 1211 | BN90: 0 | BP90: 0 | BQ90: 8 | BR90: 0 | BS90: 1 | BT90: 1 | BU90: 1 | BV90: 1 | BW90: 1 | BX90: 1 | BZ90: 0 | CA90: 0 | CE90: 0 | CF90: 0 | CG90: 0 | CH90: 13 | CI90: 0 | CJ90: 0 | CK90: 0 | CL90: 0 | CM90: 0 | CO90: 0 | CP90: =(P90+Q90+S90) -> 0 | CQ90: =AC90*BC90 -> 0 | CR90: =((AD90*BB90-(EU90)*BS90)+AE90*BS90) -> 0 | CS90: =AE90*BS90 -> 0 | CT90: =AF90*BA90 -> 14888069 | CU90: =AG90 -> 0 | CV90: =AH90 -> 0 | CW90: =AI90 -> 0 | CX90: =AJ90 -> 0 | CY90: =(((S90+R90)*FX90)/100) -> 0 | CZ90: =(((S90+R90)*CA90)/100) -> 0 | DN90: 0 | DO90: 0 | DP90: 1 | DQ90: 1 | DU90: 1013 | DV90: КОМПЛ | DW90: КОМПЛ | DX90: 1 | EE90: 58262974 | EF90: 8 | EG90: Материалы | EH90: 0 | EJ90: 1 | EK90: 1211 | EL90: Материал по прайсу | EM90: материалы | EQ90: 0 | ER90: 14888069 | ES90: 0 | ET90: 0 | EU90: 0 | EV90: 14888069 | EW90: 0 | EX90: 0 | EY90: 0 | FQ90: 0 | FR90: =ROUND(IF(AND(BH90=3,BI90=3),P90,0),2) -> 0 | FS90: 0 | FT90: *0,94 | FX90: 0 | FY90: 0 | GD90: 1 | GF90: -281387498 | GG90: 2 | GH90: 2 | GI90: 0 | GJ90: 0 | GK90: 0 | GL90: =ROUND(IF(AND(BH90=3,BI90=3,FS90<>0),P90,0),2) -> 0 | GM90: =ROUND(O90+X90+Y90,2)+GX90 -> 0 | GN90: =IF(OR(BI90=0,BI90=1),ROUND(O90+X90+Y90,2),0) -> 0 | GO90: =IF(BI90=2,ROUND(O90+X90+Y90,2),0) -> 0 | GP90: =IF(BI90=4,ROUND(O90+X90+Y90,2)+GX90,0) -> 0 | GR90: 0 | GS90: 4 | GT90: 0 | GV90: =ROUND((GT90),2) -> 0 | GW90: 1 | GX90: =ROUND(HC90*I90,2) -> 0 | HA90: 0 | HB90: 0 | HC90: =GV90*GW90 -> 0 | IK90: 0
A91: 17 | B91: 1 | E91: 14 | F91: 2.11 | G91: Стены монолитные | H91: КОМПЛ | I91: 0 | J91: 0 | L91: 1 | M91: 0.477 | N91: =ROUND(L91-M91,4) -> 0.523 | O91: =ROUND(CP91,2) -> 0 | P91: =ROUND(CQ91*I91,2) -> 0 | Q91: =ROUND(CR91*I91,2) -> 0 | R91: =ROUND(CS91*I91,2) -> 0 | S91: =ROUND(CT91*I91,2) -> 0 | T91: =ROUND(CU91*I91,2) -> 0 | U91: =CV91*I91 -> 0 | V91: =CW91*I91 -> 0 | W91: =ROUND(CX91*I91,2) -> 0 | X91: =ROUND(CY91,2) -> 0 | Y91: =ROUND(CZ91,2) -> 0 | AA91: 58262852 | AB91: =ROUND((AC91+AD91+AF91),2) -> 17018559 | AC91: =ROUND((ES91),2) -> 0 | AD91: =ROUND((ET91),2) -> 0 | AE91: =ROUND((EU91),2) -> 0 | AF91: =ROUND((EV91),2) -> 17018559 | AG91: =ROUND((AP91),2) -> 0 | AH91: =(EW91) -> 0 | AI91: =(EX91) -> 0 | AJ91: =(AS91) -> 0 | AK91: 17018559 | AL91: 0 | AM91: 0 | AN91: 0 | AO91: 17018559 | AP91: 0 | AQ91: 0 | AR91: 0 | AS91: 0 | AT91: 0 | AU91: 0 | AV91: 1 | AW91: 1 | AZ91: 1 | BA91: 1 | BB91: 1 | BC91: 1 | BH91: 0 | BI91: 1 | BM91: 1211 | BN91: 0 | BP91: 0 | BQ91: 8 | BR91: 0 | BS91: 1 | BT91: 1 | BU91: 1 | BV91: 1 | BW91: 1 | BX91: 1 | BZ91: 0 | CA91: 0 | CE91: 0 | CF91: 0 | CG91: 0 | CH91: 14 | CI91: 0 | CJ91: 0 | CK91: 0 | CL91: 0 | CM91: 0 | CO91: 0 | CP91: =(P91+Q91+S91) -> 0 | CQ91: =AC91*BC91 -> 0 | CR91: =((AD91*BB91-(EU91)*BS91)+AE91*BS91) -> 0 | CS91: =AE91*BS91 -> 0 | CT91: =AF91*BA91 -> 17018559 | CU91: =AG91 -> 0 | CV91: =AH91 -> 0 | CW91: =AI91 -> 0 | CX91: =AJ91 -> 0 | CY91: =(((S91+R91)*FX91)/100) -> 0 | CZ91: =(((S91+R91)*CA91)/100) -> 0 | DN91: 0 | DO91: 0 | DP91: 1 | DQ91: 1 | DU91: 1013 | DV91: КОМПЛ | DW91: КОМПЛ | DX91: 1 | EE91: 58262974 | EF91: 8 | EG91: Материалы | EH91: 0 | EJ91: 1 | EK91: 1211 | EL91: Материал по прайсу | EM91: материалы | EQ91: 0 | ER91: 17018559 | ES91: 0 | ET91: 0 | EU91: 0 | EV91: 17018559 | EW91: 0 | EX91: 0 | EY91: 0 | FQ91: 0 | FR91: =ROUND(IF(AND(BH91=3,BI91=3),P91,0),2) -> 0 | FS91: 0 | FT91: *0,94 | FX91: 0 | FY91: 0 | GD91: 1 | GF91: -1424094575 | GG91: 2 | GH91: 2 | GI91: 0 | GJ91: 0 | GK91: 0 | GL91: =ROUND(IF(AND(BH91=3,BI91=3,FS91<>0),P91,0),2) -> 0 | GM91: =ROUND(O91+X91+Y91,2)+GX91 -> 0 | GN91: =IF(OR(BI91=0,BI91=1),ROUND(O91+X91+Y91,2),0) -> 0 | GO91: =IF(BI91=2,ROUND(O91+X91+Y91,2),0) -> 0 | GP91: =IF(BI91=4,ROUND(O91+X91+Y91,2)+GX91,0) -> 0 | GR91: 0 | GS91: 4 | GT91: 0 | GV91: =ROUND((GT91),2) -> 0 | GW91: 1 | GX91: =ROUND(HC91*I91,2) -> 0 | HA91: 0 | HB91: 0 | HC91: =GV91*GW91 -> 0 | IK91: 0
A92: 17 | B92: 1 | E92: 14 | F92: 2.11 | G92: Стены монолитные | H92: КОМПЛ | I92: 0 | J92: 0 | L92: 1 | M92: 0.477 | N92: =ROUND(L92-M92,4) -> 0.523 | O92: =ROUND(CP92,2) -> 0 | P92: =ROUND(CQ92*I92,2) -> 0 | Q92: =ROUND(CR92*I92,2) -> 0 | R92: =ROUND(CS92*I92,2) -> 0 | S92: =ROUND(CT92*I92,2) -> 0 | T92: =ROUND(CU92*I92,2) -> 0 | U92: =CV92*I92 -> 0 | V92: =CW92*I92 -> 0 | W92: =ROUND(CX92*I92,2) -> 0 | X92: =ROUND(CY92,2) -> 0 | Y92: =ROUND(CZ92,2) -> 0 | AA92: 58262851 | AB92: =ROUND((AC92+AD92+AF92),2) -> 17018559 | AC92: =ROUND((ES92),2) -> 0 | AD92: =ROUND((ET92),2) -> 0 | AE92: =ROUND((EU92),2) -> 0 | AF92: =ROUND((EV92),2) -> 17018559 | AG92: =ROUND((AP92),2) -> 0 | AH92: =(EW92) -> 0 | AI92: =(EX92) -> 0 | AJ92: =(AS92) -> 0 | AK92: 17018559 | AL92: 0 | AM92: 0 | AN92: 0 | AO92: 17018559 | AP92: 0 | AQ92: 0 | AR92: 0 | AS92: 0 | AT92: 0 | AU92: 0 | AV92: 1 | AW92: 1 | AZ92: 1 | BA92: 1 | BB92: 1 | BC92: 1 | BH92: 0 | BI92: 1 | BM92: 1211 | BN92: 0 | BP92: 0 | BQ92: 8 | BR92: 0 | BS92: 1 | BT92: 1 | BU92: 1 | BV92: 1 | BW92: 1 | BX92: 1 | BZ92: 0 | CA92: 0 | CE92: 0 | CF92: 0 | CG92: 0 | CH92: 14 | CI92: 0 | CJ92: 0 | CK92: 0 | CL92: 0 | CM92: 0 | CO92: 0 | CP92: =(P92+Q92+S92) -> 0 | CQ92: =AC92*BC92 -> 0 | CR92: =((AD92*BB92-(EU92)*BS92)+AE92*BS92) -> 0 | CS92: =AE92*BS92 -> 0 | CT92: =AF92*BA92 -> 17018559 | CU92: =AG92 -> 0 | CV92: =AH92 -> 0 | CW92: =AI92 -> 0 | CX92: =AJ92 -> 0 | CY92: =(((S92+R92)*FX92)/100) -> 0 | CZ92: =(((S92+R92)*CA92)/100) -> 0 | DN92: 0 | DO92: 0 | DP92: 1 | DQ92: 1 | DU92: 1013 | DV92: КОМПЛ | DW92: КОМПЛ | DX92: 1 | EE92: 58262974 | EF92: 8 | EG92: Материалы | EH92: 0 | EJ92: 1 | EK92: 1211 | EL92: Материал по прайсу | EM92: материалы | EQ92: 0 | ER92: 17018559 | ES92: 0 | ET92: 0 | EU92: 0 | EV92: 17018559 | EW92: 0 | EX92: 0 | EY92: 0 | FQ92: 0 | FR92: =ROUND(IF(AND(BH92=3,BI92=3),P92,0),2) -> 0 | FS92: 0 | FT92: *0,94 | FX92: 0 | FY92: 0 | GD92: 1 | GF92: -1424094575 | GG92: 2 | GH92: 2 | GI92: 0 | GJ92: 0 | GK92: 0 | GL92: =ROUND(IF(AND(BH92=3,BI92=3,FS92<>0),P92,0),2) -> 0 | GM92: =ROUND(O92+X92+Y92,2)+GX92 -> 0 | GN92: =IF(OR(BI92=0,BI92=1),ROUND(O92+X92+Y92,2),0) -> 0 | GO92: =IF(BI92=2,ROUND(O92+X92+Y92,2),0) -> 0 | GP92: =IF(BI92=4,ROUND(O92+X92+Y92,2)+GX92,0) -> 0 | GR92: 0 | GS92: 4 | GT92: 0 | GV92: =ROUND((GT92),2) -> 0 | GW92: 1 | GX92: =ROUND(HC92*I92,2) -> 0 | HA92: 0 | HB92: 0 | HC92: =GV92*GW92 -> 0 | IK92: 0
A93: 17 | B93: 1 | E93: 15 | F93: 2.12 | G93: Перекрытия монолитные | H93: КОМПЛ | I93: 0 | J93: 0 | L93: 1 | M93: 0.45 | N93: =ROUND(L93-M93,4) -> 0.55 | O93: =ROUND(CP93,2) -> 0 | P93: =ROUND(CQ93*I93,2) -> 0 | Q93: =ROUND(CR93*I93,2) -> 0 | R93: =ROUND(CS93*I93,2) -> 0 | S93: =ROUND(CT93*I93,2) -> 0 | T93: =ROUND(CU93*I93,2) -> 0 | U93: =CV93*I93 -> 0 | V93: =CW93*I93 -> 0 | W93: =ROUND(CX93*I93,2) -> 0 | X93: =ROUND(CY93,2) -> 0 | Y93: =ROUND(CZ93,2) -> 0 | AA93: 58262852 | AB93: =ROUND((AC93+AD93+AF93),2) -> 68215417 | AC93: =ROUND((ES93),2) -> 0 | AD93: =ROUND((ET93),2) -> 0 | AE93: =ROUND((EU93),2) -> 0 | AF93: =ROUND((EV93),2) -> 68215417 | AG93: =ROUND((AP93),2) -> 0 | AH93: =(EW93) -> 0 | AI93: =(EX93) -> 0 | AJ93: =(AS93) -> 0 | AK93: 68215417 | AL93: 0 | AM93: 0 | AN93: 0 | AO93: 68215417 | AP93: 0 | AQ93: 0 | AR93: 0 | AS93: 0 | AT93: 0 | AU93: 0 | AV93: 1 | AW93: 1 | AZ93: 1 | BA93: 1 | BB93: 1 | BC93: 1 | BH93: 0 | BI93: 1 | BM93: 1211 | BN93: 0 | BP93: 0 | BQ93: 8 | BR93: 0 | BS93: 1 | BT93: 1 | BU93: 1 | BV93: 1 | BW93: 1 | BX93: 1 | BZ93: 0 | CA93: 0 | CE93: 0 | CF93: 0 | CG93: 0 | CH93: 15 | CI93: 0 | CJ93: 0 | CK93: 0 | CL93: 0 | CM93: 0 | CO93: 0 | CP93: =(P93+Q93+S93) -> 0 | CQ93: =AC93*BC93 -> 0 | CR93: =((AD93*BB93-(EU93)*BS93)+AE93*BS93) -> 0 | CS93: =AE93*BS93 -> 0 | CT93: =AF93*BA93 -> 68215417 | CU93: =AG93 -> 0 | CV93: =AH93 -> 0 | CW93: =AI93 -> 0 | CX93: =AJ93 -> 0 | CY93: =(((S93+R93)*FX93)/100) -> 0 | CZ93: =(((S93+R93)*CA93)/100) -> 0 | DN93: 0 | DO93: 0 | DP93: 1 | DQ93: 1 | DU93: 1013 | DV93: КОМПЛ | DW93: КОМПЛ | DX93: 1 | EE93: 58262974 | EF93: 8 | EG93: Материалы | EH93: 0 | EJ93: 1 | EK93: 1211 | EL93: Материал по прайсу | EM93: материалы | EQ93: 0 | ER93: 68215417 | ES93: 0 | ET93: 0 | EU93: 0 | EV93: 68215417 | EW93: 0 | EX93: 0 | EY93: 0 | FQ93: 0 | FR93: =ROUND(IF(AND(BH93=3,BI93=3),P93,0),2) -> 0 | FS93: 0 | FT93: *0,94 | FX93: 0 | FY93: 0 | GD93: 1 | GF93: 960889979 | GG93: 2 | GH93: 2 | GI93: 0 | GJ93: 0 | GK93: 0 | GL93: =ROUND(IF(AND(BH93=3,BI93=3,FS93<>0),P93,0),2) -> 0 | GM93: =ROUND(O93+X93+Y93,2)+GX93 -> 0 | GN93: =IF(OR(BI93=0,BI93=1),ROUND(O93+X93+Y93,2),0) -> 0 | GO93: =IF(BI93=2,ROUND(O93+X93+Y93,2),0) -> 0 | GP93: =IF(BI93=4,ROUND(O93+X93+Y93,2)+GX93,0) -> 0 | GR93: 0 | GS93: 4 | GT93: 0 | GV93: =ROUND((GT93),2) -> 0 | GW93: 1 | GX93: =ROUND(HC93*I93,2) -> 0 | HA93: 0 | HB93: 0 | HC93: =GV93*GW93 -> 0 | IK93: 0
A94: 17 | B94: 1 | E94: 15 | F94: 2.12 | G94: Перекрытия монолитные | H94: КОМПЛ | I94: 0 | J94: 0 | L94: 1 | M94: 0.45 | N94: =ROUND(L94-M94,4) -> 0.55 | O94: =ROUND(CP94,2) -> 0 | P94: =ROUND(CQ94*I94,2) -> 0 | Q94: =ROUND(CR94*I94,2) -> 0 | R94: =ROUND(CS94*I94,2) -> 0 | S94: =ROUND(CT94*I94,2) -> 0 | T94: =ROUND(CU94*I94,2) -> 0 | U94: =CV94*I94 -> 0 | V94: =CW94*I94 -> 0 | W94: =ROUND(CX94*I94,2) -> 0 | X94: =ROUND(CY94,2) -> 0 | Y94: =ROUND(CZ94,2) -> 0 | AA94: 58262851 | AB94: =ROUND((AC94+AD94+AF94),2) -> 68215417 | AC94: =ROUND((ES94),2) -> 0 | AD94: =ROUND((ET94),2) -> 0 | AE94: =ROUND((EU94),2) -> 0 | AF94: =ROUND((EV94),2) -> 68215417 | AG94: =ROUND((AP94),2) -> 0 | AH94: =(EW94) -> 0 | AI94: =(EX94) -> 0 | AJ94: =(AS94) -> 0 | AK94: 68215417 | AL94: 0 | AM94: 0 | AN94: 0 | AO94: 68215417 | AP94: 0 | AQ94: 0 | AR94: 0 | AS94: 0 | AT94: 0 | AU94: 0 | AV94: 1 | AW94: 1 | AZ94: 1 | BA94: 1 | BB94: 1 | BC94: 1 | BH94: 0 | BI94: 1 | BM94: 1211 | BN94: 0 | BP94: 0 | BQ94: 8 | BR94: 0 | BS94: 1 | BT94: 1 | BU94: 1 | BV94: 1 | BW94: 1 | BX94: 1 | BZ94: 0 | CA94: 0 | CE94: 0 | CF94: 0 | CG94: 0 | CH94: 15 | CI94: 0 | CJ94: 0 | CK94: 0 | CL94: 0 | CM94: 0 | CO94: 0 | CP94: =(P94+Q94+S94) -> 0 | CQ94: =AC94*BC94 -> 0 | CR94: =((AD94*BB94-(EU94)*BS94)+AE94*BS94) -> 0 | CS94: =AE94*BS94 -> 0 | CT94: =AF94*BA94 -> 68215417 | CU94: =AG94 -> 0 | CV94: =AH94 -> 0 | CW94: =AI94 -> 0 | CX94: =AJ94 -> 0 | CY94: =(((S94+R94)*FX94)/100) -> 0 | CZ94: =(((S94+R94)*CA94)/100) -> 0 | DN94: 0 | DO94: 0 | DP94: 1 | DQ94: 1 | DU94: 1013 | DV94: КОМПЛ | DW94: КОМПЛ | DX94: 1 | EE94: 58262974 | EF94: 8 | EG94: Материалы | EH94: 0 | EJ94: 1 | EK94: 1211 | EL94: Материал по прайсу | EM94: материалы | EQ94: 0 | ER94: 68215417 | ES94: 0 | ET94: 0 | EU94: 0 | EV94: 68215417 | EW94: 0 | EX94: 0 | EY94: 0 | FQ94: 0 | FR94: =ROUND(IF(AND(BH94=3,BI94=3),P94,0),2) -> 0 | FS94: 0 | FT94: *0,94 | FX94: 0 | FY94: 0 | GD94: 1 | GF94: 960889979 | GG94: 2 | GH94: 2 | GI94: 0 | GJ94: 0 | GK94: 0 | GL94: =ROUND(IF(AND(BH94=3,BI94=3,FS94<>0),P94,0),2) -> 0 | GM94: =ROUND(O94+X94+Y94,2)+GX94 -> 0 | GN94: =IF(OR(BI94=0,BI94=1),ROUND(O94+X94+Y94,2),0) -> 0 | GO94: =IF(BI94=2,ROUND(O94+X94+Y94,2),0) -> 0 | GP94: =IF(BI94=4,ROUND(O94+X94+Y94,2)+GX94,0) -> 0 | GR94: 0 | GS94: 4 | GT94: 0 | GV94: =ROUND((GT94),2) -> 0 | GW94: 1 | GX94: =ROUND(HC94*I94,2) -> 0 | HA94: 0 | HB94: 0 | HC94: =GV94*GW94 -> 0 | IK94: 0
A95: 17 | B95: 1 | E95: 16 | F95: 2.13 | G95: Шахты монолитные (Ш1.2,Ш2.2,Ш1.3,Ш1.4) | H95: КОМПЛ | I95: 0.17 | J95: 0 | L95: 1 | M95: 0.29 | N95: =ROUND(L95-M95,4) -> 0.71 | O95: =ROUND(CP95,2) -> 1892095.1 | P95: =ROUND(CQ95*I95,2) -> 0 | Q95: =ROUND(CR95*I95,2) -> 0 | R95: =ROUND(CS95*I95,2) -> 0 | S95: =ROUND(CT95*I95,2) -> 1892095.1 | T95: =ROUND(CU95*I95,2) -> 0 | U95: =CV95*I95 -> 0 | V95: =CW95*I95 -> 0 | W95: =ROUND(CX95*I95,2) -> 0 | X95: =ROUND(CY95,2) -> 0 | Y95: =ROUND(CZ95,2) -> 0 | AA95: 58262852 | AB95: =ROUND((AC95+AD95+AF95),2) -> 11129971 | AC95: =ROUND((ES95),2) -> 0 | AD95: =ROUND((ET95),2) -> 0 | AE95: =ROUND((EU95),2) -> 0 | AF95: =ROUND((EV95),2) -> 11129971 | AG95: =ROUND((AP95),2) -> 0 | AH95: =(EW95) -> 0 | AI95: =(EX95) -> 0 | AJ95: =(AS95) -> 0 | AK95: 11129971 | AL95: 0 | AM95: 0 | AN95: 0 | AO95: 11129971 | AP95: 0 | AQ95: 0 | AR95: 0 | AS95: 0 | AT95: 0 | AU95: 0 | AV95: 1 | AW95: 1 | AZ95: 1 | BA95: 1 | BB95: 1 | BC95: 1 | BH95: 0 | BI95: 1 | BM95: 1211 | BN95: 0 | BP95: 0 | BQ95: 8 | BR95: 0 | BS95: 1 | BT95: 1 | BU95: 1 | BV95: 1 | BW95: 1 | BX95: 1 | BZ95: 0 | CA95: 0 | CE95: 0 | CF95: 0 | CG95: 0 | CH95: 16 | CI95: 0 | CJ95: 0 | CK95: 0 | CL95: 0 | CM95: 0 | CO95: 0 | CP95: =(P95+Q95+S95) -> 1892095.1 | CQ95: =AC95*BC95 -> 0 | CR95: =((AD95*BB95-(EU95)*BS95)+AE95*BS95) -> 0 | CS95: =AE95*BS95 -> 0 | CT95: =AF95*BA95 -> 11129971 | CU95: =AG95 -> 0 | CV95: =AH95 -> 0 | CW95: =AI95 -> 0 | CX95: =AJ95 -> 0 | CY95: =(((S95+R95)*FX95)/100) -> 0 | CZ95: =(((S95+R95)*CA95)/100) -> 0 | DN95: 0 | DO95: 0 | DP95: 1 | DQ95: 1 | DU95: 1013 | DV95: КОМПЛ | DW95: КОМПЛ | DX95: 1 | EE95: 58262974 | EF95: 8 | EG95: Материалы | EH95: 0 | EJ95: 1 | EK95: 1211 | EL95: Материал по прайсу | EM95: материалы | EQ95: 0 | ER95: 11129971 | ES95: 0 | ET95: 0 | EU95: 0 | EV95: 11129971 | EW95: 0 | EX95: 0 | EY95: 0 | FQ95: 0 | FR95: =ROUND(IF(AND(BH95=3,BI95=3),P95,0),2) -> 0 | FS95: 0 | FT95: *0,94 | FX95: 0 | FY95: 0 | GD95: 1 | GF95: 373132268 | GG95: 2 | GH95: 2 | GI95: 0 | GJ95: 0 | GK95: 0 | GL95: =ROUND(IF(AND(BH95=3,BI95=3,FS95<>0),P95,0),2) -> 0 | GM95: =ROUND(O95+X95+Y95,2)+GX95 -> 1892095.1 | GN95: =IF(OR(BI95=0,BI95=1),ROUND(O95+X95+Y95,2),0) -> 1892095.1 | GO95: =IF(BI95=2,ROUND(O95+X95+Y95,2),0) -> 0 | GP95: =IF(BI95=4,ROUND(O95+X95+Y95,2)+GX95,0) -> 0 | GR95: 0 | GS95: 4 | GT95: 0 | GV95: =ROUND((GT95),2) -> 0 | GW95: 1 | GX95: =ROUND(HC95*I95,2) -> 0 | HA95: 0 | HB95: 0 | HC95: =GV95*GW95 -> 0 | IK95: 0
A96: 17 | B96: 1 | E96: 16 | F96: 2.13 | G96: Шахты монолитные (Ш1.2,Ш2.2,Ш1.3,Ш1.4) | H96: КОМПЛ | I96: 0.17 | J96: 0 | L96: 1 | M96: 0.29 | N96: =ROUND(L96-M96,4) -> 0.71 | O96: =ROUND(CP96,2) -> 1892095.1 | P96: =ROUND(CQ96*I96,2) -> 0 | Q96: =ROUND(CR96*I96,2) -> 0 | R96: =ROUND(CS96*I96,2) -> 0 | S96: =ROUND(CT96*I96,2) -> 1892095.1 | T96: =ROUND(CU96*I96,2) -> 0 | U96: =CV96*I96 -> 0 | V96: =CW96*I96 -> 0 | W96: =ROUND(CX96*I96,2) -> 0 | X96: =ROUND(CY96,2) -> 0 | Y96: =ROUND(CZ96,2) -> 0 | AA96: 58262851 | AB96: =ROUND((AC96+AD96+AF96),2) -> 11129971 | AC96: =ROUND((ES96),2) -> 0 | AD96: =ROUND((ET96),2) -> 0 | AE96: =ROUND((EU96),2) -> 0 | AF96: =ROUND((EV96),2) -> 11129971 | AG96: =ROUND((AP96),2) -> 0 | AH96: =(EW96) -> 0 | AI96: =(EX96) -> 0 | AJ96: =(AS96) -> 0 | AK96: 11129971 | AL96: 0 | AM96: 0 | AN96: 0 | AO96: 11129971 | AP96: 0 | AQ96: 0 | AR96: 0 | AS96: 0 | AT96: 0 | AU96: 0 | AV96: 1 | AW96: 1 | AZ96: 1 | BA96: 1 | BB96: 1 | BC96: 1 | BH96: 0 | BI96: 1 | BM96: 1211 | BN96: 0 | BP96: 0 | BQ96: 8 | BR96: 0 | BS96: 1 | BT96: 1 | BU96: 1 | BV96: 1 | BW96: 1 | BX96: 1 | BZ96: 0 | CA96: 0 | CE96: 0 | CF96: 0 | CG96: 0 | CH96: 16 | CI96: 0 | CJ96: 0 | CK96: 0 | CL96: 0 | CM96: 0 | CO96: 0 | CP96: =(P96+Q96+S96) -> 1892095.1 | CQ96: =AC96*BC96 -> 0 | CR96: =((AD96*BB96-(EU96)*BS96)+AE96*BS96) -> 0 | CS96: =AE96*BS96 -> 0 | CT96: =AF96*BA96 -> 11129971 | CU96: =AG96 -> 0 | CV96: =AH96 -> 0 | CW96: =AI96 -> 0 | CX96: =AJ96 -> 0 | CY96: =(((S96+R96)*FX96)/100) -> 0 | CZ96: =(((S96+R96)*CA96)/100) -> 0 | DN96: 0 | DO96: 0 | DP96: 1 | DQ96: 1 | DU96: 1013 | DV96: КОМПЛ | DW96: КОМПЛ | DX96: 1 | EE96: 58262974 | EF96: 8 | EG96: Материалы | EH96: 0 | EJ96: 1 | EK96: 1211 | EL96: Материал по прайсу | EM96: материалы | EQ96: 0 | ER96: 11129971 | ES96: 0 | ET96: 0 | EU96: 0 | EV96: 11129971 | EW96: 0 | EX96: 0 | EY96: 0 | FQ96: 0 | FR96: =ROUND(IF(AND(BH96=3,BI96=3),P96,0),2) -> 0 | FS96: 0 | FT96: *0,94 | FX96: 0 | FY96: 0 | GD96: 1 | GF96: 373132268 | GG96: 2 | GH96: 2 | GI96: 0 | GJ96: 0 | GK96: 0 | GL96: =ROUND(IF(AND(BH96=3,BI96=3,FS96<>0),P96,0),2) -> 0 | GM96: =ROUND(O96+X96+Y96,2)+GX96 -> 1892095.1 | GN96: =IF(OR(BI96=0,BI96=1),ROUND(O96+X96+Y96,2),0) -> 1892095.1 | GO96: =IF(BI96=2,ROUND(O96+X96+Y96,2),0) -> 0 | GP96: =IF(BI96=4,ROUND(O96+X96+Y96,2)+GX96,0) -> 0 | GR96: 0 | GS96: 4 | GT96: 0 | GV96: =ROUND((GT96),2) -> 0 | GW96: 1 | GX96: =ROUND(HC96*I96,2) -> 0 | HA96: 0 | HB96: 0 | HC96: =GV96*GW96 -> 0 | IK96: 0
A97: 17 | B97: 1 | E97: 17 | F97: 2.14 | G97: Лестницы межэтажные | H97: КОМПЛ | I97: 0.12 | J97: 0 | L97: 1 | M97: 0.3 | N97: =ROUND(L97-M97,4) -> 0.7 | O97: =ROUND(CP97,2) -> 764915.6 | P97: =ROUND(CQ97*I97,2) -> 0 | Q97: =ROUND(CR97*I97,2) -> 0 | R97: =ROUND(CS97*I97,2) -> 0 | S97: =ROUND(CT97*I97,2) -> 764915.6 | T97: =ROUND(CU97*I97,2) -> 0 | U97: =CV97*I97 -> 0 | V97: =CW97*I97 -> 0 | W97: =ROUND(CX97*I97,2) -> 0 | X97: =ROUND(CY97,2) -> 0 | Y97: =ROUND(CZ97,2) -> 0 | AA97: 58262852 | AB97: =ROUND((AC97+AD97+AF97),2) -> 6374296.6 | AC97: =ROUND((ES97),2) -> 0 | AD97: =ROUND((ET97),2) -> 0 | AE97: =ROUND((EU97),2) -> 0 | AF97: =ROUND((EV97),2) -> 6374296.6 | AG97: =ROUND((AP97),2) -> 0 | AH97: =(EW97) -> 0 | AI97: =(EX97) -> 0 | AJ97: =(AS97) -> 0 | AK97: 6374296.6 | AL97: 0 | AM97: 0 | AN97: 0 | AO97: 6374296.6 | AP97: 0 | AQ97: 0 | AR97: 0 | AS97: 0 | AT97: 0 | AU97: 0 | AV97: 1 | AW97: 1 | AZ97: 1 | BA97: 1 | BB97: 1 | BC97: 1 | BH97: 0 | BI97: 1 | BM97: 1211 | BN97: 0 | BP97: 0 | BQ97: 8 | BR97: 0 | BS97: 1 | BT97: 1 | BU97: 1 | BV97: 1 | BW97: 1 | BX97: 1 | BZ97: 0 | CA97: 0 | CE97: 0 | CF97: 0 | CG97: 0 | CH97: 17 | CI97: 0 | CJ97: 0 | CK97: 0 | CL97: 0 | CM97: 0 | CO97: 0 | CP97: =(P97+Q97+S97) -> 764915.6 | CQ97: =AC97*BC97 -> 0 | CR97: =((AD97*BB97-(EU97)*BS97)+AE97*BS97) -> 0 | CS97: =AE97*BS97 -> 0 | CT97: =AF97*BA97 -> 6374296.6 | CU97: =AG97 -> 0 | CV97: =AH97 -> 0 | CW97: =AI97 -> 0 | CX97: =AJ97 -> 0 | CY97: =(((S97+R97)*FX97)/100) -> 0 | CZ97: =(((S97+R97)*CA97)/100) -> 0 | DN97: 0 | DO97: 0 | DP97: 1 | DQ97: 1 | DU97: 1013 | DV97: КОМПЛ | DW97: КОМПЛ | DX97: 1 | EE97: 58262974 | EF97: 8 | EG97: Материалы | EH97: 0 | EJ97: 1 | EK97: 1211 | EL97: Материал по прайсу | EM97: материалы | EQ97: 0 | ER97: 6374296.6 | ES97: 0 | ET97: 0 | EU97: 0 | EV97: 6374296.6 | EW97: 0 | EX97: 0 | EY97: 0 | FQ97: 0 | FR97: =ROUND(IF(AND(BH97=3,BI97=3),P97,0),2) -> 0 | FS97: 0 | FT97: *0,94 | FX97: 0 | FY97: 0 | GD97: 1 | GF97: 1823882884 | GG97: 2 | GH97: 2 | GI97: 0 | GJ97: 0 | GK97: 0 | GL97: =ROUND(IF(AND(BH97=3,BI97=3,FS97<>0),P97,0),2) -> 0 | GM97: =ROUND(O97+X97+Y97,2)+GX97 -> 764915.6 | GN97: =IF(OR(BI97=0,BI97=1),ROUND(O97+X97+Y97,2),0) -> 764915.6 | GO97: =IF(BI97=2,ROUND(O97+X97+Y97,2),0) -> 0 | GP97: =IF(BI97=4,ROUND(O97+X97+Y97,2)+GX97,0) -> 0 | GR97: 0 | GS97: 4 | GT97: 0 | GV97: =ROUND((GT97),2) -> 0 | GW97: 1 | GX97: =ROUND(HC97*I97,2) -> 0 | HA97: 0 | HB97: 0 | HC97: =GV97*GW97 -> 0 | IK97: 0
A98: 17 | B98: 1 | E98: 17 | F98: 2.14 | G98: Лестницы межэтажные | H98: КОМПЛ | I98: 0.12 | J98: 0 | L98: 1 | M98: 0.3 | N98: =ROUND(L98-M98,4) -> 0.7 | O98: =ROUND(CP98,2) -> 764915.6 | P98: =ROUND(CQ98*I98,2) -> 0 | Q98: =ROUND(CR98*I98,2) -> 0 | R98: =ROUND(CS98*I98,2) -> 0 | S98: =ROUND(CT98*I98,2) -> 764915.6 | T98: =ROUND(CU98*I98,2) -> 0 | U98: =CV98*I98 -> 0 | V98: =CW98*I98 -> 0 | W98: =ROUND(CX98*I98,2) -> 0 | X98: =ROUND(CY98,2) -> 0 | Y98: =ROUND(CZ98,2) -> 0 | AA98: 58262851 | AB98: =ROUND((AC98+AD98+AF98),2) -> 6374296.6 | AC98: =ROUND((ES98),2) -> 0 | AD98: =ROUND((ET98),2) -> 0 | AE98: =ROUND((EU98),2) -> 0 | AF98: =ROUND((EV98),2) -> 6374296.6 | AG98: =ROUND((AP98),2) -> 0 | AH98: =(EW98) -> 0 | AI98: =(EX98) -> 0 | AJ98: =(AS98) -> 0 | AK98: 6374296.6 | AL98: 0 | AM98: 0 | AN98: 0 | AO98: 6374296.6 | AP98: 0 | AQ98: 0 | AR98: 0 | AS98: 0 | AT98: 0 | AU98: 0 | AV98: 1 | AW98: 1 | AZ98: 1 | BA98: 1 | BB98: 1 | BC98: 1 | BH98: 0 | BI98: 1 | BM98: 1211 | BN98: 0 | BP98: 0 | BQ98: 8 | BR98: 0 | BS98: 1 | BT98: 1 | BU98: 1 | BV98: 1 | BW98: 1 | BX98: 1 | BZ98: 0 | CA98: 0 | CE98: 0 | CF98: 0 | CG98: 0 | CH98: 17 | CI98: 0 | CJ98: 0 | CK98: 0 | CL98: 0 | CM98: 0 | CO98: 0 | CP98: =(P98+Q98+S98) -> 764915.6 | CQ98: =AC98*BC98 -> 0 | CR98: =((AD98*BB98-(EU98)*BS98)+AE98*BS98) -> 0 | CS98: =AE98*BS98 -> 0 | CT98: =AF98*BA98 -> 6374296.6 | CU98: =AG98 -> 0 | CV98: =AH98 -> 0 | CW98: =AI98 -> 0 | CX98: =AJ98 -> 0 | CY98: =(((S98+R98)*FX98)/100) -> 0 | CZ98: =(((S98+R98)*CA98)/100) -> 0 | DN98: 0 | DO98: 0 | DP98: 1 | DQ98: 1 | DU98: 1013 | DV98: КОМПЛ | DW98: КОМПЛ | DX98: 1 | EE98: 58262974 | EF98: 8 | EG98: Материалы | EH98: 0 | EJ98: 1 | EK98: 1211 | EL98: Материал по прайсу | EM98: материалы | EQ98: 0 | ER98: 6374296.6 | ES98: 0 | ET98: 0 | EU98: 0 | EV98: 6374296.6 | EW98: 0 | EX98: 0 | EY98: 0 | FQ98: 0 | FR98: =ROUND(IF(AND(BH98=3,BI98=3),P98,0),2) -> 0 | FS98: 0 | FT98: *0,94 | FX98: 0 | FY98: 0 | GD98: 1 | GF98: 1823882884 | GG98: 2 | GH98: 2 | GI98: 0 | GJ98: 0 | GK98: 0 | GL98: =ROUND(IF(AND(BH98=3,BI98=3,FS98<>0),P98,0),2) -> 0 | GM98: =ROUND(O98+X98+Y98,2)+GX98 -> 764915.6 | GN98: =IF(OR(BI98=0,BI98=1),ROUND(O98+X98+Y98,2),0) -> 764915.6 | GO98: =IF(BI98=2,ROUND(O98+X98+Y98,2),0) -> 0 | GP98: =IF(BI98=4,ROUND(O98+X98+Y98,2)+GX98,0) -> 0 | GR98: 0 | GS98: 4 | GT98: 0 | GV98: =ROUND((GT98),2) -> 0 | GW98: 1 | GX98: =ROUND(HC98*I98,2) -> 0 | HA98: 0 | HB98: 0 | HC98: =GV98*GW98 -> 0 | IK98: 0
A99: 19 | B99: 1 | G99: Наружные, внутренние стены и перегородки | AA99: 1 | IK99: 0
A100: 17 | B100: 1 | E100: 18 | F100: 2.15 | G100: Стены наружные | H100: КОМПЛ | I100: 0.032 | J100: 0 | L100: 1 | M100: 0.042 | N100: =ROUND(L100-M100,4) -> 0.958 | O100: =ROUND(CP100,2) -> 2342837 | P100: =ROUND(CQ100*I100,2) -> 0 | Q100: =ROUND(CR100*I100,2) -> 0 | R100: =ROUND(CS100*I100,2) -> 0 | S100: =ROUND(CT100*I100,2) -> 2342837 | T100: =ROUND(CU100*I100,2) -> 0 | U100: =CV100*I100 -> 0 | V100: =CW100*I100 -> 0 | W100: =ROUND(CX100*I100,2) -> 0 | X100: =ROUND(CY100,2) -> 0 | Y100: =ROUND(CZ100,2) -> 0 | AA100: 58262852 | AB100: =ROUND((AC100+AD100+AF100),2) -> 73213655 | AC100: =ROUND((ES100),2) -> 0 | AD100: =ROUND((ET100),2) -> 0 | AE100: =ROUND((EU100),2) -> 0 | AF100: =ROUND((EV100),2) -> 73213655 | AG100: =ROUND((AP100),2) -> 0 | AH100: =(EW100) -> 0 | AI100: =(EX100) -> 0 | AJ100: =(AS100) -> 0 | AK100: 73213655 | AL100: 0 | AM100: 0 | AN100: 0 | AO100: 73213655 | AP100: 0 | AQ100: 0 | AR100: 0 | AS100: 0 | AT100: 0 | AU100: 0 | AV100: 1 | AW100: 1 | AZ100: 1 | BA100: 1 | BB100: 1 | BC100: 1 | BH100: 0 | BI100: 1 | BM100: 1211 | BN100: 0 | BP100: 0 | BQ100: 8 | BR100: 0 | BS100: 1 | BT100: 1 | BU100: 1 | BV100: 1 | BW100: 1 | BX100: 1 | BZ100: 0 | CA100: 0 | CE100: 0 | CF100: 0 | CG100: 0 | CH100: 18 | CI100: 0 | CJ100: 0 | CK100: 0 | CL100: 0 | CM100: 0 | CO100: 0 | CP100: =(P100+Q100+S100) -> 2342837 | CQ100: =AC100*BC100 -> 0 | CR100: =((AD100*BB100-(EU100)*BS100)+AE100*BS100) -> 0 | CS100: =AE100*BS100 -> 0 | CT100: =AF100*BA100 -> 73213655 | CU100: =AG100 -> 0 | CV100: =AH100 -> 0 | CW100: =AI100 -> 0 | CX100: =AJ100 -> 0 | CY100: =(((S100+R100)*FX100)/100) -> 0 | CZ100: =(((S100+R100)*CA100)/100) -> 0 | DN100: 0 | DO100: 0 | DP100: 1 | DQ100: 1 | DU100: 1013 | DV100: КОМПЛ | DW100: КОМПЛ | DX100: 1 | EE100: 58262974 | EF100: 8 | EG100: Материалы | EH100: 0 | EJ100: 1 | EK100: 1211 | EL100: Материал по прайсу | EM100: материалы | EQ100: 0 | ER100: 73213655 | ES100: 0 | ET100: 0 | EU100: 0 | EV100: 73213655 | EW100: 0 | EX100: 0 | EY100: 0 | FQ100: 0 | FR100: =ROUND(IF(AND(BH100=3,BI100=3),P100,0),2) -> 0 | FS100: 0 | FT100: *0,94 | FX100: 0 | FY100: 0 | GD100: 1 | GF100: 1058677549 | GG100: 2 | GH100: 2 | GI100: 0 | GJ100: 0 | GK100: 0 | GL100: =ROUND(IF(AND(BH100=3,BI100=3,FS100<>0),P100,0),2) -> 0 | GM100: =ROUND(O100+X100+Y100,2)+GX100 -> 2342837 | GN100: =IF(OR(BI100=0,BI100=1),ROUND(O100+X100+Y100,2),0) -> 2342837 | GO100: =IF(BI100=2,ROUND(O100+X100+Y100,2),0) -> 0 | GP100: =IF(BI100=4,ROUND(O100+X100+Y100,2)+GX100,0) -> 0 | GR100: 0 | GS100: 4 | GT100: 0 | GV100: =ROUND((GT100),2) -> 0 | GW100: 1 | GX100: =ROUND(HC100*I100,2) -> 0 | HA100: 0 | HB100: 0 | HC100: =GV100*GW100 -> 0 | IK100: 0
A101: 17 | B101: 1 | E101: 18 | F101: 2.15 | G101: Стены наружные | H101: КОМПЛ | I101: 0.032 | J101: 0 | L101: 1 | M101: 0.042 | N101: =ROUND(L101-M101,4) -> 0.958 | O101: =ROUND(CP101,2) -> 2487793.4 | P101: =ROUND(CQ101*I101,2) -> 0 | Q101: =ROUND(CR101*I101,2) -> 0 | R101: =ROUND(CS101*I101,2) -> 0 | S101: =ROUND(CT101*I101,2) -> 2487793.4 | T101: =ROUND(CU101*I101,2) -> 0 | U101: =CV101*I101 -> 0 | V101: =CW101*I101 -> 0 | W101: =ROUND(CX101*I101,2) -> 0 | X101: =ROUND(CY101,2) -> 0 | Y101: =ROUND(CZ101,2) -> 0 | AA101: 58262851 | AB101: =ROUND((AC101+AD101+AF101),2) -> 77743545 | AC101: =ROUND((ES101),2) -> 0 | AD101: =ROUND((ET101),2) -> 0 | AE101: =ROUND((EU101),2) -> 0 | AF101: =ROUND((EV101),2) -> 77743545 | AG101: =ROUND((AP101),2) -> 0 | AH101: =(EW101) -> 0 | AI101: =(EX101) -> 0 | AJ101: =(AS101) -> 0 | AK101: 77743545 | AL101: 0 | AM101: 0 | AN101: 0 | AO101: 77743545 | AP101: 0 | AQ101: 0 | AR101: 0 | AS101: 0 | AT101: 0 | AU101: 0 | AV101: 1 | AW101: 1 | AZ101: 1 | BA101: 1 | BB101: 1 | BC101: 1 | BH101: 0 | BI101: 1 | BM101: 1211 | BN101: 0 | BP101: 0 | BQ101: 8 | BR101: 0 | BS101: 1 | BT101: 1 | BU101: 1 | BV101: 1 | BW101: 1 | BX101: 1 | BZ101: 0 | CA101: 0 | CE101: 0 | CF101: 0 | CG101: 0 | CH101: 18 | CI101: 0 | CJ101: 0 | CK101: 0 | CL101: 0 | CM101: 0 | CO101: 0 | CP101: =(P101+Q101+S101) -> 2487793.4 | CQ101: =AC101*BC101 -> 0 | CR101: =((AD101*BB101-(EU101)*BS101)+AE101*BS101) -> 0 | CS101: =AE101*BS101 -> 0 | CT101: =AF101*BA101 -> 77743545 | CU101: =AG101 -> 0 | CV101: =AH101 -> 0 | CW101: =AI101 -> 0 | CX101: =AJ101 -> 0 | CY101: =(((S101+R101)*FX101)/100) -> 0 | CZ101: =(((S101+R101)*CA101)/100) -> 0 | DN101: 0 | DO101: 0 | DP101: 1 | DQ101: 1 | DU101: 1013 | DV101: КОМПЛ | DW101: КОМПЛ | DX101: 1 | EE101: 58262974 | EF101: 8 | EG101: Материалы | EH101: 0 | EJ101: 1 | EK101: 1211 | EL101: Материал по прайсу | EM101: материалы | EQ101: 0 | ER101: 77743545 | ES101: 0 | ET101: 0 | EU101: 0 | EV101: 77743545 | EW101: 0 | EX101: 0 | EY101: 0 | FQ101: 0 | FR101: =ROUND(IF(AND(BH101=3,BI101=3),P101,0),2) -> 0 | FS101: 0 | FT101: *0,94 | FX101: 0 | FY101: 0 | GD101: 1 | GF101: 1058677549 | GG101: 2 | GH101: 2 | GI101: 0 | GJ101: 0 | GK101: 0 | GL101: =ROUND(IF(AND(BH101=3,BI101=3,FS101<>0),P101,0),2) -> 0 | GM101: =ROUND(O101+X101+Y101,2)+GX101 -> 2487793.4 | GN101: =IF(OR(BI101=0,BI101=1),ROUND(O101+X101+Y101,2),0) -> 2487793.4 | GO101: =IF(BI101=2,ROUND(O101+X101+Y101,2),0) -> 0 | GP101: =IF(BI101=4,ROUND(O101+X101+Y101,2)+GX101,0) -> 0 | GR101: 0 | GS101: 4 | GT101: 0 | GV101: =ROUND((GT101),2) -> 0 | GW101: 1 | GX101: =ROUND(HC101*I101,2) -> 0 | HA101: 0 | HB101: 0 | HC101: =GV101*GW101 -> 0 | IK101: 0
A102: 17 | B102: 1 | E102: 19 | F102: 2.16 | G102: Стены и перегородки внутренние | H102: КОМПЛ | I102: 0 | J102: 0 | L102: 1 | M102: 0.033 | N102: =ROUND(L102-M102,4) -> 0.967 | O102: =ROUND(CP102,2) -> 0 | P102: =ROUND(CQ102*I102,2) -> 0 | Q102: =ROUND(CR102*I102,2) -> 0 | R102: =ROUND(CS102*I102,2) -> 0 | S102: =ROUND(CT102*I102,2) -> 0 | T102: =ROUND(CU102*I102,2) -> 0 | U102: =CV102*I102 -> 0 | V102: =CW102*I102 -> 0 | W102: =ROUND(CX102*I102,2) -> 0 | X102: =ROUND(CY102,2) -> 0 | Y102: =ROUND(CZ102,2) -> 0 | AA102: 58262852 | AB102: =ROUND((AC102+AD102+AF102),2) -> 25222184 | AC102: =ROUND((ES102),2) -> 0 | AD102: =ROUND((ET102),2) -> 0 | AE102: =ROUND((EU102),2) -> 0 | AF102: =ROUND((EV102),2) -> 25222184 | AG102: =ROUND((AP102),2) -> 0 | AH102: =(EW102) -> 0 | AI102: =(EX102) -> 0 | AJ102: =(AS102) -> 0 | AK102: 25222184 | AL102: 0 | AM102: 0 | AN102: 0 | AO102: 25222184 | AP102: 0 | AQ102: 0 | AR102: 0 | AS102: 0 | AT102: 0 | AU102: 0 | AV102: 1 | AW102: 1 | AZ102: 1 | BA102: 1 | BB102: 1 | BC102: 1 | BH102: 0 | BI102: 1 | BM102: 1211 | BN102: 0 | BP102: 0 | BQ102: 8 | BR102: 0 | BS102: 1 | BT102: 1 | BU102: 1 | BV102: 1 | BW102: 1 | BX102: 1 | BZ102: 0 | CA102: 0 | CE102: 0 | CF102: 0 | CG102: 0 | CH102: 19 | CI102: 0 | CJ102: 0 | CK102: 0 | CL102: 0 | CM102: 0 | CO102: 0 | CP102: =(P102+Q102+S102) -> 0 | CQ102: =AC102*BC102 -> 0 | CR102: =((AD102*BB102-(EU102)*BS102)+AE102*BS102) -> 0 | CS102: =AE102*BS102 -> 0 | CT102: =AF102*BA102 -> 25222184 | CU102: =AG102 -> 0 | CV102: =AH102 -> 0 | CW102: =AI102 -> 0 | CX102: =AJ102 -> 0 | CY102: =(((S102+R102)*FX102)/100) -> 0 | CZ102: =(((S102+R102)*CA102)/100) -> 0 | DN102: 0 | DO102: 0 | DP102: 1 | DQ102: 1 | DU102: 1013 | DV102: КОМПЛ | DW102: КОМПЛ | DX102: 1 | EE102: 58262974 | EF102: 8 | EG102: Материалы | EH102: 0 | EJ102: 1 | EK102: 1211 | EL102: Материал по прайсу | EM102: материалы | EQ102: 0 | ER102: 25222184 | ES102: 0 | ET102: 0 | EU102: 0 | EV102: 25222184 | EW102: 0 | EX102: 0 | EY102: 0 | FQ102: 0 | FR102: =ROUND(IF(AND(BH102=3,BI102=3),P102,0),2) -> 0 | FS102: 0 | FT102: *0,94 | FX102: 0 | FY102: 0 | GD102: 1 | GF102: 62690720 | GG102: 2 | GH102: 2 | GI102: 0 | GJ102: 0 | GK102: 0 | GL102: =ROUND(IF(AND(BH102=3,BI102=3,FS102<>0),P102,0),2) -> 0 | GM102: =ROUND(O102+X102+Y102,2)+GX102 -> 0 | GN102: =IF(OR(BI102=0,BI102=1),ROUND(O102+X102+Y102,2),0) -> 0 | GO102: =IF(BI102=2,ROUND(O102+X102+Y102,2),0) -> 0 | GP102: =IF(BI102=4,ROUND(O102+X102+Y102,2)+GX102,0) -> 0 | GR102: 0 | GS102: 4 | GT102: 0 | GV102: =ROUND((GT102),2) -> 0 | GW102: 1 | GX102: =ROUND(HC102*I102,2) -> 0 | HA102: 0 | HB102: 0 | HC102: =GV102*GW102 -> 0 | IK102: 0
A103: 17 | B103: 1 | E103: 19 | F103: 2.16 | G103: Стены и перегородки внутренние | H103: КОМПЛ | I103: 0 | J103: 0 | L103: 1 | M103: 0.033 | N103: =ROUND(L103-M103,4) -> 0.967 | O103: =ROUND(CP103,2) -> 0 | P103: =ROUND(CQ103*I103,2) -> 0 | Q103: =ROUND(CR103*I103,2) -> 0 | R103: =ROUND(CS103*I103,2) -> 0 | S103: =ROUND(CT103*I103,2) -> 0 | T103: =ROUND(CU103*I103,2) -> 0 | U103: =CV103*I103 -> 0 | V103: =CW103*I103 -> 0 | W103: =ROUND(CX103*I103,2) -> 0 | X103: =ROUND(CY103,2) -> 0 | Y103: =ROUND(CZ103,2) -> 0 | AA103: 58262851 | AB103: =ROUND((AC103+AD103+AF103),2) -> 26085845 | AC103: =ROUND((ES103),2) -> 0 | AD103: =ROUND((ET103),2) -> 0 | AE103: =ROUND((EU103),2) -> 0 | AF103: =ROUND((EV103),2) -> 26085845 | AG103: =ROUND((AP103),2) -> 0 | AH103: =(EW103) -> 0 | AI103: =(EX103) -> 0 | AJ103: =(AS103) -> 0 | AK103: 26085845 | AL103: 0 | AM103: 0 | AN103: 0 | AO103: 26085845 | AP103: 0 | AQ103: 0 | AR103: 0 | AS103: 0 | AT103: 0 | AU103: 0 | AV103: 1 | AW103: 1 | AZ103: 1 | BA103: 1 | BB103: 1 | BC103: 1 | BH103: 0 | BI103: 1 | BM103: 1211 | BN103: 0 | BP103: 0 | BQ103: 8 | BR103: 0 | BS103: 1 | BT103: 1 | BU103: 1 | BV103: 1 | BW103: 1 | BX103: 1 | BZ103: 0 | CA103: 0 | CE103: 0 | CF103: 0 | CG103: 0 | CH103: 19 | CI103: 0 | CJ103: 0 | CK103: 0 | CL103: 0 | CM103: 0 | CO103: 0 | CP103: =(P103+Q103+S103) -> 0 | CQ103: =AC103*BC103 -> 0 | CR103: =((AD103*BB103-(EU103)*BS103)+AE103*BS103) -> 0 | CS103: =AE103*BS103 -> 0 | CT103: =AF103*BA103 -> 26085845 | CU103: =AG103 -> 0 | CV103: =AH103 -> 0 | CW103: =AI103 -> 0 | CX103: =AJ103 -> 0 | CY103: =(((S103+R103)*FX103)/100) -> 0 | CZ103: =(((S103+R103)*CA103)/100) -> 0 | DN103: 0 | DO103: 0 | DP103: 1 | DQ103: 1 | DU103: 1013 | DV103: КОМПЛ | DW103: КОМПЛ | DX103: 1 | EE103: 58262974 | EF103: 8 | EG103: Материалы | EH103: 0 | EJ103: 1 | EK103: 1211 | EL103: Материал по прайсу | EM103: материалы | EQ103: 0 | ER103: 26085845 | ES103: 0 | ET103: 0 | EU103: 0 | EV103: 26085845 | EW103: 0 | EX103: 0 | EY103: 0 | FQ103: 0 | FR103: =ROUND(IF(AND(BH103=3,BI103=3),P103,0),2) -> 0 | FS103: 0 | FT103: *0,94 | FX103: 0 | FY103: 0 | GD103: 1 | GF103: 62690720 | GG103: 2 | GH103: 2 | GI103: 0 | GJ103: 0 | GK103: 0 | GL103: =ROUND(IF(AND(BH103=3,BI103=3,FS103<>0),P103,0),2) -> 0 | GM103: =ROUND(O103+X103+Y103,2)+GX103 -> 0 | GN103: =IF(OR(BI103=0,BI103=1),ROUND(O103+X103+Y103,2),0) -> 0 | GO103: =IF(BI103=2,ROUND(O103+X103+Y103,2),0) -> 0 | GP103: =IF(BI103=4,ROUND(O103+X103+Y103,2)+GX103,0) -> 0 | GR103: 0 | GS103: 4 | GT103: 0 | GV103: =ROUND((GT103),2) -> 0 | GW103: 1 | GX103: =ROUND(HC103*I103,2) -> 0 | HA103: 0 | HB103: 0 | HC103: =GV103*GW103 -> 0 | IK103: 0
A104: 17 | B104: 1 | E104: 20 | F104: 2.17 | G104: Перемычки | H104: КОМПЛ | I104: 0.01 | J104: 0 | L104: 1 | M104: 0.04 | N104: =ROUND(L104-M104,4) -> 0.96 | O104: =ROUND(CP104,2) -> 38685.1 | P104: =ROUND(CQ104*I104,2) -> 0 | Q104: =ROUND(CR104*I104,2) -> 0 | R104: =ROUND(CS104*I104,2) -> 0 | S104: =ROUND(CT104*I104,2) -> 38685.1 | T104: =ROUND(CU104*I104,2) -> 0 | U104: =CV104*I104 -> 0 | V104: =CW104*I104 -> 0 | W104: =ROUND(CX104*I104,2) -> 0 | X104: =ROUND(CY104,2) -> 0 | Y104: =ROUND(CZ104,2) -> 0 | AA104: 58262852 | AB104: =ROUND((AC104+AD104+AF104),2) -> 3868510.5 | AC104: =ROUND((ES104),2) -> 0 | AD104: =ROUND((ET104),2) -> 0 | AE104: =ROUND((EU104),2) -> 0 | AF104: =ROUND((EV104),2) -> 3868510.5 | AG104: =ROUND((AP104),2) -> 0 | AH104: =(EW104) -> 0 | AI104: =(EX104) -> 0 | AJ104: =(AS104) -> 0 | AK104: 3868510.5 | AL104: 0 | AM104: 0 | AN104: 0 | AO104: 3868510.5 | AP104: 0 | AQ104: 0 | AR104: 0 | AS104: 0 | AT104: 0 | AU104: 0 | AV104: 1 | AW104: 1 | AZ104: 1 | BA104: 1 | BB104: 1 | BC104: 1 | BH104: 0 | BI104: 1 | BM104: 1211 | BN104: 0 | BP104: 0 | BQ104: 8 | BR104: 0 | BS104: 1 | BT104: 1 | BU104: 1 | BV104: 1 | BW104: 1 | BX104: 1 | BZ104: 0 | CA104: 0 | CE104: 0 | CF104: 0 | CG104: 0 | CH104: 20 | CI104: 0 | CJ104: 0 | CK104: 0 | CL104: 0 | CM104: 0 | CO104: 0 | CP104: =(P104+Q104+S104) -> 38685.1 | CQ104: =AC104*BC104 -> 0 | CR104: =((AD104*BB104-(EU104)*BS104)+AE104*BS104) -> 0 | CS104: =AE104*BS104 -> 0 | CT104: =AF104*BA104 -> 3868510.5 | CU104: =AG104 -> 0 | CV104: =AH104 -> 0 | CW104: =AI104 -> 0 | CX104: =AJ104 -> 0 | CY104: =(((S104+R104)*FX104)/100) -> 0 | CZ104: =(((S104+R104)*CA104)/100) -> 0 | DN104: 0 | DO104: 0 | DP104: 1 | DQ104: 1 | DU104: 1013 | DV104: КОМПЛ | DW104: КОМПЛ | DX104: 1 | EE104: 58262974 | EF104: 8 | EG104: Материалы | EH104: 0 | EJ104: 1 | EK104: 1211 | EL104: Материал по прайсу | EM104: материалы | EQ104: 0 | ER104: 3868510.5 | ES104: 0 | ET104: 0 | EU104: 0 | EV104: 3868510.5 | EW104: 0 | EX104: 0 | EY104: 0 | FQ104: 0 | FR104: =ROUND(IF(AND(BH104=3,BI104=3),P104,0),2) -> 0 | FS104: 0 | FT104: *0,94 | FX104: 0 | FY104: 0 | GD104: 1 | GF104: 1279393663 | GG104: 2 | GH104: 2 | GI104: 0 | GJ104: 0 | GK104: 0 | GL104: =ROUND(IF(AND(BH104=3,BI104=3,FS104<>0),P104,0),2) -> 0 | GM104: =ROUND(O104+X104+Y104,2)+GX104 -> 38685.1 | GN104: =IF(OR(BI104=0,BI104=1),ROUND(O104+X104+Y104,2),0) -> 38685.1 | GO104: =IF(BI104=2,ROUND(O104+X104+Y104,2),0) -> 0 | GP104: =IF(BI104=4,ROUND(O104+X104+Y104,2)+GX104,0) -> 0 | GR104: 0 | GS104: 4 | GT104: 0 | GV104: =ROUND((GT104),2) -> 0 | GW104: 1 | GX104: =ROUND(HC104*I104,2) -> 0 | HA104: 0 | HB104: 0 | HC104: =GV104*GW104 -> 0 | IK104: 0
A105: 17 | B105: 1 | E105: 20 | F105: 2.17 | G105: Перемычки | H105: КОМПЛ | I105: 0.01 | J105: 0 | L105: 1 | M105: 0.04 | N105: =ROUND(L105-M105,4) -> 0.96 | O105: =ROUND(CP105,2) -> 38685.1 | P105: =ROUND(CQ105*I105,2) -> 0 | Q105: =ROUND(CR105*I105,2) -> 0 | R105: =ROUND(CS105*I105,2) -> 0 | S105: =ROUND(CT105*I105,2) -> 38685.1 | T105: =ROUND(CU105*I105,2) -> 0 | U105: =CV105*I105 -> 0 | V105: =CW105*I105 -> 0 | W105: =ROUND(CX105*I105,2) -> 0 | X105: =ROUND(CY105,2) -> 0 | Y105: =ROUND(CZ105,2) -> 0 | AA105: 58262851 | AB105: =ROUND((AC105+AD105+AF105),2) -> 3868510.5 | AC105: =ROUND((ES105),2) -> 0 | AD105: =ROUND((ET105),2) -> 0 | AE105: =ROUND((EU105),2) -> 0 | AF105: =ROUND((EV105),2) -> 3868510.5 | AG105: =ROUND((AP105),2) -> 0 | AH105: =(EW105) -> 0 | AI105: =(EX105) -> 0 | AJ105: =(AS105) -> 0 | AK105: 3868510.5 | AL105: 0 | AM105: 0 | AN105: 0 | AO105: 3868510.5 | AP105: 0 | AQ105: 0 | AR105: 0 | AS105: 0 | AT105: 0 | AU105: 0 | AV105: 1 | AW105: 1 | AZ105: 1 | BA105: 1 | BB105: 1 | BC105: 1 | BH105: 0 | BI105: 1 | BM105: 1211 | BN105: 0 | BP105: 0 | BQ105: 8 | BR105: 0 | BS105: 1 | BT105: 1 | BU105: 1 | BV105: 1 | BW105: 1 | BX105: 1 | BZ105: 0 | CA105: 0 | CE105: 0 | CF105: 0 | CG105: 0 | CH105: 20 | CI105: 0 | CJ105: 0 | CK105: 0 | CL105: 0 | CM105: 0 | CO105: 0 | CP105: =(P105+Q105+S105) -> 38685.1 | CQ105: =AC105*BC105 -> 0 | CR105: =((AD105*BB105-(EU105)*BS105)+AE105*BS105) -> 0 | CS105: =AE105*BS105 -> 0 | CT105: =AF105*BA105 -> 3868510.5 | CU105: =AG105 -> 0 | CV105: =AH105 -> 0 | CW105: =AI105 -> 0 | CX105: =AJ105 -> 0 | CY105: =(((S105+R105)*FX105)/100) -> 0 | CZ105: =(((S105+R105)*CA105)/100) -> 0 | DN105: 0 | DO105: 0 | DP105: 1 | DQ105: 1 | DU105: 1013 | DV105: КОМПЛ | DW105: КОМПЛ | DX105: 1 | EE105: 58262974 | EF105: 8 | EG105: Материалы | EH105: 0 | EJ105: 1 | EK105: 1211 | EL105: Материал по прайсу | EM105: материалы | EQ105: 0 | ER105: 3868510.5 | ES105: 0 | ET105: 0 | EU105: 0 | EV105: 3868510.5 | EW105: 0 | EX105: 0 | EY105: 0 | FQ105: 0 | FR105: =ROUND(IF(AND(BH105=3,BI105=3),P105,0),2) -> 0 | FS105: 0 | FT105: *0,94 | FX105: 0 | FY105: 0 | GD105: 1 | GF105: 1279393663 | GG105: 2 | GH105: 2 | GI105: 0 | GJ105: 0 | GK105: 0 | GL105: =ROUND(IF(AND(BH105=3,BI105=3,FS105<>0),P105,0),2) -> 0 | GM105: =ROUND(O105+X105+Y105,2)+GX105 -> 38685.1 | GN105: =IF(OR(BI105=0,BI105=1),ROUND(O105+X105+Y105,2),0) -> 38685.1 | GO105: =IF(BI105=2,ROUND(O105+X105+Y105,2),0) -> 0 | GP105: =IF(BI105=4,ROUND(O105+X105+Y105,2)+GX105,0) -> 0 | GR105: 0 | GS105: 4 | GT105: 0 | GV105: =ROUND((GT105),2) -> 0 | GW105: 1 | GX105: =ROUND(HC105*I105,2) -> 0 | HA105: 0 | HB105: 0 | HC105: =GV105*GW105 -> 0 | IK105: 0
A106: 17 | B106: 1 | E106: 21 | F106: 2.18 | G106: Мусоропровод | H106: КОМПЛ | I106: 0 | J106: 0 | L106: 1 | M106: 0 | N106: =ROUND(L106-M106,4) -> 1 | O106: =ROUND(CP106,2) -> 0 | P106: =ROUND(CQ106*I106,2) -> 0 | Q106: =ROUND(CR106*I106,2) -> 0 | R106: =ROUND(CS106*I106,2) -> 0 | S106: =ROUND(CT106*I106,2) -> 0 | T106: =ROUND(CU106*I106,2) -> 0 | U106: =CV106*I106 -> 0 | V106: =CW106*I106 -> 0 | W106: =ROUND(CX106*I106,2) -> 0 | X106: =ROUND(CY106,2) -> 0 | Y106: =ROUND(CZ106,2) -> 0 | AA106: 58262852 | AB106: =ROUND((AC106+AD106+AF106),2) -> 1578862.5 | AC106: =ROUND((ES106),2) -> 0 | AD106: =ROUND((ET106),2) -> 0 | AE106: =ROUND((EU106),2) -> 0 | AF106: =ROUND((EV106),2) -> 1578862.5 | AG106: =ROUND((AP106),2) -> 0 | AH106: =(EW106) -> 0 | AI106: =(EX106) -> 0 | AJ106: =(AS106) -> 0 | AK106: 1578862.5 | AL106: 0 | AM106: 0 | AN106: 0 | AO106: 1578862.5 | AP106: 0 | AQ106: 0 | AR106: 0 | AS106: 0 | AT106: 0 | AU106: 0 | AV106: 1 | AW106: 1 | AZ106: 1 | BA106: 1 | BB106: 1 | BC106: 1 | BH106: 0 | BI106: 1 | BM106: 1211 | BN106: 0 | BP106: 0 | BQ106: 8 | BR106: 0 | BS106: 1 | BT106: 1 | BU106: 1 | BV106: 1 | BW106: 1 | BX106: 1 | BZ106: 0 | CA106: 0 | CE106: 0 | CF106: 0 | CG106: 0 | CH106: 21 | CI106: 0 | CJ106: 0 | CK106: 0 | CL106: 0 | CM106: 0 | CO106: 0 | CP106: =(P106+Q106+S106) -> 0 | CQ106: =AC106*BC106 -> 0 | CR106: =((AD106*BB106-(EU106)*BS106)+AE106*BS106) -> 0 | CS106: =AE106*BS106 -> 0 | CT106: =AF106*BA106 -> 1578862.5 | CU106: =AG106 -> 0 | CV106: =AH106 -> 0 | CW106: =AI106 -> 0 | CX106: =AJ106 -> 0 | CY106: =(((S106+R106)*FX106)/100) -> 0 | CZ106: =(((S106+R106)*CA106)/100) -> 0 | DN106: 0 | DO106: 0 | DP106: 1 | DQ106: 1 | DU106: 1013 | DV106: КОМПЛ | DW106: КОМПЛ | DX106: 1 | EE106: 58262974 | EF106: 8 | EG106: Материалы | EH106: 0 | EJ106: 1 | EK106: 1211 | EL106: Материал по прайсу | EM106: материалы | EQ106: 0 | ER106: 1578862.5 | ES106: 0 | ET106: 0 | EU106: 0 | EV106: 1578862.5 | EW106: 0 | EX106: 0 | EY106: 0 | FQ106: 0 | FR106: =ROUND(IF(AND(BH106=3,BI106=3),P106,0),2) -> 0 | FS106: 0 | FT106: *0,94 | FX106: 0 | FY106: 0 | GD106: 1 | GF106: -1732744911 | GG106: 2 | GH106: 2 | GI106: 0 | GJ106: 0 | GK106: 0 | GL106: =ROUND(IF(AND(BH106=3,BI106=3,FS106<>0),P106,0),2) -> 0 | GM106: =ROUND(O106+X106+Y106,2)+GX106 -> 0 | GN106: =IF(OR(BI106=0,BI106=1),ROUND(O106+X106+Y106,2),0) -> 0 | GO106: =IF(BI106=2,ROUND(O106+X106+Y106,2),0) -> 0 | GP106: =IF(BI106=4,ROUND(O106+X106+Y106,2)+GX106,0) -> 0 | GR106: 0 | GS106: 4 | GT106: 0 | GV106: =ROUND((GT106),2) -> 0 | GW106: 1 | GX106: =ROUND(HC106*I106,2) -> 0 | HA106: 0 | HB106: 0 | HC106: =GV106*GW106 -> 0 | IK106: 0
A107: 17 | B107: 1 | E107: 21 | F107: 2.18 | G107: Мусоропровод | H107: КОМПЛ | I107: 0 | J107: 0 | L107: 1 | M107: 0 | N107: =ROUND(L107-M107,4) -> 1 | O107: =ROUND(CP107,2) -> 0 | P107: =ROUND(CQ107*I107,2) -> 0 | Q107: =ROUND(CR107*I107,2) -> 0 | R107: =ROUND(CS107*I107,2) -> 0 | S107: =ROUND(CT107*I107,2) -> 0 | T107: =ROUND(CU107*I107,2) -> 0 | U107: =CV107*I107 -> 0 | V107: =CW107*I107 -> 0 | W107: =ROUND(CX107*I107,2) -> 0 | X107: =ROUND(CY107,2) -> 0 | Y107: =ROUND(CZ107,2) -> 0 | AA107: 58262851 | AB107: =ROUND((AC107+AD107+AF107),2) -> 1578862.5 | AC107: =ROUND((ES107),2) -> 0 | AD107: =ROUND((ET107),2) -> 0 | AE107: =ROUND((EU107),2) -> 0 | AF107: =ROUND((EV107),2) -> 1578862.5 | AG107: =ROUND((AP107),2) -> 0 | AH107: =(EW107) -> 0 | AI107: =(EX107) -> 0 | AJ107: =(AS107) -> 0 | AK107: 1578862.5 | AL107: 0 | AM107: 0 | AN107: 0 | AO107: 1578862.5 | AP107: 0 | AQ107: 0 | AR107: 0 | AS107: 0 | AT107: 0 | AU107: 0 | AV107: 1 | AW107: 1 | AZ107: 1 | BA107: 1 | BB107: 1 | BC107: 1 | BH107: 0 | BI107: 1 | BM107: 1211 | BN107: 0 | BP107: 0 | BQ107: 8 | BR107: 0 | BS107: 1 | BT107: 1 | BU107: 1 | BV107: 1 | BW107: 1 | BX107: 1 | BZ107: 0 | CA107: 0 | CE107: 0 | CF107: 0 | CG107: 0 | CH107: 21 | CI107: 0 | CJ107: 0 | CK107: 0 | CL107: 0 | CM107: 0 | CO107: 0 | CP107: =(P107+Q107+S107) -> 0 | CQ107: =AC107*BC107 -> 0 | CR107: =((AD107*BB107-(EU107)*BS107)+AE107*BS107) -> 0 | CS107: =AE107*BS107 -> 0 | CT107: =AF107*BA107 -> 1578862.5 | CU107: =AG107 -> 0 | CV107: =AH107 -> 0 | CW107: =AI107 -> 0 | CX107: =AJ107 -> 0 | CY107: =(((S107+R107)*FX107)/100) -> 0 | CZ107: =(((S107+R107)*CA107)/100) -> 0 | DN107: 0 | DO107: 0 | DP107: 1 | DQ107: 1 | DU107: 1013 | DV107: КОМПЛ | DW107: КОМПЛ | DX107: 1 | EE107: 58262974 | EF107: 8 | EG107: Материалы | EH107: 0 | EJ107: 1 | EK107: 1211 | EL107: Материал по прайсу | EM107: материалы | EQ107: 0 | ER107: 1578862.5 | ES107: 0 | ET107: 0 | EU107: 0 | EV107: 1578862.5 | EW107: 0 | EX107: 0 | EY107: 0 | FQ107: 0 | FR107: =ROUND(IF(AND(BH107=3,BI107=3),P107,0),2) -> 0 | FS107: 0 | FT107: *0,94 | FX107: 0 | FY107: 0 | GD107: 1 | GF107: -1732744911 | GG107: 2 | GH107: 2 | GI107: 0 | GJ107: 0 | GK107: 0 | GL107: =ROUND(IF(AND(BH107=3,BI107=3,FS107<>0),P107,0),2) -> 0 | GM107: =ROUND(O107+X107+Y107,2)+GX107 -> 0 | GN107: =IF(OR(BI107=0,BI107=1),ROUND(O107+X107+Y107,2),0) -> 0 | GO107: =IF(BI107=2,ROUND(O107+X107+Y107,2),0) -> 0 | GP107: =IF(BI107=4,ROUND(O107+X107+Y107,2)+GX107,0) -> 0 | GR107: 0 | GS107: 4 | GT107: 0 | GV107: =ROUND((GT107),2) -> 0 | GW107: 1 | GX107: =ROUND(HC107*I107,2) -> 0 | HA107: 0 | HB107: 0 | HC107: =GV107*GW107 -> 0 | IK107: 0
A108: 19 | B108: 1 | G108: Кровля | AA108: 1 | IK108: 0
A109: 17 | B109: 1 | E109: 22 | F109: 2.19 | G109: Кровля плоская | H109: КОМПЛ | I109: 0 | J109: 0 | L109: 1 | M109: 0 | N109: =ROUND(L109-M109,4) -> 1 | O109: =ROUND(CP109,2) -> 0 | P109: =ROUND(CQ109*I109,2) -> 0 | Q109: =ROUND(CR109*I109,2) -> 0 | R109: =ROUND(CS109*I109,2) -> 0 | S109: =ROUND(CT109*I109,2) -> 0 | T109: =ROUND(CU109*I109,2) -> 0 | U109: =CV109*I109 -> 0 | V109: =CW109*I109 -> 0 | W109: =ROUND(CX109*I109,2) -> 0 | X109: =ROUND(CY109,2) -> 0 | Y109: =ROUND(CZ109,2) -> 0 | AA109: 58262852 | AB109: =ROUND((AC109+AD109+AF109),2) -> 10358066 | AC109: =ROUND((ES109),2) -> 0 | AD109: =ROUND((ET109),2) -> 0 | AE109: =ROUND((EU109),2) -> 0 | AF109: =ROUND((EV109),2) -> 10358066 | AG109: =ROUND((AP109),2) -> 0 | AH109: =(EW109) -> 0 | AI109: =(EX109) -> 0 | AJ109: =(AS109) -> 0 | AK109: 10358066 | AL109: 0 | AM109: 0 | AN109: 0 | AO109: 10358066 | AP109: 0 | AQ109: 0 | AR109: 0 | AS109: 0 | AT109: 0 | AU109: 0 | AV109: 1 | AW109: 1 | AZ109: 1 | BA109: 1 | BB109: 1 | BC109: 1 | BH109: 0 | BI109: 1 | BM109: 1211 | BN109: 0 | BP109: 0 | BQ109: 8 | BR109: 0 | BS109: 1 | BT109: 1 | BU109: 1 | BV109: 1 | BW109: 1 | BX109: 1 | BZ109: 0 | CA109: 0 | CE109: 0 | CF109: 0 | CG109: 0 | CH109: 22 | CI109: 0 | CJ109: 0 | CK109: 0 | CL109: 0 | CM109: 0 | CO109: 0 | CP109: =(P109+Q109+S109) -> 0 | CQ109: =AC109*BC109 -> 0 | CR109: =((AD109*BB109-(EU109)*BS109)+AE109*BS109) -> 0 | CS109: =AE109*BS109 -> 0 | CT109: =AF109*BA109 -> 10358066 | CU109: =AG109 -> 0 | CV109: =AH109 -> 0 | CW109: =AI109 -> 0 | CX109: =AJ109 -> 0 | CY109: =(((S109+R109)*FX109)/100) -> 0 | CZ109: =(((S109+R109)*CA109)/100) -> 0 | DN109: 0 | DO109: 0 | DP109: 1 | DQ109: 1 | DU109: 1013 | DV109: КОМПЛ | DW109: КОМПЛ | DX109: 1 | EE109: 58262974 | EF109: 8 | EG109: Материалы | EH109: 0 | EJ109: 1 | EK109: 1211 | EL109: Материал по прайсу | EM109: материалы | EQ109: 0 | ER109: 10358066 | ES109: 0 | ET109: 0 | EU109: 0 | EV109: 10358066 | EW109: 0 | EX109: 0 | EY109: 0 | FQ109: 0 | FR109: =ROUND(IF(AND(BH109=3,BI109=3),P109,0),2) -> 0 | FS109: 0 | FT109: *0,94 | FX109: 0 | FY109: 0 | GD109: 1 | GF109: 1482145470 | GG109: 2 | GH109: 2 | GI109: 0 | GJ109: 0 | GK109: 0 | GL109: =ROUND(IF(AND(BH109=3,BI109=3,FS109<>0),P109,0),2) -> 0 | GM109: =ROUND(O109+X109+Y109,2)+GX109 -> 0 | GN109: =IF(OR(BI109=0,BI109=1),ROUND(O109+X109+Y109,2),0) -> 0 | GO109: =IF(BI109=2,ROUND(O109+X109+Y109,2),0) -> 0 | GP109: =IF(BI109=4,ROUND(O109+X109+Y109,2)+GX109,0) -> 0 | GR109: 0 | GS109: 4 | GT109: 0 | GV109: =ROUND((GT109),2) -> 0 | GW109: 1 | GX109: =ROUND(HC109*I109,2) -> 0 | HA109: 0 | HB109: 0 | HC109: =GV109*GW109 -> 0 | IK109: 0
A110: 17 | B110: 1 | E110: 22 | F110: 2.19 | G110: Кровля плоская | H110: КОМПЛ | I110: 0 | J110: 0 | L110: 1 | M110: 0 | N110: =ROUND(L110-M110,4) -> 1 | O110: =ROUND(CP110,2) -> 0 | P110: =ROUND(CQ110*I110,2) -> 0 | Q110: =ROUND(CR110*I110,2) -> 0 | R110: =ROUND(CS110*I110,2) -> 0 | S110: =ROUND(CT110*I110,2) -> 0 | T110: =ROUND(CU110*I110,2) -> 0 | U110: =CV110*I110 -> 0 | V110: =CW110*I110 -> 0 | W110: =ROUND(CX110*I110,2) -> 0 | X110: =ROUND(CY110,2) -> 0 | Y110: =ROUND(CZ110,2) -> 0 | AA110: 58262851 | AB110: =ROUND((AC110+AD110+AF110),2) -> 12258067 | AC110: =ROUND((ES110),2) -> 0 | AD110: =ROUND((ET110),2) -> 0 | AE110: =ROUND((EU110),2) -> 0 | AF110: =ROUND((EV110),2) -> 12258067 | AG110: =ROUND((AP110),2) -> 0 | AH110: =(EW110) -> 0 | AI110: =(EX110) -> 0 | AJ110: =(AS110) -> 0 | AK110: 12258067 | AL110: 0 | AM110: 0 | AN110: 0 | AO110: 12258067 | AP110: 0 | AQ110: 0 | AR110: 0 | AS110: 0 | AT110: 0 | AU110: 0 | AV110: 1 | AW110: 1 | AZ110: 1 | BA110: 1 | BB110: 1 | BC110: 1 | BH110: 0 | BI110: 1 | BM110: 1211 | BN110: 0 | BP110: 0 | BQ110: 8 | BR110: 0 | BS110: 1 | BT110: 1 | BU110: 1 | BV110: 1 | BW110: 1 | BX110: 1 | BZ110: 0 | CA110: 0 | CE110: 0 | CF110: 0 | CG110: 0 | CH110: 22 | CI110: 0 | CJ110: 0 | CK110: 0 | CL110: 0 | CM110: 0 | CO110: 0 | CP110: =(P110+Q110+S110) -> 0 | CQ110: =AC110*BC110 -> 0 | CR110: =((AD110*BB110-(EU110)*BS110)+AE110*BS110) -> 0 | CS110: =AE110*BS110 -> 0 | CT110: =AF110*BA110 -> 12258067 | CU110: =AG110 -> 0 | CV110: =AH110 -> 0 | CW110: =AI110 -> 0 | CX110: =AJ110 -> 0 | CY110: =(((S110+R110)*FX110)/100) -> 0 | CZ110: =(((S110+R110)*CA110)/100) -> 0 | DN110: 0 | DO110: 0 | DP110: 1 | DQ110: 1 | DU110: 1013 | DV110: КОМПЛ | DW110: КОМПЛ | DX110: 1 | EE110: 58262974 | EF110: 8 | EG110: Материалы | EH110: 0 | EJ110: 1 | EK110: 1211 | EL110: Материал по прайсу | EM110: материалы | EQ110: 0 | ER110: 12258067 | ES110: 0 | ET110: 0 | EU110: 0 | EV110: 12258067 | EW110: 0 | EX110: 0 | EY110: 0 | FQ110: 0 | FR110: =ROUND(IF(AND(BH110=3,BI110=3),P110,0),2) -> 0 | FS110: 0 | FT110: *0,94 | FX110: 0 | FY110: 0 | GD110: 1 | GF110: 1482145470 | GG110: 2 | GH110: 2 | GI110: 0 | GJ110: 0 | GK110: 0 | GL110: =ROUND(IF(AND(BH110=3,BI110=3,FS110<>0),P110,0),2) -> 0 | GM110: =ROUND(O110+X110+Y110,2)+GX110 -> 0 | GN110: =IF(OR(BI110=0,BI110=1),ROUND(O110+X110+Y110,2),0) -> 0 | GO110: =IF(BI110=2,ROUND(O110+X110+Y110,2),0) -> 0 | GP110: =IF(BI110=4,ROUND(O110+X110+Y110,2)+GX110,0) -> 0 | GR110: 0 | GS110: 4 | GT110: 0 | GV110: =ROUND((GT110),2) -> 0 | GW110: 1 | GX110: =ROUND(HC110*I110,2) -> 0 | HA110: 0 | HB110: 0 | HC110: =GV110*GW110 -> 0 | IK110: 0
A111: 17 | B111: 1 | E111: 23 | F111: 2.20 | G111: Металлические конструкции | H111: КОМПЛ | I111: 0 | J111: 0 | L111: 1 | M111: 0 | N111: =ROUND(L111-M111,4) -> 1 | O111: =ROUND(CP111,2) -> 0 | P111: =ROUND(CQ111*I111,2) -> 0 | Q111: =ROUND(CR111*I111,2) -> 0 | R111: =ROUND(CS111*I111,2) -> 0 | S111: =ROUND(CT111*I111,2) -> 0 | T111: =ROUND(CU111*I111,2) -> 0 | U111: =CV111*I111 -> 0 | V111: =CW111*I111 -> 0 | W111: =ROUND(CX111*I111,2) -> 0 | X111: =ROUND(CY111,2) -> 0 | Y111: =ROUND(CZ111,2) -> 0 | AA111: 58262852 | AB111: =ROUND((AC111+AD111+AF111),2) -> 543755.88 | AC111: =ROUND((ES111),2) -> 0 | AD111: =ROUND((ET111),2) -> 0 | AE111: =ROUND((EU111),2) -> 0 | AF111: =ROUND((EV111),2) -> 543755.88 | AG111: =ROUND((AP111),2) -> 0 | AH111: =(EW111) -> 0 | AI111: =(EX111) -> 0 | AJ111: =(AS111) -> 0 | AK111: 543755.88 | AL111: 0 | AM111: 0 | AN111: 0 | AO111: 543755.88 | AP111: 0 | AQ111: 0 | AR111: 0 | AS111: 0 | AT111: 0 | AU111: 0 | AV111: 1 | AW111: 1 | AZ111: 1 | BA111: 1 | BB111: 1 | BC111: 1 | BH111: 0 | BI111: 1 | BM111: 1211 | BN111: 0 | BP111: 0 | BQ111: 8 | BR111: 0 | BS111: 1 | BT111: 1 | BU111: 1 | BV111: 1 | BW111: 1 | BX111: 1 | BZ111: 0 | CA111: 0 | CE111: 0 | CF111: 0 | CG111: 0 | CH111: 23 | CI111: 0 | CJ111: 0 | CK111: 0 | CL111: 0 | CM111: 0 | CO111: 0 | CP111: =(P111+Q111+S111) -> 0 | CQ111: =AC111*BC111 -> 0 | CR111: =((AD111*BB111-(EU111)*BS111)+AE111*BS111) -> 0 | CS111: =AE111*BS111 -> 0 | CT111: =AF111*BA111 -> 543755.88 | CU111: =AG111 -> 0 | CV111: =AH111 -> 0 | CW111: =AI111 -> 0 | CX111: =AJ111 -> 0 | CY111: =(((S111+R111)*FX111)/100) -> 0 | CZ111: =(((S111+R111)*CA111)/100) -> 0 | DN111: 0 | DO111: 0 | DP111: 1 | DQ111: 1 | DU111: 1013 | DV111: КОМПЛ | DW111: КОМПЛ | DX111: 1 | EE111: 58262974 | EF111: 8 | EG111: Материалы | EH111: 0 | EJ111: 1 | EK111: 1211 | EL111: Материал по прайсу | EM111: материалы | EQ111: 0 | ER111: 543755.88 | ES111: 0 | ET111: 0 | EU111: 0 | EV111: 543755.88 | EW111: 0 | EX111: 0 | EY111: 0 | FQ111: 0 | FR111: =ROUND(IF(AND(BH111=3,BI111=3),P111,0),2) -> 0 | FS111: 0 | FT111: *0,94 | FX111: 0 | FY111: 0 | GD111: 1 | GF111: 36317045 | GG111: 2 | GH111: 2 | GI111: 0 | GJ111: 0 | GK111: 0 | GL111: =ROUND(IF(AND(BH111=3,BI111=3,FS111<>0),P111,0),2) -> 0 | GM111: =ROUND(O111+X111+Y111,2)+GX111 -> 0 | GN111: =IF(OR(BI111=0,BI111=1),ROUND(O111+X111+Y111,2),0) -> 0 | GO111: =IF(BI111=2,ROUND(O111+X111+Y111,2),0) -> 0 | GP111: =IF(BI111=4,ROUND(O111+X111+Y111,2)+GX111,0) -> 0 | GR111: 0 | GS111: 4 | GT111: 0 | GV111: =ROUND((GT111),2) -> 0 | GW111: 1 | GX111: =ROUND(HC111*I111,2) -> 0 | HA111: 0 | HB111: 0 | HC111: =GV111*GW111 -> 0 | IK111: 0
A112: 17 | B112: 1 | E112: 23 | F112: 2.20 | G112: Металлические конструкции | H112: КОМПЛ | I112: 0 | J112: 0 | L112: 1 | M112: 0 | N112: =ROUND(L112-M112,4) -> 1 | O112: =ROUND(CP112,2) -> 0 | P112: =ROUND(CQ112*I112,2) -> 0 | Q112: =ROUND(CR112*I112,2) -> 0 | R112: =ROUND(CS112*I112,2) -> 0 | S112: =ROUND(CT112*I112,2) -> 0 | T112: =ROUND(CU112*I112,2) -> 0 | U112: =CV112*I112 -> 0 | V112: =CW112*I112 -> 0 | W112: =ROUND(CX112*I112,2) -> 0 | X112: =ROUND(CY112,2) -> 0 | Y112: =ROUND(CZ112,2) -> 0 | AA112: 58262851 | AB112: =ROUND((AC112+AD112+AF112),2) -> 543755.88 | AC112: =ROUND((ES112),2) -> 0 | AD112: =ROUND((ET112),2) -> 0 | AE112: =ROUND((EU112),2) -> 0 | AF112: =ROUND((EV112),2) -> 543755.88 | AG112: =ROUND((AP112),2) -> 0 | AH112: =(EW112) -> 0 | AI112: =(EX112) -> 0 | AJ112: =(AS112) -> 0 | AK112: 543755.88 | AL112: 0 | AM112: 0 | AN112: 0 | AO112: 543755.88 | AP112: 0 | AQ112: 0 | AR112: 0 | AS112: 0 | AT112: 0 | AU112: 0 | AV112: 1 | AW112: 1 | AZ112: 1 | BA112: 1 | BB112: 1 | BC112: 1 | BH112: 0 | BI112: 1 | BM112: 1211 | BN112: 0 | BP112: 0 | BQ112: 8 | BR112: 0 | BS112: 1 | BT112: 1 | BU112: 1 | BV112: 1 | BW112: 1 | BX112: 1 | BZ112: 0 | CA112: 0 | CE112: 0 | CF112: 0 | CG112: 0 | CH112: 23 | CI112: 0 | CJ112: 0 | CK112: 0 | CL112: 0 | CM112: 0 | CO112: 0 | CP112: =(P112+Q112+S112) -> 0 | CQ112: =AC112*BC112 -> 0 | CR112: =((AD112*BB112-(EU112)*BS112)+AE112*BS112) -> 0 | CS112: =AE112*BS112 -> 0 | CT112: =AF112*BA112 -> 543755.88 | CU112: =AG112 -> 0 | CV112: =AH112 -> 0 | CW112: =AI112 -> 0 | CX112: =AJ112 -> 0 | CY112: =(((S112+R112)*FX112)/100) -> 0 | CZ112: =(((S112+R112)*CA112)/100) -> 0 | DN112: 0 | DO112: 0 | DP112: 1 | DQ112: 1 | DU112: 1013 | DV112: КОМПЛ | DW112: КОМПЛ | DX112: 1 | EE112: 58262974 | EF112: 8 | EG112: Материалы | EH112: 0 | EJ112: 1 | EK112: 1211 | EL112: Материал по прайсу | EM112: материалы | EQ112: 0 | ER112: 543755.88 | ES112: 0 | ET112: 0 | EU112: 0 | EV112: 543755.88 | EW112: 0 | EX112: 0 | EY112: 0 | FQ112: 0 | FR112: =ROUND(IF(AND(BH112=3,BI112=3),P112,0),2) -> 0 | FS112: 0 | FT112: *0,94 | FX112: 0 | FY112: 0 | GD112: 1 | GF112: 36317045 | GG112: 2 | GH112: 2 | GI112: 0 | GJ112: 0 | GK112: 0 | GL112: =ROUND(IF(AND(BH112=3,BI112=3,FS112<>0),P112,0),2) -> 0 | GM112: =ROUND(O112+X112+Y112,2)+GX112 -> 0 | GN112: =IF(OR(BI112=0,BI112=1),ROUND(O112+X112+Y112,2),0) -> 0 | GO112: =IF(BI112=2,ROUND(O112+X112+Y112,2),0) -> 0 | GP112: =IF(BI112=4,ROUND(O112+X112+Y112,2)+GX112,0) -> 0 | GR112: 0 | GS112: 4 | GT112: 0 | GV112: =ROUND((GT112),2) -> 0 | GW112: 1 | GX112: =ROUND(HC112*I112,2) -> 0 | HA112: 0 | HB112: 0 | HC112: =GV112*GW112 -> 0 | IK112: 0
A113: 17 | B113: 1 | E113: 24 | F113: 2.21 | G113: Молниезащита | H113: КОМПЛ | I113: 0 | J113: 0 | L113: 1 | M113: 0 | N113: =ROUND(L113-M113,4) -> 1 | O113: =ROUND(CP113,2) -> 0 | P113: =ROUND(CQ113*I113,2) -> 0 | Q113: =ROUND(CR113*I113,2) -> 0 | R113: =ROUND(CS113*I113,2) -> 0 | S113: =ROUND(CT113*I113,2) -> 0 | T113: =ROUND(CU113*I113,2) -> 0 | U113: =CV113*I113 -> 0 | V113: =CW113*I113 -> 0 | W113: =ROUND(CX113*I113,2) -> 0 | X113: =ROUND(CY113,2) -> 0 | Y113: =ROUND(CZ113,2) -> 0 | AA113: 58262852 | AB113: =ROUND((AC113+AD113+AF113),2) -> 264320 | AC113: =ROUND((ES113),2) -> 0 | AD113: =ROUND((ET113),2) -> 0 | AE113: =ROUND((EU113),2) -> 0 | AF113: =ROUND((EV113),2) -> 264320 | AG113: =ROUND((AP113),2) -> 0 | AH113: =(EW113) -> 0 | AI113: =(EX113) -> 0 | AJ113: =(AS113) -> 0 | AK113: 264320 | AL113: 0 | AM113: 0 | AN113: 0 | AO113: 264320 | AP113: 0 | AQ113: 0 | AR113: 0 | AS113: 0 | AT113: 0 | AU113: 0 | AV113: 1 | AW113: 1 | AZ113: 1 | BA113: 1 | BB113: 1 | BC113: 1 | BH113: 0 | BI113: 1 | BM113: 1211 | BN113: 0 | BP113: 0 | BQ113: 8 | BR113: 0 | BS113: 1 | BT113: 1 | BU113: 1 | BV113: 1 | BW113: 1 | BX113: 1 | BZ113: 0 | CA113: 0 | CE113: 0 | CF113: 0 | CG113: 0 | CH113: 24 | CI113: 0 | CJ113: 0 | CK113: 0 | CL113: 0 | CM113: 0 | CO113: 0 | CP113: =(P113+Q113+S113) -> 0 | CQ113: =AC113*BC113 -> 0 | CR113: =((AD113*BB113-(EU113)*BS113)+AE113*BS113) -> 0 | CS113: =AE113*BS113 -> 0 | CT113: =AF113*BA113 -> 264320 | CU113: =AG113 -> 0 | CV113: =AH113 -> 0 | CW113: =AI113 -> 0 | CX113: =AJ113 -> 0 | CY113: =(((S113+R113)*FX113)/100) -> 0 | CZ113: =(((S113+R113)*CA113)/100) -> 0 | DN113: 0 | DO113: 0 | DP113: 1 | DQ113: 1 | DU113: 1013 | DV113: КОМПЛ | DW113: КОМПЛ | DX113: 1 | EE113: 58262974 | EF113: 8 | EG113: Материалы | EH113: 0 | EJ113: 1 | EK113: 1211 | EL113: Материал по прайсу | EM113: материалы | EQ113: 0 | ER113: 264320 | ES113: 0 | ET113: 0 | EU113: 0 | EV113: 264320 | EW113: 0 | EX113: 0 | EY113: 0 | FQ113: 0 | FR113: =ROUND(IF(AND(BH113=3,BI113=3),P113,0),2) -> 0 | FS113: 0 | FT113: *0,94 | FX113: 0 | FY113: 0 | GD113: 1 | GF113: -2000381211 | GG113: 2 | GH113: 2 | GI113: 0 | GJ113: 0 | GK113: 0 | GL113: =ROUND(IF(AND(BH113=3,BI113=3,FS113<>0),P113,0),2) -> 0 | GM113: =ROUND(O113+X113+Y113,2)+GX113 -> 0 | GN113: =IF(OR(BI113=0,BI113=1),ROUND(O113+X113+Y113,2),0) -> 0 | GO113: =IF(BI113=2,ROUND(O113+X113+Y113,2),0) -> 0 | GP113: =IF(BI113=4,ROUND(O113+X113+Y113,2)+GX113,0) -> 0 | GR113: 0 | GS113: 4 | GT113: 0 | GV113: =ROUND((GT113),2) -> 0 | GW113: 1 | GX113: =ROUND(HC113*I113,2) -> 0 | HA113: 0 | HB113: 0 | HC113: =GV113*GW113 -> 0 | IK113: 0
A114: 17 | B114: 1 | E114: 24 | F114: 2.21 | G114: Молниезащита | H114: КОМПЛ | I114: 0 | J114: 0 | L114: 1 | M114: 0 | N114: =ROUND(L114-M114,4) -> 1 | O114: =ROUND(CP114,2) -> 0 | P114: =ROUND(CQ114*I114,2) -> 0 | Q114: =ROUND(CR114*I114,2) -> 0 | R114: =ROUND(CS114*I114,2) -> 0 | S114: =ROUND(CT114*I114,2) -> 0 | T114: =ROUND(CU114*I114,2) -> 0 | U114: =CV114*I114 -> 0 | V114: =CW114*I114 -> 0 | W114: =ROUND(CX114*I114,2) -> 0 | X114: =ROUND(CY114,2) -> 0 | Y114: =ROUND(CZ114,2) -> 0 | AA114: 58262851 | AB114: =ROUND((AC114+AD114+AF114),2) -> 264320 | AC114: =ROUND((ES114),2) -> 0 | AD114: =ROUND((ET114),2) -> 0 | AE114: =ROUND((EU114),2) -> 0 | AF114: =ROUND((EV114),2) -> 264320 | AG114: =ROUND((AP114),2) -> 0 | AH114: =(EW114) -> 0 | AI114: =(EX114) -> 0 | AJ114: =(AS114) -> 0 | AK114: 264320 | AL114: 0 | AM114: 0 | AN114: 0 | AO114: 264320 | AP114: 0 | AQ114: 0 | AR114: 0 | AS114: 0 | AT114: 0 | AU114: 0 | AV114: 1 | AW114: 1 | AZ114: 1 | BA114: 1 | BB114: 1 | BC114: 1 | BH114: 0 | BI114: 1 | BM114: 1211 | BN114: 0 | BP114: 0 | BQ114: 8 | BR114: 0 | BS114: 1 | BT114: 1 | BU114: 1 | BV114: 1 | BW114: 1 | BX114: 1 | BZ114: 0 | CA114: 0 | CE114: 0 | CF114: 0 | CG114: 0 | CH114: 24 | CI114: 0 | CJ114: 0 | CK114: 0 | CL114: 0 | CM114: 0 | CO114: 0 | CP114: =(P114+Q114+S114) -> 0 | CQ114: =AC114*BC114 -> 0 | CR114: =((AD114*BB114-(EU114)*BS114)+AE114*BS114) -> 0 | CS114: =AE114*BS114 -> 0 | CT114: =AF114*BA114 -> 264320 | CU114: =AG114 -> 0 | CV114: =AH114 -> 0 | CW114: =AI114 -> 0 | CX114: =AJ114 -> 0 | CY114: =(((S114+R114)*FX114)/100) -> 0 | CZ114: =(((S114+R114)*CA114)/100) -> 0 | DN114: 0 | DO114: 0 | DP114: 1 | DQ114: 1 | DU114: 1013 | DV114: КОМПЛ | DW114: КОМПЛ | DX114: 1 | EE114: 58262974 | EF114: 8 | EG114: Материалы | EH114: 0 | EJ114: 1 | EK114: 1211 | EL114: Материал по прайсу | EM114: материалы | EQ114: 0 | ER114: 264320 | ES114: 0 | ET114: 0 | EU114: 0 | EV114: 264320 | EW114: 0 | EX114: 0 | EY114: 0 | FQ114: 0 | FR114: =ROUND(IF(AND(BH114=3,BI114=3),P114,0),2) -> 0 | FS114: 0 | FT114: *0,94 | FX114: 0 | FY114: 0 | GD114: 1 | GF114: -2000381211 | GG114: 2 | GH114: 2 | GI114: 0 | GJ114: 0 | GK114: 0 | GL114: =ROUND(IF(AND(BH114=3,BI114=3,FS114<>0),P114,0),2) -> 0 | GM114: =ROUND(O114+X114+Y114,2)+GX114 -> 0 | GN114: =IF(OR(BI114=0,BI114=1),ROUND(O114+X114+Y114,2),0) -> 0 | GO114: =IF(BI114=2,ROUND(O114+X114+Y114,2),0) -> 0 | GP114: =IF(BI114=4,ROUND(O114+X114+Y114,2)+GX114,0) -> 0 | GR114: 0 | GS114: 4 | GT114: 0 | GV114: =ROUND((GT114),2) -> 0 | GW114: 1 | GX114: =ROUND(HC114*I114,2) -> 0 | HA114: 0 | HB114: 0 | HC114: =GV114*GW114 -> 0 | IK114: 0
A115: 19 | B115: 1 | G115: Проемы. | AA115: 1 | IK115: 0
A116: 17 | B116: 1 | E116: 25 | F116: 2.22 | G116: Оконные и балконные блоки | H116: КОМПЛ | I116: 0 | J116: 0 | L116: 1 | M116: 0 | N116: =ROUND(L116-M116,4) -> 1 | O116: =ROUND(CP116,2) -> 0 | P116: =ROUND(CQ116*I116,2) -> 0 | Q116: =ROUND(CR116*I116,2) -> 0 | R116: =ROUND(CS116*I116,2) -> 0 | S116: =ROUND(CT116*I116,2) -> 0 | T116: =ROUND(CU116*I116,2) -> 0 | U116: =CV116*I116 -> 0 | V116: =CW116*I116 -> 0 | W116: =ROUND(CX116*I116,2) -> 0 | X116: =ROUND(CY116,2) -> 0 | Y116: =ROUND(CZ116,2) -> 0 | AA116: 58262852 | AB116: =ROUND((AC116+AD116+AF116),2) -> 6528796.3 | AC116: =ROUND((ES116),2) -> 0 | AD116: =ROUND((ET116),2) -> 0 | AE116: =ROUND((EU116),2) -> 0 | AF116: =ROUND((EV116),2) -> 6528796.3 | AG116: =ROUND((AP116),2) -> 0 | AH116: =(EW116) -> 0 | AI116: =(EX116) -> 0 | AJ116: =(AS116) -> 0 | AK116: 6528796.3 | AL116: 0 | AM116: 0 | AN116: 0 | AO116: 6528796.3 | AP116: 0 | AQ116: 0 | AR116: 0 | AS116: 0 | AT116: 0 | AU116: 0 | AV116: 1 | AW116: 1 | AZ116: 1 | BA116: 1 | BB116: 1 | BC116: 1 | BH116: 0 | BI116: 1 | BM116: 1211 | BN116: 0 | BP116: 0 | BQ116: 8 | BR116: 0 | BS116: 1 | BT116: 1 | BU116: 1 | BV116: 1 | BW116: 1 | BX116: 1 | BZ116: 0 | CA116: 0 | CE116: 0 | CF116: 0 | CG116: 0 | CH116: 25 | CI116: 0 | CJ116: 0 | CK116: 0 | CL116: 0 | CM116: 0 | CO116: 0 | CP116: =(P116+Q116+S116) -> 0 | CQ116: =AC116*BC116 -> 0 | CR116: =((AD116*BB116-(EU116)*BS116)+AE116*BS116) -> 0 | CS116: =AE116*BS116 -> 0 | CT116: =AF116*BA116 -> 6528796.3 | CU116: =AG116 -> 0 | CV116: =AH116 -> 0 | CW116: =AI116 -> 0 | CX116: =AJ116 -> 0 | CY116: =(((S116+R116)*FX116)/100) -> 0 | CZ116: =(((S116+R116)*CA116)/100) -> 0 | DN116: 0 | DO116: 0 | DP116: 1 | DQ116: 1 | DU116: 1013 | DV116: КОМПЛ | DW116: КОМПЛ | DX116: 1 | EE116: 58262974 | EF116: 8 | EG116: Материалы | EH116: 0 | EJ116: 1 | EK116: 1211 | EL116: Материал по прайсу | EM116: материалы | EQ116: 0 | ER116: 6528796.3 | ES116: 0 | ET116: 0 | EU116: 0 | EV116: 6528796.3 | EW116: 0 | EX116: 0 | EY116: 0 | FQ116: 0 | FR116: =ROUND(IF(AND(BH116=3,BI116=3),P116,0),2) -> 0 | FS116: 0 | FT116: *0,94 | FX116: 0 | FY116: 0 | GD116: 1 | GF116: -1381064738 | GG116: 2 | GH116: 2 | GI116: 0 | GJ116: 0 | GK116: 0 | GL116: =ROUND(IF(AND(BH116=3,BI116=3,FS116<>0),P116,0),2) -> 0 | GM116: =ROUND(O116+X116+Y116,2)+GX116 -> 0 | GN116: =IF(OR(BI116=0,BI116=1),ROUND(O116+X116+Y116,2),0) -> 0 | GO116: =IF(BI116=2,ROUND(O116+X116+Y116,2),0) -> 0 | GP116: =IF(BI116=4,ROUND(O116+X116+Y116,2)+GX116,0) -> 0 | GR116: 0 | GS116: 4 | GT116: 0 | GV116: =ROUND((GT116),2) -> 0 | GW116: 1 | GX116: =ROUND(HC116*I116,2) -> 0 | HA116: 0 | HB116: 0 | HC116: =GV116*GW116 -> 0 | IK116: 0
A117: 17 | B117: 1 | E117: 25 | F117: 2.22 | G117: Оконные и балконные блоки | H117: КОМПЛ | I117: 0 | J117: 0 | L117: 1 | M117: 0 | N117: =ROUND(L117-M117,4) -> 1 | O117: =ROUND(CP117,2) -> 0 | P117: =ROUND(CQ117*I117,2) -> 0 | Q117: =ROUND(CR117*I117,2) -> 0 | R117: =ROUND(CS117*I117,2) -> 0 | S117: =ROUND(CT117*I117,2) -> 0 | T117: =ROUND(CU117*I117,2) -> 0 | U117: =CV117*I117 -> 0 | V117: =CW117*I117 -> 0 | W117: =ROUND(CX117*I117,2) -> 0 | X117: =ROUND(CY117,2) -> 0 | Y117: =ROUND(CZ117,2) -> 0 | AA117: 58262851 | AB117: =ROUND((AC117+AD117+AF117),2) -> 6528796.3 | AC117: =ROUND((ES117),2) -> 0 | AD117: =ROUND((ET117),2) -> 0 | AE117: =ROUND((EU117),2) -> 0 | AF117: =ROUND((EV117),2) -> 6528796.3 | AG117: =ROUND((AP117),2) -> 0 | AH117: =(EW117) -> 0 | AI117: =(EX117) -> 0 | AJ117: =(AS117) -> 0 | AK117: 6528796.3 | AL117: 0 | AM117: 0 | AN117: 0 | AO117: 6528796.3 | AP117: 0 | AQ117: 0 | AR117: 0 | AS117: 0 | AT117: 0 | AU117: 0 | AV117: 1 | AW117: 1 | AZ117: 1 | BA117: 1 | BB117: 1 | BC117: 1 | BH117: 0 | BI117: 1 | BM117: 1211 | BN117: 0 | BP117: 0 | BQ117: 8 | BR117: 0 | BS117: 1 | BT117: 1 | BU117: 1 | BV117: 1 | BW117: 1 | BX117: 1 | BZ117: 0 | CA117: 0 | CE117: 0 | CF117: 0 | CG117: 0 | CH117: 25 | CI117: 0 | CJ117: 0 | CK117: 0 | CL117: 0 | CM117: 0 | CO117: 0 | CP117: =(P117+Q117+S117) -> 0 | CQ117: =AC117*BC117 -> 0 | CR117: =((AD117*BB117-(EU117)*BS117)+AE117*BS117) -> 0 | CS117: =AE117*BS117 -> 0 | CT117: =AF117*BA117 -> 6528796.3 | CU117: =AG117 -> 0 | CV117: =AH117 -> 0 | CW117: =AI117 -> 0 | CX117: =AJ117 -> 0 | CY117: =(((S117+R117)*FX117)/100) -> 0 | CZ117: =(((S117+R117)*CA117)/100) -> 0 | DN117: 0 | DO117: 0 | DP117: 1 | DQ117: 1 | DU117: 1013 | DV117: КОМПЛ | DW117: КОМПЛ | DX117: 1 | EE117: 58262974 | EF117: 8 | EG117: Материалы | EH117: 0 | EJ117: 1 | EK117: 1211 | EL117: Материал по прайсу | EM117: материалы | EQ117: 0 | ER117: 6528796.3 | ES117: 0 | ET117: 0 | EU117: 0 | EV117: 6528796.3 | EW117: 0 | EX117: 0 | EY117: 0 | FQ117: 0 | FR117: =ROUND(IF(AND(BH117=3,BI117=3),P117,0),2) -> 0 | FS117: 0 | FT117: *0,94 | FX117: 0 | FY117: 0 | GD117: 1 | GF117: -1381064738 | GG117: 2 | GH117: 2 | GI117: 0 | GJ117: 0 | GK117: 0 | GL117: =ROUND(IF(AND(BH117=3,BI117=3,FS117<>0),P117,0),2) -> 0 | GM117: =ROUND(O117+X117+Y117,2)+GX117 -> 0 | GN117: =IF(OR(BI117=0,BI117=1),ROUND(O117+X117+Y117,2),0) -> 0 | GO117: =IF(BI117=2,ROUND(O117+X117+Y117,2),0) -> 0 | GP117: =IF(BI117=4,ROUND(O117+X117+Y117,2)+GX117,0) -> 0 | GR117: 0 | GS117: 4 | GT117: 0 | GV117: =ROUND((GT117),2) -> 0 | GW117: 1 | GX117: =ROUND(HC117*I117,2) -> 0 | HA117: 0 | HB117: 0 | HC117: =GV117*GW117 -> 0 | IK117: 0
A118: 17 | B118: 1 | E118: 26 | F118: 2.23 | G118: Витражи | H118: КОМПЛ | I118: 0 | J118: 0 | L118: 1 | M118: 0 | N118: =ROUND(L118-M118,4) -> 1 | O118: =ROUND(CP118,2) -> 0 | P118: =ROUND(CQ118*I118,2) -> 0 | Q118: =ROUND(CR118*I118,2) -> 0 | R118: =ROUND(CS118*I118,2) -> 0 | S118: =ROUND(CT118*I118,2) -> 0 | T118: =ROUND(CU118*I118,2) -> 0 | U118: =CV118*I118 -> 0 | V118: =CW118*I118 -> 0 | W118: =ROUND(CX118*I118,2) -> 0 | X118: =ROUND(CY118,2) -> 0 | Y118: =ROUND(CZ118,2) -> 0 | AA118: 58262852 | AB118: =ROUND((AC118+AD118+AF118),2) -> 12103083 | AC118: =ROUND((ES118),2) -> 0 | AD118: =ROUND((ET118),2) -> 0 | AE118: =ROUND((EU118),2) -> 0 | AF118: =ROUND((EV118),2) -> 12103083 | AG118: =ROUND((AP118),2) -> 0 | AH118: =(EW118) -> 0 | AI118: =(EX118) -> 0 | AJ118: =(AS118) -> 0 | AK118: 12103083 | AL118: 0 | AM118: 0 | AN118: 0 | AO118: 12103083 | AP118: 0 | AQ118: 0 | AR118: 0 | AS118: 0 | AT118: 0 | AU118: 0 | AV118: 1 | AW118: 1 | AZ118: 1 | BA118: 1 | BB118: 1 | BC118: 1 | BH118: 0 | BI118: 1 | BM118: 1211 | BN118: 0 | BP118: 0 | BQ118: 8 | BR118: 0 | BS118: 1 | BT118: 1 | BU118: 1 | BV118: 1 | BW118: 1 | BX118: 1 | BZ118: 0 | CA118: 0 | CE118: 0 | CF118: 0 | CG118: 0 | CH118: 26 | CI118: 0 | CJ118: 0 | CK118: 0 | CL118: 0 | CM118: 0 | CO118: 0 | CP118: =(P118+Q118+S118) -> 0 | CQ118: =AC118*BC118 -> 0 | CR118: =((AD118*BB118-(EU118)*BS118)+AE118*BS118) -> 0 | CS118: =AE118*BS118 -> 0 | CT118: =AF118*BA118 -> 12103083 | CU118: =AG118 -> 0 | CV118: =AH118 -> 0 | CW118: =AI118 -> 0 | CX118: =AJ118 -> 0 | CY118: =(((S118+R118)*FX118)/100) -> 0 | CZ118: =(((S118+R118)*CA118)/100) -> 0 | DN118: 0 | DO118: 0 | DP118: 1 | DQ118: 1 | DU118: 1013 | DV118: КОМПЛ | DW118: КОМПЛ | DX118: 1 | EE118: 58262974 | EF118: 8 | EG118: Материалы | EH118: 0 | EJ118: 1 | EK118: 1211 | EL118: Материал по прайсу | EM118: материалы | EQ118: 0 | ER118: 12103083 | ES118: 0 | ET118: 0 | EU118: 0 | EV118: 12103083 | EW118: 0 | EX118: 0 | EY118: 0 | FQ118: 0 | FR118: =ROUND(IF(AND(BH118=3,BI118=3),P118,0),2) -> 0 | FS118: 0 | FT118: *0,94 | FX118: 0 | FY118: 0 | GD118: 1 | GF118: -1498895775 | GG118: 2 | GH118: 2 | GI118: 0 | GJ118: 0 | GK118: 0 | GL118: =ROUND(IF(AND(BH118=3,BI118=3,FS118<>0),P118,0),2) -> 0 | GM118: =ROUND(O118+X118+Y118,2)+GX118 -> 0 | GN118: =IF(OR(BI118=0,BI118=1),ROUND(O118+X118+Y118,2),0) -> 0 | GO118: =IF(BI118=2,ROUND(O118+X118+Y118,2),0) -> 0 | GP118: =IF(BI118=4,ROUND(O118+X118+Y118,2)+GX118,0) -> 0 | GR118: 0 | GS118: 4 | GT118: 0 | GV118: =ROUND((GT118),2) -> 0 | GW118: 1 | GX118: =ROUND(HC118*I118,2) -> 0 | HA118: 0 | HB118: 0 | HC118: =GV118*GW118 -> 0 | IK118: 0
A119: 17 | B119: 1 | E119: 26 | F119: 2.23 | G119: Витражи | H119: КОМПЛ | I119: 0 | J119: 0 | L119: 1 | M119: 0 | N119: =ROUND(L119-M119,4) -> 1 | O119: =ROUND(CP119,2) -> 0 | P119: =ROUND(CQ119*I119,2) -> 0 | Q119: =ROUND(CR119*I119,2) -> 0 | R119: =ROUND(CS119*I119,2) -> 0 | S119: =ROUND(CT119*I119,2) -> 0 | T119: =ROUND(CU119*I119,2) -> 0 | U119: =CV119*I119 -> 0 | V119: =CW119*I119 -> 0 | W119: =ROUND(CX119*I119,2) -> 0 | X119: =ROUND(CY119,2) -> 0 | Y119: =ROUND(CZ119,2) -> 0 | AA119: 58262851 | AB119: =ROUND((AC119+AD119+AF119),2) -> 12103083 | AC119: =ROUND((ES119),2) -> 0 | AD119: =ROUND((ET119),2) -> 0 | AE119: =ROUND((EU119),2) -> 0 | AF119: =ROUND((EV119),2) -> 12103083 | AG119: =ROUND((AP119),2) -> 0 | AH119: =(EW119) -> 0 | AI119: =(EX119) -> 0 | AJ119: =(AS119) -> 0 | AK119: 12103083 | AL119: 0 | AM119: 0 | AN119: 0 | AO119: 12103083 | AP119: 0 | AQ119: 0 | AR119: 0 | AS119: 0 | AT119: 0 | AU119: 0 | AV119: 1 | AW119: 1 | AZ119: 1 | BA119: 1 | BB119: 1 | BC119: 1 | BH119: 0 | BI119: 1 | BM119: 1211 | BN119: 0 | BP119: 0 | BQ119: 8 | BR119: 0 | BS119: 1 | BT119: 1 | BU119: 1 | BV119: 1 | BW119: 1 | BX119: 1 | BZ119: 0 | CA119: 0 | CE119: 0 | CF119: 0 | CG119: 0 | CH119: 26 | CI119: 0 | CJ119: 0 | CK119: 0 | CL119: 0 | CM119: 0 | CO119: 0 | CP119: =(P119+Q119+S119) -> 0 | CQ119: =AC119*BC119 -> 0 | CR119: =((AD119*BB119-(EU119)*BS119)+AE119*BS119) -> 0 | CS119: =AE119*BS119 -> 0 | CT119: =AF119*BA119 -> 12103083 | CU119: =AG119 -> 0 | CV119: =AH119 -> 0 | CW119: =AI119 -> 0 | CX119: =AJ119 -> 0 | CY119: =(((S119+R119)*FX119)/100) -> 0 | CZ119: =(((S119+R119)*CA119)/100) -> 0 | DN119: 0 | DO119: 0 | DP119: 1 | DQ119: 1 | DU119: 1013 | DV119: КОМПЛ | DW119: КОМПЛ | DX119: 1 | EE119: 58262974 | EF119: 8 | EG119: Материалы | EH119: 0 | EJ119: 1 | EK119: 1211 | EL119: Материал по прайсу | EM119: материалы | EQ119: 0 | ER119: 12103083 | ES119: 0 | ET119: 0 | EU119: 0 | EV119: 12103083 | EW119: 0 | EX119: 0 | EY119: 0 | FQ119: 0 | FR119: =ROUND(IF(AND(BH119=3,BI119=3),P119,0),2) -> 0 | FS119: 0 | FT119: *0,94 | FX119: 0 | FY119: 0 | GD119: 1 | GF119: -1498895775 | GG119: 2 | GH119: 2 | GI119: 0 | GJ119: 0 | GK119: 0 | GL119: =ROUND(IF(AND(BH119=3,BI119=3,FS119<>0),P119,0),2) -> 0 | GM119: =ROUND(O119+X119+Y119,2)+GX119 -> 0 | GN119: =IF(OR(BI119=0,BI119=1),ROUND(O119+X119+Y119,2),0) -> 0 | GO119: =IF(BI119=2,ROUND(O119+X119+Y119,2),0) -> 0 | GP119: =IF(BI119=4,ROUND(O119+X119+Y119,2)+GX119,0) -> 0 | GR119: 0 | GS119: 4 | GT119: 0 | GV119: =ROUND((GT119),2) -> 0 | GW119: 1 | GX119: =ROUND(HC119*I119,2) -> 0 | HA119: 0 | HB119: 0 | HC119: =GV119*GW119 -> 0 | IK119: 0
A120: 17 | B120: 1 | E120: 27 | F120: 2.24 | G120: Дверные блоки | H120: КОМПЛ | I120: 0 | J120: 0 | L120: 1 | M120: 0 | N120: =ROUND(L120-M120,4) -> 1 | O120: =ROUND(CP120,2) -> 0 | P120: =ROUND(CQ120*I120,2) -> 0 | Q120: =ROUND(CR120*I120,2) -> 0 | R120: =ROUND(CS120*I120,2) -> 0 | S120: =ROUND(CT120*I120,2) -> 0 | T120: =ROUND(CU120*I120,2) -> 0 | U120: =CV120*I120 -> 0 | V120: =CW120*I120 -> 0 | W120: =ROUND(CX120*I120,2) -> 0 | X120: =ROUND(CY120,2) -> 0 | Y120: =ROUND(CZ120,2) -> 0 | AA120: 58262852 | AB120: =ROUND((AC120+AD120+AF120),2) -> 5279135.1 | AC120: =ROUND((ES120),2) -> 0 | AD120: =ROUND((ET120),2) -> 0 | AE120: =ROUND((EU120),2) -> 0 | AF120: =ROUND((EV120),2) -> 5279135.1 | AG120: =ROUND((AP120),2) -> 0 | AH120: =(EW120) -> 0 | AI120: =(EX120) -> 0 | AJ120: =(AS120) -> 0 | AK120: 5279135.1 | AL120: 0 | AM120: 0 | AN120: 0 | AO120: 5279135.1 | AP120: 0 | AQ120: 0 | AR120: 0 | AS120: 0 | AT120: 0 | AU120: 0 | AV120: 1 | AW120: 1 | AZ120: 1 | BA120: 1 | BB120: 1 | BC120: 1 | BH120: 0 | BI120: 1 | BM120: 1211 | BN120: 0 | BP120: 0 | BQ120: 8 | BR120: 0 | BS120: 1 | BT120: 1 | BU120: 1 | BV120: 1 | BW120: 1 | BX120: 1 | BZ120: 0 | CA120: 0 | CE120: 0 | CF120: 0 | CG120: 0 | CH120: 27 | CI120: 0 | CJ120: 0 | CK120: 0 | CL120: 0 | CM120: 0 | CO120: 0 | CP120: =(P120+Q120+S120) -> 0 | CQ120: =AC120*BC120 -> 0 | CR120: =((AD120*BB120-(EU120)*BS120)+AE120*BS120) -> 0 | CS120: =AE120*BS120 -> 0 | CT120: =AF120*BA120 -> 5279135.1 | CU120: =AG120 -> 0 | CV120: =AH120 -> 0 | CW120: =AI120 -> 0 | CX120: =AJ120 -> 0 | CY120: =(((S120+R120)*FX120)/100) -> 0 | CZ120: =(((S120+R120)*CA120)/100) -> 0 | DN120: 0 | DO120: 0 | DP120: 1 | DQ120: 1 | DU120: 1013 | DV120: КОМПЛ | DW120: КОМПЛ | DX120: 1 | EE120: 58262974 | EF120: 8 | EG120: Материалы | EH120: 0 | EJ120: 1 | EK120: 1211 | EL120: Материал по прайсу | EM120: материалы | EQ120: 0 | ER120: 5279135.1 | ES120: 0 | ET120: 0 | EU120: 0 | EV120: 5279135.1 | EW120: 0 | EX120: 0 | EY120: 0 | FQ120: 0 | FR120: =ROUND(IF(AND(BH120=3,BI120=3),P120,0),2) -> 0 | FS120: 0 | FT120: *0,94 | FX120: 0 | FY120: 0 | GD120: 1 | GF120: -479116524 | GG120: 2 | GH120: 2 | GI120: 0 | GJ120: 0 | GK120: 0 | GL120: =ROUND(IF(AND(BH120=3,BI120=3,FS120<>0),P120,0),2) -> 0 | GM120: =ROUND(O120+X120+Y120,2)+GX120 -> 0 | GN120: =IF(OR(BI120=0,BI120=1),ROUND(O120+X120+Y120,2),0) -> 0 | GO120: =IF(BI120=2,ROUND(O120+X120+Y120,2),0) -> 0 | GP120: =IF(BI120=4,ROUND(O120+X120+Y120,2)+GX120,0) -> 0 | GR120: 0 | GS120: 4 | GT120: 0 | GV120: =ROUND((GT120),2) -> 0 | GW120: 1 | GX120: =ROUND(HC120*I120,2) -> 0 | HA120: 0 | HB120: 0 | HC120: =GV120*GW120 -> 0 | IK120: 0
A121: 17 | B121: 1 | E121: 27 | F121: 2.24 | G121: Дверные блоки | H121: КОМПЛ | I121: 0 | J121: 0 | L121: 1 | M121: 0 | N121: =ROUND(L121-M121,4) -> 1 | O121: =ROUND(CP121,2) -> 0 | P121: =ROUND(CQ121*I121,2) -> 0 | Q121: =ROUND(CR121*I121,2) -> 0 | R121: =ROUND(CS121*I121,2) -> 0 | S121: =ROUND(CT121*I121,2) -> 0 | T121: =ROUND(CU121*I121,2) -> 0 | U121: =CV121*I121 -> 0 | V121: =CW121*I121 -> 0 | W121: =ROUND(CX121*I121,2) -> 0 | X121: =ROUND(CY121,2) -> 0 | Y121: =ROUND(CZ121,2) -> 0 | AA121: 58262851 | AB121: =ROUND((AC121+AD121+AF121),2) -> 5279135.1 | AC121: =ROUND((ES121),2) -> 0 | AD121: =ROUND((ET121),2) -> 0 | AE121: =ROUND((EU121),2) -> 0 | AF121: =ROUND((EV121),2) -> 5279135.1 | AG121: =ROUND((AP121),2) -> 0 | AH121: =(EW121) -> 0 | AI121: =(EX121) -> 0 | AJ121: =(AS121) -> 0 | AK121: 5279135.1 | AL121: 0 | AM121: 0 | AN121: 0 | AO121: 5279135.1 | AP121: 0 | AQ121: 0 | AR121: 0 | AS121: 0 | AT121: 0 | AU121: 0 | AV121: 1 | AW121: 1 | AZ121: 1 | BA121: 1 | BB121: 1 | BC121: 1 | BH121: 0 | BI121: 1 | BM121: 1211 | BN121: 0 | BP121: 0 | BQ121: 8 | BR121: 0 | BS121: 1 | BT121: 1 | BU121: 1 | BV121: 1 | BW121: 1 | BX121: 1 | BZ121: 0 | CA121: 0 | CE121: 0 | CF121: 0 | CG121: 0 | CH121: 27 | CI121: 0 | CJ121: 0 | CK121: 0 | CL121: 0 | CM121: 0 | CO121: 0 | CP121: =(P121+Q121+S121) -> 0 | CQ121: =AC121*BC121 -> 0 | CR121: =((AD121*BB121-(EU121)*BS121)+AE121*BS121) -> 0 | CS121: =AE121*BS121 -> 0 | CT121: =AF121*BA121 -> 5279135.1 | CU121: =AG121 -> 0 | CV121: =AH121 -> 0 | CW121: =AI121 -> 0 | CX121: =AJ121 -> 0 | CY121: =(((S121+R121)*FX121)/100) -> 0 | CZ121: =(((S121+R121)*CA121)/100) -> 0 | DN121: 0 | DO121: 0 | DP121: 1 | DQ121: 1 | DU121: 1013 | DV121: КОМПЛ | DW121: КОМПЛ | DX121: 1 | EE121: 58262974 | EF121: 8 | EG121: Материалы | EH121: 0 | EJ121: 1 | EK121: 1211 | EL121: Материал по прайсу | EM121: материалы | EQ121: 0 | ER121: 5279135.1 | ES121: 0 | ET121: 0 | EU121: 0 | EV121: 5279135.1 | EW121: 0 | EX121: 0 | EY121: 0 | FQ121: 0 | FR121: =ROUND(IF(AND(BH121=3,BI121=3),P121,0),2) -> 0 | FS121: 0 | FT121: *0,94 | FX121: 0 | FY121: 0 | GD121: 1 | GF121: -479116524 | GG121: 2 | GH121: 2 | GI121: 0 | GJ121: 0 | GK121: 0 | GL121: =ROUND(IF(AND(BH121=3,BI121=3,FS121<>0),P121,0),2) -> 0 | GM121: =ROUND(O121+X121+Y121,2)+GX121 -> 0 | GN121: =IF(OR(BI121=0,BI121=1),ROUND(O121+X121+Y121,2),0) -> 0 | GO121: =IF(BI121=2,ROUND(O121+X121+Y121,2),0) -> 0 | GP121: =IF(BI121=4,ROUND(O121+X121+Y121,2)+GX121,0) -> 0 | GR121: 0 | GS121: 4 | GT121: 0 | GV121: =ROUND((GT121),2) -> 0 | GW121: 1 | GX121: =ROUND(HC121*I121,2) -> 0 | HA121: 0 | HB121: 0 | HC121: =GV121*GW121 -> 0 | IK121: 0
A122: 19 | B122: 1 | G122: Фасад | AA122: 1 | IK122: 0
A123: 17 | B123: 1 | E123: 28 | F123: 2.25 | G123: Архитектурные элементы | H123: КОМПЛ | I123: 0 | J123: 0 | L123: 1 | M123: 0 | N123: =ROUND(L123-M123,4) -> 1 | O123: =ROUND(CP123,2) -> 0 | P123: =ROUND(CQ123*I123,2) -> 0 | Q123: =ROUND(CR123*I123,2) -> 0 | R123: =ROUND(CS123*I123,2) -> 0 | S123: =ROUND(CT123*I123,2) -> 0 | T123: =ROUND(CU123*I123,2) -> 0 | U123: =CV123*I123 -> 0 | V123: =CW123*I123 -> 0 | W123: =ROUND(CX123*I123,2) -> 0 | X123: =ROUND(CY123,2) -> 0 | Y123: =ROUND(CZ123,2) -> 0 | AA123: 58262852 | AB123: =ROUND((AC123+AD123+AF123),2) -> 9085299.4 | AC123: =ROUND((ES123),2) -> 0 | AD123: =ROUND((ET123),2) -> 0 | AE123: =ROUND((EU123),2) -> 0 | AF123: =ROUND((EV123),2) -> 9085299.4 | AG123: =ROUND((AP123),2) -> 0 | AH123: =(EW123) -> 0 | AI123: =(EX123) -> 0 | AJ123: =(AS123) -> 0 | AK123: 9085299.4 | AL123: 0 | AM123: 0 | AN123: 0 | AO123: 9085299.4 | AP123: 0 | AQ123: 0 | AR123: 0 | AS123: 0 | AT123: 0 | AU123: 0 | AV123: 1 | AW123: 1 | AZ123: 1 | BA123: 1 | BB123: 1 | BC123: 1 | BH123: 0 | BI123: 1 | BM123: 1211 | BN123: 0 | BP123: 0 | BQ123: 8 | BR123: 0 | BS123: 1 | BT123: 1 | BU123: 1 | BV123: 1 | BW123: 1 | BX123: 1 | BZ123: 0 | CA123: 0 | CE123: 0 | CF123: 0 | CG123: 0 | CH123: 28 | CI123: 0 | CJ123: 0 | CK123: 0 | CL123: 0 | CM123: 0 | CO123: 0 | CP123: =(P123+Q123+S123) -> 0 | CQ123: =AC123*BC123 -> 0 | CR123: =((AD123*BB123-(EU123)*BS123)+AE123*BS123) -> 0 | CS123: =AE123*BS123 -> 0 | CT123: =AF123*BA123 -> 9085299.4 | CU123: =AG123 -> 0 | CV123: =AH123 -> 0 | CW123: =AI123 -> 0 | CX123: =AJ123 -> 0 | CY123: =(((S123+R123)*FX123)/100) -> 0 | CZ123: =(((S123+R123)*CA123)/100) -> 0 | DN123: 0 | DO123: 0 | DP123: 1 | DQ123: 1 | DU123: 1013 | DV123: КОМПЛ | DW123: КОМПЛ | DX123: 1 | EE123: 58262974 | EF123: 8 | EG123: Материалы | EH123: 0 | EJ123: 1 | EK123: 1211 | EL123: Материал по прайсу | EM123: материалы | EQ123: 0 | ER123: 9085299.4 | ES123: 0 | ET123: 0 | EU123: 0 | EV123: 9085299.4 | EW123: 0 | EX123: 0 | EY123: 0 | FQ123: 0 | FR123: =ROUND(IF(AND(BH123=3,BI123=3),P123,0),2) -> 0 | FS123: 0 | FT123: *0,94 | FX123: 0 | FY123: 0 | GD123: 1 | GF123: -1816084449 | GG123: 2 | GH123: 2 | GI123: 0 | GJ123: 0 | GK123: 0 | GL123: =ROUND(IF(AND(BH123=3,BI123=3,FS123<>0),P123,0),2) -> 0 | GM123: =ROUND(O123+X123+Y123,2)+GX123 -> 0 | GN123: =IF(OR(BI123=0,BI123=1),ROUND(O123+X123+Y123,2),0) -> 0 | GO123: =IF(BI123=2,ROUND(O123+X123+Y123,2),0) -> 0 | GP123: =IF(BI123=4,ROUND(O123+X123+Y123,2)+GX123,0) -> 0 | GR123: 0 | GS123: 4 | GT123: 0 | GV123: =ROUND((GT123),2) -> 0 | GW123: 1 | GX123: =ROUND(HC123*I123,2) -> 0 | HA123: 0 | HB123: 0 | HC123: =GV123*GW123 -> 0 | IK123: 0
A124: 17 | B124: 1 | E124: 28 | F124: 2.25 | G124: Архитектурные элементы | H124: КОМПЛ | I124: 0 | J124: 0 | L124: 1 | M124: 0 | N124: =ROUND(L124-M124,4) -> 1 | O124: =ROUND(CP124,2) -> 0 | P124: =ROUND(CQ124*I124,2) -> 0 | Q124: =ROUND(CR124*I124,2) -> 0 | R124: =ROUND(CS124*I124,2) -> 0 | S124: =ROUND(CT124*I124,2) -> 0 | T124: =ROUND(CU124*I124,2) -> 0 | U124: =CV124*I124 -> 0 | V124: =CW124*I124 -> 0 | W124: =ROUND(CX124*I124,2) -> 0 | X124: =ROUND(CY124,2) -> 0 | Y124: =ROUND(CZ124,2) -> 0 | AA124: 58262851 | AB124: =ROUND((AC124+AD124+AF124),2) -> 9085299.4 | AC124: =ROUND((ES124),2) -> 0 | AD124: =ROUND((ET124),2) -> 0 | AE124: =ROUND((EU124),2) -> 0 | AF124: =ROUND((EV124),2) -> 9085299.4 | AG124: =ROUND((AP124),2) -> 0 | AH124: =(EW124) -> 0 | AI124: =(EX124) -> 0 | AJ124: =(AS124) -> 0 | AK124: 9085299.4 | AL124: 0 | AM124: 0 | AN124: 0 | AO124: 9085299.4 | AP124: 0 | AQ124: 0 | AR124: 0 | AS124: 0 | AT124: 0 | AU124: 0 | AV124: 1 | AW124: 1 | AZ124: 1 | BA124: 1 | BB124: 1 | BC124: 1 | BH124: 0 | BI124: 1 | BM124: 1211 | BN124: 0 | BP124: 0 | BQ124: 8 | BR124: 0 | BS124: 1 | BT124: 1 | BU124: 1 | BV124: 1 | BW124: 1 | BX124: 1 | BZ124: 0 | CA124: 0 | CE124: 0 | CF124: 0 | CG124: 0 | CH124: 28 | CI124: 0 | CJ124: 0 | CK124: 0 | CL124: 0 | CM124: 0 | CO124: 0 | CP124: =(P124+Q124+S124) -> 0 | CQ124: =AC124*BC124 -> 0 | CR124: =((AD124*BB124-(EU124)*BS124)+AE124*BS124) -> 0 | CS124: =AE124*BS124 -> 0 | CT124: =AF124*BA124 -> 9085299.4 | CU124: =AG124 -> 0 | CV124: =AH124 -> 0 | CW124: =AI124 -> 0 | CX124: =AJ124 -> 0 | CY124: =(((S124+R124)*FX124)/100) -> 0 | CZ124: =(((S124+R124)*CA124)/100) -> 0 | DN124: 0 | DO124: 0 | DP124: 1 | DQ124: 1 | DU124: 1013 | DV124: КОМПЛ | DW124: КОМПЛ | DX124: 1 | EE124: 58262974 | EF124: 8 | EG124: Материалы | EH124: 0 | EJ124: 1 | EK124: 1211 | EL124: Материал по прайсу | EM124: материалы | EQ124: 0 | ER124: 9085299.4 | ES124: 0 | ET124: 0 | EU124: 0 | EV124: 9085299.4 | EW124: 0 | EX124: 0 | EY124: 0 | FQ124: 0 | FR124: =ROUND(IF(AND(BH124=3,BI124=3),P124,0),2) -> 0 | FS124: 0 | FT124: *0,94 | FX124: 0 | FY124: 0 | GD124: 1 | GF124: -1816084449 | GG124: 2 | GH124: 2 | GI124: 0 | GJ124: 0 | GK124: 0 | GL124: =ROUND(IF(AND(BH124=3,BI124=3,FS124<>0),P124,0),2) -> 0 | GM124: =ROUND(O124+X124+Y124,2)+GX124 -> 0 | GN124: =IF(OR(BI124=0,BI124=1),ROUND(O124+X124+Y124,2),0) -> 0 | GO124: =IF(BI124=2,ROUND(O124+X124+Y124,2),0) -> 0 | GP124: =IF(BI124=4,ROUND(O124+X124+Y124,2)+GX124,0) -> 0 | GR124: 0 | GS124: 4 | GT124: 0 | GV124: =ROUND((GT124),2) -> 0 | GW124: 1 | GX124: =ROUND(HC124*I124,2) -> 0 | HA124: 0 | HB124: 0 | HC124: =GV124*GW124 -> 0 | IK124: 0
A125: 17 | B125: 1 | E125: 29 | F125: 2.26 | G125: Металлические изделия и конструкции | H125: КОМПЛ | I125: 0 | J125: 0 | L125: 1 | M125: 0 | N125: =ROUND(L125-M125,4) -> 1 | O125: =ROUND(CP125,2) -> 0 | P125: =ROUND(CQ125*I125,2) -> 0 | Q125: =ROUND(CR125*I125,2) -> 0 | R125: =ROUND(CS125*I125,2) -> 0 | S125: =ROUND(CT125*I125,2) -> 0 | T125: =ROUND(CU125*I125,2) -> 0 | U125: =CV125*I125 -> 0 | V125: =CW125*I125 -> 0 | W125: =ROUND(CX125*I125,2) -> 0 | X125: =ROUND(CY125,2) -> 0 | Y125: =ROUND(CZ125,2) -> 0 | AA125: 58262852 | AB125: =ROUND((AC125+AD125+AF125),2) -> 711966.26 | AC125: =ROUND((ES125),2) -> 0 | AD125: =ROUND((ET125),2) -> 0 | AE125: =ROUND((EU125),2) -> 0 | AF125: =ROUND((EV125),2) -> 711966.26 | AG125: =ROUND((AP125),2) -> 0 | AH125: =(EW125) -> 0 | AI125: =(EX125) -> 0 | AJ125: =(AS125) -> 0 | AK125: 711966.26 | AL125: 0 | AM125: 0 | AN125: 0 | AO125: 711966.26 | AP125: 0 | AQ125: 0 | AR125: 0 | AS125: 0 | AT125: 0 | AU125: 0 | AV125: 1 | AW125: 1 | AZ125: 1 | BA125: 1 | BB125: 1 | BC125: 1 | BH125: 0 | BI125: 1 | BM125: 1211 | BN125: 0 | BP125: 0 | BQ125: 8 | BR125: 0 | BS125: 1 | BT125: 1 | BU125: 1 | BV125: 1 | BW125: 1 | BX125: 1 | BZ125: 0 | CA125: 0 | CE125: 0 | CF125: 0 | CG125: 0 | CH125: 29 | CI125: 0 | CJ125: 0 | CK125: 0 | CL125: 0 | CM125: 0 | CO125: 0 | CP125: =(P125+Q125+S125) -> 0 | CQ125: =AC125*BC125 -> 0 | CR125: =((AD125*BB125-(EU125)*BS125)+AE125*BS125) -> 0 | CS125: =AE125*BS125 -> 0 | CT125: =AF125*BA125 -> 711966.26 | CU125: =AG125 -> 0 | CV125: =AH125 -> 0 | CW125: =AI125 -> 0 | CX125: =AJ125 -> 0 | CY125: =(((S125+R125)*FX125)/100) -> 0 | CZ125: =(((S125+R125)*CA125)/100) -> 0 | DN125: 0 | DO125: 0 | DP125: 1 | DQ125: 1 | DU125: 1013 | DV125: КОМПЛ | DW125: КОМПЛ | DX125: 1 | EE125: 58262974 | EF125: 8 | EG125: Материалы | EH125: 0 | EJ125: 1 | EK125: 1211 | EL125: Материал по прайсу | EM125: материалы | EQ125: 0 | ER125: 711966.26 | ES125: 0 | ET125: 0 | EU125: 0 | EV125: 711966.26 | EW125: 0 | EX125: 0 | EY125: 0 | FQ125: 0 | FR125: =ROUND(IF(AND(BH125=3,BI125=3),P125,0),2) -> 0 | FS125: 0 | FT125: *0,94 | FX125: 0 | FY125: 0 | GD125: 1 | GF125: 1136867964 | GG125: 2 | GH125: 2 | GI125: 0 | GJ125: 0 | GK125: 0 | GL125: =ROUND(IF(AND(BH125=3,BI125=3,FS125<>0),P125,0),2) -> 0 | GM125: =ROUND(O125+X125+Y125,2)+GX125 -> 0 | GN125: =IF(OR(BI125=0,BI125=1),ROUND(O125+X125+Y125,2),0) -> 0 | GO125: =IF(BI125=2,ROUND(O125+X125+Y125,2),0) -> 0 | GP125: =IF(BI125=4,ROUND(O125+X125+Y125,2)+GX125,0) -> 0 | GR125: 0 | GS125: 4 | GT125: 0 | GV125: =ROUND((GT125),2) -> 0 | GW125: 1 | GX125: =ROUND(HC125*I125,2) -> 0 | HA125: 0 | HB125: 0 | HC125: =GV125*GW125 -> 0 | IK125: 0
A126: 17 | B126: 1 | E126: 29 | F126: 2.26 | G126: Металлические изделия и конструкции | H126: КОМПЛ | I126: 0 | J126: 0 | L126: 1 | M126: 0 | N126: =ROUND(L126-M126,4) -> 1 | O126: =ROUND(CP126,2) -> 0 | P126: =ROUND(CQ126*I126,2) -> 0 | Q126: =ROUND(CR126*I126,2) -> 0 | R126: =ROUND(CS126*I126,2) -> 0 | S126: =ROUND(CT126*I126,2) -> 0 | T126: =ROUND(CU126*I126,2) -> 0 | U126: =CV126*I126 -> 0 | V126: =CW126*I126 -> 0 | W126: =ROUND(CX126*I126,2) -> 0 | X126: =ROUND(CY126,2) -> 0 | Y126: =ROUND(CZ126,2) -> 0 | AA126: 58262851 | AB126: =ROUND((AC126+AD126+AF126),2) -> 711966.26 | AC126: =ROUND((ES126),2) -> 0 | AD126: =ROUND((ET126),2) -> 0 | AE126: =ROUND((EU126),2) -> 0 | AF126: =ROUND((EV126),2) -> 711966.26 | AG126: =ROUND((AP126),2) -> 0 | AH126: =(EW126) -> 0 | AI126: =(EX126) -> 0 | AJ126: =(AS126) -> 0 | AK126: 711966.26 | AL126: 0 | AM126: 0 | AN126: 0 | AO126: 711966.26 | AP126: 0 | AQ126: 0 | AR126: 0 | AS126: 0 | AT126: 0 | AU126: 0 | AV126: 1 | AW126: 1 | AZ126: 1 | BA126: 1 | BB126: 1 | BC126: 1 | BH126: 0 | BI126: 1 | BM126: 1211 | BN126: 0 | BP126: 0 | BQ126: 8 | BR126: 0 | BS126: 1 | BT126: 1 | BU126: 1 | BV126: 1 | BW126: 1 | BX126: 1 | BZ126: 0 | CA126: 0 | CE126: 0 | CF126: 0 | CG126: 0 | CH126: 29 | CI126: 0 | CJ126: 0 | CK126: 0 | CL126: 0 | CM126: 0 | CO126: 0 | CP126: =(P126+Q126+S126) -> 0 | CQ126: =AC126*BC126 -> 0 | CR126: =((AD126*BB126-(EU126)*BS126)+AE126*BS126) -> 0 | CS126: =AE126*BS126 -> 0 | CT126: =AF126*BA126 -> 711966.26 | CU126: =AG126 -> 0 | CV126: =AH126 -> 0 | CW126: =AI126 -> 0 | CX126: =AJ126 -> 0 | CY126: =(((S126+R126)*FX126)/100) -> 0 | CZ126: =(((S126+R126)*CA126)/100) -> 0 | DN126: 0 | DO126: 0 | DP126: 1 | DQ126: 1 | DU126: 1013 | DV126: КОМПЛ | DW126: КОМПЛ | DX126: 1 | EE126: 58262974 | EF126: 8 | EG126: Материалы | EH126: 0 | EJ126: 1 | EK126: 1211 | EL126: Материал по прайсу | EM126: материалы | EQ126: 0 | ER126: 711966.26 | ES126: 0 | ET126: 0 | EU126: 0 | EV126: 711966.26 | EW126: 0 | EX126: 0 | EY126: 0 | FQ126: 0 | FR126: =ROUND(IF(AND(BH126=3,BI126=3),P126,0),2) -> 0 | FS126: 0 | FT126: *0,94 | FX126: 0 | FY126: 0 | GD126: 1 | GF126: 1136867964 | GG126: 2 | GH126: 2 | GI126: 0 | GJ126: 0 | GK126: 0 | GL126: =ROUND(IF(AND(BH126=3,BI126=3,FS126<>0),P126,0),2) -> 0 | GM126: =ROUND(O126+X126+Y126,2)+GX126 -> 0 | GN126: =IF(OR(BI126=0,BI126=1),ROUND(O126+X126+Y126,2),0) -> 0 | GO126: =IF(BI126=2,ROUND(O126+X126+Y126,2),0) -> 0 | GP126: =IF(BI126=4,ROUND(O126+X126+Y126,2)+GX126,0) -> 0 | GR126: 0 | GS126: 4 | GT126: 0 | GV126: =ROUND((GT126),2) -> 0 | GW126: 1 | GX126: =ROUND(HC126*I126,2) -> 0 | HA126: 0 | HB126: 0 | HC126: =GV126*GW126 -> 0 | IK126: 0
A127: 19 | B127: 1 | AA127: 1 | IK127: 0
...

Sheet SourceObSm
A1: 0 | B1: Smeta.RU (495) 974-1589 | D1: _OBSM_ | F1: 0 | G1: 0 | H1: 0 | I1: Smeta.RU | K1: 0 | L1: 23404 | M1: 10 | N1: 11 | O1: 0 | P1: 1 | Q1: 6
A12: 1 | B12: 24 | C12: 0 | E12: 0 | F12: Новый объект | G12: "КЛЮКВЕННЫЙ" ДОГОВОР 4-КС-2019-КЛ от 18.03.2019 | I12: 0 | K12: 0 | O12: 0 | P12: 0 | Q12: 0 | R12: 0 | S12: 0 | V12: 0 | AB12: Вороненко А. В. | AC12: Начальник СДО | AH12: Г.В. Агекян | AI12: Генеральный директор | AJ12: ООО "СЗ "Аркада" ИНН 5050115542 Юр. адрес: 141190, МО, г. Фрязино, ул. Вокзальная д.6а, офис 143 Тел/факс: 8(495) 995 59 06 | AL12: Г. Ж. Мурадян | AM12: Зам. генерального директора | AN12: ООО "Строительная компания", 141190, Московская область, г. Фрязино, ул. Вокзальная, д.6а, оф. 77 | AX12: ООО "СЗ "Аркада" ИНН 5050115542 Юр. адрес: 141190, МО, г. Фрязино, ул. Вокзальная д.6а, офис 143 Тел/факс: 8(495) 995 59 06 | AY12: ООО "Строительная компания", ИНН 5050117620. 141190, Московская область, г. Фрязино, ул. Вокзальная, д.6а, оф. 77 | BH12: Сметные нормы списания | BI12: Коды ценников | BJ12: 0 | BK12: 1 | BL12: 0 | BM12: 0 | BN12: 0 | BO12: 0 | BP12: 2 | BQ12: 2 | BR12: 0 | BS12: 0 | BT12: 0 | BU12: 0 | BV12: 0 | BW12: 0 | BX12: 0 | BZ12: Версия 5. Типовой расчёт (0,94) для норм 2001 года промышл без параметров | CF12: 0 | CG12: 0 | CH12: 8 | CK12: 0 | EC12: 0
A14: 22 | B14: 0 | C14: 0 | D14: 58262852 | E14: 58262851 | F14: 3
A16: 3 | B16: 1 | C16: Новая локальная смета | D16: локальная смета | E16: =(Source!F280)/1000 -> 5083.5687 | F16: =(Source!F281)/1000 -> 0 | G16: =(Source!F272)/1000 -> 0 | H16: =(Source!F282)/1000+(Source!F283)/1000 -> 0 | I16: =E16+F16+G16+H16 -> 5083.5687 | J16: =(Source!F278)/1000 -> 5083.5687 | T16: =(Source!P280)/1000 -> 5228.5252 | U16: =(Source!P281)/1000 -> 0 | V16: =(Source!P272)/1000 -> 0 | W16: =(Source!P282)/1000+(Source!P283)/1000 -> 0 | X16: =T16+U16+V16+W16 -> 5228.5252 | Y16: =(Source!P278)/1000 -> 5228.5252 | AI16: 0 | AJ16: -1 | AN16: 0 | AT16: 5083568.7 | AU16: 0 | AV16: 0 | AW16: 0 | AX16: 0 | AY16: 0 | AZ16: 0 | BA16: 5083568.7 | BB16: 5083568.7 | BC16: 0 | BD16: 0 | BE16: 0 | BF16: 0 | BG16: 0 | BH16: 0 | BI16: 0 | BJ16: 0 | BK16: 5083568.7 | BR16: 5228525.2 | BS16: 0 | BT16: 0 | BU16: 0 | BV16: 0 | BW16: 0 | BX16: 0 | BY16: 5228525.2 | BZ16: 5228525.2 | CA16: 0 | CB16: 0 | CC16: 0 | CD16: 0 | CE16: 0 | CF16: 0 | CG16: 0 | CH16: 0 | CI16: 5228525.2
A18: 51 | E18: =SUMIF(A16:A17,3,E16:E17) -> 5083.5687 | F18: =SUMIF(A16:A17,3,F16:F17) -> 0 | G18: =SUMIF(A16:A17,3,G16:G17) -> 0 | H18: =SUMIF(A16:A17,3,H16:H17) -> 0 | I18: =SUMIF(A16:A17,3,I16:I17) -> 5083.5687 | J18: =SUMIF(A16:A17,3,J16:J17) -> 5083.5687 | T18: =SUMIF(A16:A17,3,T16:T17) -> 5228.5252 | U18: =SUMIF(A16:A17,3,U16:U17) -> 0 | V18: =SUMIF(A16:A17,3,V16:V17) -> 0 | W18: =SUMIF(A16:A17,3,W16:W17) -> 0 | X18: =SUMIF(A16:A17,3,X16:X17) -> 5228.5252 | Y18: =SUMIF(A16:A17,3,Y16:Y17) -> 5228.5252
A21: -1
A24: 75 | B24: Уровень цен | C24: 2000 | D24: 0 | E24: 1 | F24: 0 | G24: 0 | H24: 1 | I24: 0 | J24: 1 | K24: 0 | L24: 0 | M24: 0 | N24: 58262852 | O24: 1
A25: 75 | B25: Уровень цен | C25: 2000 | D25: 0 | E25: 1 | F25: 0 | G25: 0 | H25: 1 | I25: 0 | J25: 1 | K25: 0 | L25: 0 | M25: 1 | N25: 58262851 | O25: 2

Sheet SmtRes

Sheet EtalonRes
